Workbook

Sheet Summary
A2: Annex
A4: 1. | B4: Central Government Primary Balance
A5: 1.1. | B5: Central Government Fiscal Balance - Monthly
A6: 1.2. | B6: Central Government Primary Revenue - Brazil - Monthly
A7: 1.3. | B7: Dividends - Brazil - Monthly
A8: 1.4. | B8: Central Government Primary Expenditure - Brazil - Monthly
A9: 1.5. | B9: Federal Government Investment by Government Agency - Brazil - Monthly
A10: 1.6. | B10: Central Government Transfers and Primary Expenditures, according to the "value paid" method - Brazil - Monthly
A11: 1.7. | B11: Central Government Transfers and Primary Expenses, by Branch, according to the "value paid" method - Brazil - Monthly
A13: 2. | B13: National Treasury and Central Bank Relationship
A14: 2.1. | B14: National Treasury and Central Bank Relationship - Brazil - Monthly
A15: 2.2. | B15: National Treasury and Central Bank Relationship - Brazil - Annual
A17: 3. | B17: National Treasury's Net Debt
... A26: 4.6. | B26: Central Government Transfers and Primary Expenses, by Branch, according to the "value paid" method - Brazil - Annual

Sheet 1.1
A2: Table 1.1. Central Government Fiscal Balance - Brazil - Monthly
A3: R$ Million - Constant Prices
B5: 35431 | C5: 35462 | D5: 35490 | E5: 35521 | F5: 35551 | G5: 35582 | H5: 35612 | I5: 35643 | J5: 35674 | K5: 35704 | L5: 35735 | M5: 35765 | N5: 35796 | O5: 35827 | P5: 35855 | Q5: 35886 | R5: 35916 | S5: 35947 | T5: 35977 | U5: 36008 | V5: 36039 | W5: 36069 | X5: 36100 | Y5: 36130 | Z5: 36161 | AA5: 36192 | AB5: 36220 | AC5: 36251 | AD5: 36281 | AE5: 36312 | AF5: 36342 | AG5: 36373 | AH5: 36404 | AI5: 36434 | AJ5: 36465 | AK5: 36495 | AL5: 36526 | AM5: 36557 | AN5: 36586 | AO5: 36617 | AP5: 36647 | AQ5: 36678 | AR5: 36708 | AS5: 36739 | AT5: 36770 | AU5: 36800 | AV5: 36831 | AW5: 36861 | AX5: 36892 | AY5: 36923 | AZ5: 36951 | BA5: 36982 | BB5: 37012 | BC5: 37043 | BD5: 37073 | BE5: 37104 | BF5: 37135 | BG5: 37165 | BH5: 37196 | BI5: 37226 | BJ5: 37257 | BK5: 37288 | BL5: 37316 | BM5: 37347 | BN5: 37377 | BO5: 37408 | BP5: 37438 | BQ5: 37469 | BR5: 37500 | BS5: 37530 | BT5: 37561 | BU5: 37591 | BV5: 37622 | BW5: 37653 | BX5: 37681 | BY5: 37712 | BZ5: 37742 | CA5: 37773 | CB5: 37803 | CC5: 37834 | CD5: 37865 | CE5: 37895 | CF5: 37926 | CG5: 37956 | CH5: 37987 | CI5: 38018 | CJ5: 38047 | CK5: 38078 | CL5: 38108 | CM5: 38139 | CN5: 38169 | CO5: 38200 | CP5: 38231 | CQ5: 38261 | CR5: 38292 | CS5: 38322 | CT5: 38353 | CU5: 38384 | CV5: 38412 | CW5: 38443 | CX5: 38473 | CY5: 38504 | CZ5: 38534 | DA5: 38565 | DB5: 38596 | DC5: 38626 | DD5: 38657 | DE5: 38687 | DF5: 38718 | DG5: 38749 | DH5: 38777 | DI5: 38808 | DJ5: 38838 | DK5: 38869 | DL5: 38899 | DM5: 38930 | DN5: 38961 | DO5: 38991 | DP5: 39022 | DQ5: 39052 | DR5: 39083 | DS5: 39114 | DT5: 39142 | DU5: 39173 | DV5: 39203 | DW5: 39234 | DX5: 39264 | DY5: 39295 | DZ5: 39326 | EA5: 39356 | EB5: 39387 | EC5: 39417 | ED5: 39448 | EE5: 39479 | EF5: 39508 | EG5: 39539 | EH5: 39569 | EI5: 39600 | EJ5: 39630 | EK5: 39661 | EL5: 39692 | EM5: 39722 | EN5: 39753 | EO5: 39783 | EP5: 39814 | EQ5: 39845 | ER5: 39873 | ES5: 39904 | ET5: 39934 | EU5: 39965 | EV5: 39995 | EW5: 40026 | EX5: 40057 | EY5: 40087 | EZ5: 40118 | FA5: 40148 | FB5: 40179 | FC5: 40210 | FD5: 40238 | FE5: 40269 | FF5: 40299 | FG5: 40330 | FH5: 40360 | FI5: 40391 | FJ5: 40422 | FK5: 40452 | FL5: 40483 | FM5: 40513 | FN5: 40544 | FO5: 40575 | FP5: 40603 | FQ5: 40634 | FR5: 40664 | FS5: 40695 | FT5: 40725 | FU5: 40756 | FV5: 40787 | FW5: 40817 | FX5: 40848 | FY5: 40878 | FZ5: 40909 | GA5: 40940 | GB5: 40969 | GC5: 41000 | GD5: 41030 | GE5: 41061 | GF5: 41091 | GG5: 41122 | GH5: 41153 | GI5: 41183 | GJ5: 41214 | GK5: 41244 | GL5: 41275 | GM5: 41306 | GN5: 41334 | GO5: 41365 | GP5: 41395 | GQ5: 41426 | GR5: 41456 | GS5: 41487 | GT5: 41518 | GU5: 41548 | GV5: 41579 | GW5: 41609 | GX5: 41640 | GY5: 41671 | GZ5: 41699 | HA5: 41730 | HB5: 41760 | HC5: 41791 | HD5: 41821 | HE5: 41852 | HF5: 41883 | HG5: 41913 | HH5: 41944 | HI5: 41974 | HJ5: 42005 | HK5: 42036 | HL5: 42064 | HM5: 42095 | HN5: 42125 | HO5: 42156 | HP5: 42186 | HQ5: 42217 | HR5: 42248 | HS5: 42278 | HT5: 42309 | HU5: 42339 | HV5: 42370 | HW5: 42401 | HX5: 42430 | HY5: 42461 | HZ5: 42491 | IA5: 42522 | IB5: 42552 | IC5: 42583 | ID5: 42614 | IE5: 42644 | IF5: 42675 | IG5: 42705 | IH5: 42736 | II5: 42767 | IJ5: 42795 | IK5: 42826 | IL5: 42856 | IM5: 42887 | IN5: 42917 | IO5: 42948 | IP5: 42979 | IQ5: 43009 | IR5: 43040 | IS5: 43070 | IT5: 43101 | IU5: 43132 | IV5: 43160 | IW5: 43191 | IX5: 43221 | IY5: 43252 | IZ5: 43282 | JA5: 43313 | JB5: 43344 | JC5: 43374 | JD5: 43405 | JE5: 43435 | JF5: 43466
A6: I. TOTAL REVENUE | B6: 12290.484 | C6: 11596.254 | D6: 13069.057 | E6: 13388.172 | F6: 12508.213 | G6: 11824.057 | H6: 13248.001 | I6: 13393.354 | J6: 12771.906 | K6: 13497.085 | L6: 12991.687 | M6: 18434.105 | N6: 15390.441 | O6: 13199.191 | P6: 17814.424 | Q6: 15669.7 | R6: 13517.952 | S6: 12474.794 | T6: 13744.353 | U6: 20363.909 | V6: 13435.943 | W6: 13112.173 | X6: 14546.424 | Y6: 20246.9 | Z6: 14994.903 | AA6: 16084.53 | AB6: 19747.916 | AC6: 16224.478 | AD6: 14513.201 | AE6: 17662.848 | AF6: 17926.318 | AG6: 17648.376 | AH6: 18096.124 | AI6: 16474.549 | AJ6: 17142.227 | AK6: 22868.06 | AL6: 18304.835 | AM6: 17018.082 | AN6: 20072.894 | AO6: 18995.277 | AP6: 19185.126 | AQ6: 18199.04 | AR6: 18559.048 | AS6: 20688.92 | AT6: 18747.605 | AU6: 19885.95 | AV6: 20029.44 | AW6: 25365.708 | AX6: 22546.738 | AY6: 18331.664 | AZ6: 21516.402 | BA6: 24456.011 | BB6: 23303.697 | BC6: 20797.11 | BD6: 21867.607 | BE6: 22460.779 | BF6: 21085.187 | BG6: 23373.299 | BH6: 22064.582 | BI6: 28638.105 | BJ6: 29078.863 | BK6: 23843.325 | BL6: 23280.391 | BM6: 26673.469 | BN6: 24789.003 | BO6: 22182.33 | BP6: 27003.655 | BQ6: 23982.41 | BR6: 28905.434 | BS6: 29822.452 | BT6: 26797.561 | BU6: 33697.561 | BV6: 32258.519 | BW6: 27572.609 | BX6: 26120.967 | BY6: 31994.296 | BZ6: 29444.974 | CA6: 24988.332 | CB6: 29460.65 | CC6: 28122.313 | CD6: 28050.116 | CE6: 31624.766 | CF6: 29664.785 | CG6: 36829.208 | CH6: 34632.5 | CI6: 31399.798 | CJ6: 32900.907 | CK6: 34848.379 | CL6: 32861.316 | CM6: 33267.73 | CN6: 34778.624 | CO6: 33470.974 | CP6: 34334.325 | CQ6: 35722.52 | CR6: 33368.289 | CS6: 47407.928 | CT6: 41412.105 | CU6: 35160.139 | CV6: 38227.214 | CW6: 42748.11 | CX6: 36882.83 | CY6: 40391.302 | CZ6: 40143.886 | DA6: 39225.79 | DB6: 36668.92 | DC6: 41383.682 | DD6: 39794.638 | DE6: 55783.464 | DF6: 45585.442 | DG6: 38550.593 | DH6: 41432.674 | DI6: 48874.16 | DJ6: 42131.859 | DK6: 44353.491 | DL6: 44796.296 | DM6: 45376.109 | DN6: 44712.147 | DO6: 46777.864 | DP6: 42681.753 | DQ6: 57537.618 | DR6: 52093.745 | DS6: 43127.756 | DT6: 47648.263 | DU6: 54958.305 | DV6: 48187.953 | DW6: 49421.99 | DX6: 50863.169 | DY6: 48634.867 | DZ6: 49283.747 | EA6: 54653.427 | EB6: 52487.532 | EC6: 66991.355 | ED6: 64545.568 | EE6: 50047.844 | EF6: 55599.705 | EG6: 63467.324 | EH6: 54766.788 | EI6: 56135.189 | EJ6: 62779.103 | EK6: 58383.007 | EL6: 59933.158 | EM6: 65600.868 | EN6: 55170.446 | EO6: 69186.897 | EP6: 62791.355 | EQ6: 48239.107 | ER6: 55817.283 | ES6: 62786.123 | ET6: 56247.831 | EU6: 54943.453 | EV6: 60234.258 | EW6: 60716.919 | EX6: 53401.356 | EY6: 69305.853 | EZ6: 74135.969 | FA6: 79505.439 | FB6: 73822.771 | FC6: 56999.169 | FD6: 62456.098 | FE6: 78472.781 | FF6: 65405.097 | FG6: 61370.249 | FH6: 68463.714 | FI6: 69713.76 | FJ6: 139092.65 | FK6: 73969.603 | FL6: 70985.556 | FM6: 97779.919 | FN6: 90785.19 | FO6: 66784.324 | FP6: 73339.439 | FQ6: 89169.095 | FR6: 75397.315 | FS6: 83500.125 | FT6: 89954 | FU6: 74778.152 | FV6: 78294.849 | FW6: 86529.709 | FX6: 79551.09 | FY6: 100186.79 | FZ6: 102285.44 | GA6: 77571.624 | GB6: 82909.854 | GC6: 96629.196 | GD6: 81415.149 | GE6: 79856.632 | GF6: 88113.713 | GG6: 81574.329 | GH6: 81245.74 | GI6: 90875.404 | GJ6: 82889.758 | GK6: 114522.58 | GL6: 117231.15 | GM6: 75977.85 | GN6: 79833.712 | GO6: 104232.9 | GP6: 92325.533 | GQ6: 90290.35 | GR6: 97276.981 | GS6: 89012.851 | GT6: 86769.244 | GU6: 100162.16 | GV6: 126264.51 | GW6: 119606 | GX6: 124779.07 | GY6: 86868.539 | GZ6: 93683.935 | HA6: 111991.81 | HB6: 90108.715 | HC6: 92902.944 | HD6: 101007.01 | HE6: 99751.784 | HF6: 91517.476 | HG6: 105862.72 | HH6: 102342.49 | HI6: 120657.64 | HJ6: 125392.55 | HK6: 91616.477 | HL6: 97291.898 | HM6: 117360.15 | HN6: 97056.762 | HO6: 97932.589 | HP6: 105300.7 | HQ6: 95442.489 | HR6: 95523.556 | HS6: 102986.88 | HT6: 92022.587 | HU6: 129862.7 | HV6: 141198.86 | HW6: 89605.957 | HX6: 98189.558 | HY6: 119424.24 | HZ6: 96498.939 | IA6: 100328.42 | IB6: 107885.29 | IC6: 91314.542 | ID6: 93654.621 | IE6: 147880.3 | IF6: 100316.87 | IG6: 128655.27 | IH6: 137374.76 | II6: 93960.838 | IJ6: 102839.34 | IK6: 126024.62 | IL6: 99325.81 | IM6: 104759.3 | IN6: 108508.36 | IO6: 109667.91 | IP6: 103934.36 | IQ6: 120262.86 | IR6: 124797.17 | IS6: 151626.31 | IT6: 156155.86 | IU6: 106063.8 | IV6: 107353.14 | IW6: 139236.34 | IX6: 112763.09 | IY6: 108892.44 | IZ6: 126374.92 | JA6: 114954.47 | JB6: 111617.07 | JC6: 132018.21 | JD6: 124243.03 | JE6: 144565.76 | JF6: 160970.33
A7: I.1 - Revenues Collected by the Federal Revenue Office | B7: 7771.6863 | C7: 7412.7678 | D7: 8772.0905 | E7: 9102.3866 | F7: 8007.4372 | G7: 7705.8809 | H7: 8486.7799 | I7: 7696.9248 | J7: 8172.1177 | K7: 8948.6853 | L7: 8542.9045 | M7: 11091.33 | N7: 10906.728 | O7: 9024.2133 | P7: 10507.18 | Q7: 9697.2334 | R7: 8287.8722 | S7: 7781.8275 | T7: 9314.9829 | U7: 9491.7671 | V7: 9043.5348 | W7: 8605.6748 | X7: 8271.4698 | Y7: 10819.928 | Z7: 9686.2348 | AA7: 11581.96 | AB7: 11670.066 | AC7: 10843.194 | AD7: 9262.8038 | AE7: 9868.6089 | AF7: 12249.197 | AG7: 9509.3871 | AH7: 12560.933 | AI7: 11415.368 | AJ7: 11963.382 | AK7: 13704.108 | AL7: 12893.568 | AM7: 11871.598 | AN7: 14312.878 | AO7: 12697.542 | AP7: 12235.119 | AQ7: 11978.423 | AR7: 12138.307 | AS7: 11867.723 | AT7: 12766.476 | AU7: 13655.787 | AV7: 14115.759 | AW7: 15654.543 | AX7: 16203.272 | AY7: 12283.355 | AZ7: 14080.357 | BA7: 15601.024 | BB7: 15115.359 | BC7: 13997.948 | BD7: 14883.506 | BE7: 14610.351 | BF7: 14451.715 | BG7: 16318.638 | BH7: 14833.531 | BI7: 16839.117 | BJ7: 21250.406 | BK7: 16353.331 | BL7: 16290.028 | BM7: 18131.549 | BN7: 16997.049 | BO7: 15272.611 | BP7: 18439.437 | BQ7: 16274.954 | BR7: 20958.21 | BS7: 20751.866 | BT7: 18960.996 | BU7: 20220.356 | BV7: 22907.977 | BW7: 19049.989 | BX7: 18623.026 | BY7: 21929.696 | BZ7: 20838.1 | CA7: 17025.452 | CB7: 20122.689 | CC7: 18134.039 | CD7: 19160.063 | CE7: 21544.91 | CF7: 21025.265 | CG7: 22508.152 | CH7: 25357.925 | CI7: 21364.384 | CJ7: 22639.512 | CK7: 24358.041 | CL7: 22585.301 | CM7: 22843.858 | CN7: 23605.702 | CO7: 22993.409 | CP7: 24504.519 | CQ7: 24012.858 | CR7: 22481.257 | CS7: 30060.902 | CT7: 29018.539 | CU7: 23898.406 | CV7: 26391.28 | CW7: 29007.925 | CX7: 25410.389 | CY7: 29095.889 | CZ7: 26771.007 | DA7: 27094.102 | DB7: 25187.273 | DC7: 27853.585 | DD7: 27912.276 | DE7: 35428.961 | DF7: 30836.371 | DG7: 26241.917 | DH7: 27943.142 | DI7: 31545.485 | DJ7: 27090.931 | DK7: 31483.075 | DL7: 29074.428 | DM7: 28767.558 | DN7: 30355.148 | DO7: 30982.924 | DP7: 28648.321 | DQ7: 36219.87 | DR7: 35299.189 | DS7: 29696.521 | DT7: 32463.908 | DU7: 36179.457 | DV7: 32325.661 | DW7: 34976.307 | DX7: 34136.018 | DY7: 32796.163 | DZ7: 33616.75 | EA7: 37234.861 | EB7: 36488.647 | EC7: 42295.958 | ED7: 45373.439 | EE7: 33736.658 | EF7: 36314.426 | EG7: 41915.981 | EH7: 35045.898 | EI7: 38269.499 | EJ7: 41154.888 | EK7: 36159.4 | EL7: 38043.075 | EM7: 43789.245 | EN7: 36321.03 | EO7: 40213.505 | EP7: 43707.409 | EQ7: 29546.962 | ER7: 36444.656 | ES7: 39700.211 | ET7: 32614.583 | EU7: 35330.325 | EV7: 37519.003 | EW7: 34273.427 | EX7: 33545.247 | EY7: 47220.879 | EZ7: 45687.038 | FA7: 40549.591 | FB7: 51039.169 | FC7: 34895.204 | FD7: 40195.167 | FE7: 48385.159 | FF7: 40814.579 | FG7: 39798.154 | FH7: 43132.03 | FI7: 40284.663 | FJ7: 42098.048 | FK7: 48974.568 | FL7: 44409.883 | FM7: 57179.368 | FN7: 64268.63 | FO7: 41481.896 | FP7: 47936.001 | FQ7: 57040.586 | FR7: 46984.577 | FS7: 55375.488 | FT7: 58882.914 | FU7: 47350.341 | FV7: 47661.108 | FW7: 56813.248 | FX7: 49723.674 | FY7: 55376.469 | FZ7: 70756.048 | GA7: 47235.198 | GB7: 53773.52 | GC7: 60615.535 | GD7: 49266.298 | GE7: 50780.748 | GF7: 52475.285 | GG7: 46155.49 | GH7: 48287.279 | GI7: 56794.74 | GJ7: 52195.154 | GK7: 59199.761 | GL7: 82031.039 | GM7: 46878.597 | GN7: 48986.819 | GO7: 64526.193 | GP7: 56932.11 | GQ7: 52520.075 | GR7: 58238.138 | GS7: 51067.536 | GT7: 51733.303 | GU7: 63086.562 | GV7: 76213.129 | GW7: 67979.866 | GX7: 85770.328 | GY7: 50833.059 | GZ7: 55221.588 | HA7: 69101.399 | HB7: 54984.688 | HC7: 56481.43 | HD7: 60303.1 | HE7: 58376.287 | HF7: 54349.141 | HG7: 65763.912 | HH7: 65071.222 | HI7: 62921.853 | HJ7: 86134.025 | HK7: 57037.75 | HL7: 60722.169 | HM7: 73039.403 | HN7: 56679.167 | HO7: 60689.855 | HP7: 64635.389 | HQ7: 57580.316 | HR7: 59476.23 | HS7: 66182.63 | HT7: 57377.698 | HU7: 65582.549 | HV7: 90815.411 | HW7: 53768.33 | HX7: 61374.199 | HY7: 75906.303 | HZ7: 58819.319 | IA7: 58375.156 | IB7: 67156.612 | IC7: 53930.337 | ID7: 57535.146 | IE7: 110249.79 | IF7: 61267.311 | IG7: 70553.94 | IH7: 96735.665 | II7: 56986.605 | IJ7: 62449.209 | IK7: 77406.307 | IL7: 60515.875 | IM7: 63952.568 | IN7: 66039.949 | IO7: 62755.383 | IP7: 65027.423 | IQ7: 75509.432 | IR7: 71145.284 | IS7: 77039.835 | IT7: 109849.01 | IU7: 67269.783 | IV7: 67867.793 | IW7: 85259.162 | IX7: 67065.161 | IY7: 67058.861 | IZ7: 76342.008 | JA7: 65785.326 | JB7: 67411.44 | JC7: 79177.243 | JD7: 74142.625 | JE7: 77824.012 | JF7: 109200.74
A8: I.1.1 Import Tax | B8: 308.33311 | C8: 373.71706 | D8: 392.20992 | E8: 425.32219 | F8: 382.67832 | G8: 423.25847 | H8: 451.1364 | I8: 445.56038 | J8: 456.30074 | K8: 488.58216 | L8: 491.1326 | M8: 497.02493 | N8: 510.74404 | O8: 412.0967 | P8: 556.83886 | Q8: 543.17575 | R8: 527.1613 | S8: 547.44252 | T8: 602.00114 | U8: 532.44559 | V8: 620.24541 | W8: 581.04622 | X8: 552.07907 | Y8: 545.67627 | Z8: 459.69656 | AA8: 524.97507 | AB8: 684.20228 | AC8: 596.1893 | AD8: 588.30449 | AE8: 687.77204 | AF8: 648.83242 | AG8: 745.04714 | AH8: 689.66095 | AI8: 750.45919 | AJ8: 785.93787 | AK8: 699.97149 | AL8: 564.01964 | AM8: 572.38053 | AN8: 621.06952 | AO8: 571.48816 | AP8: 704.64091 | AQ8: 694.71792 | AR8: 691.91805 | AS8: 813.65247 | AT8: 777.17495 | AU8: 830.5139 | AV8: 870.97199 | AW8: 785.42817 | AX8: 720.28601 | AY8: 593.4848 | AZ8: 850.10195 | BA8: 757.56662 | BB8: 868.84656 | BC8: 795.64561 | BD8: 835.81517 | BE8: 886.00159 | BF8: 717.56231 | BG8: 823.27165 | BH8: 690.93674 | BI8: 539.50975 | BJ8: 563.57786 | BK8: 503.75606 | BL8: 545.21682 | BM8: 570.17522 | BN8: 577.46376 | BO8: 573.19011 | BP8: 777.65351 | BQ8: 754.52316 | BR8: 733.20006 | BS8: 884.33803 | BT8: 763.15797 | BU8: 710.31395 | BV8: 731.50852 | BW8: 734.81578 | BX8: 701.24851 | BY8: 674.92833 | BZ8: 620.93683 | CA8: 589.1802 | CB8: 672.08057 | CC8: 633.48025 | CD8: 741.46547 | CE8: 701.12613 | CF8: 672.26346 | CG8: 661.71561 | CH8: 620.78783 | CI8: 527.20425 | CJ8: 764.90433 | CK8: 748.09621 | CL8: 688.62952 | CM8: 828.06175 | CN8: 836.52218 | CO8: 856.72372 | CP8: 850.15277 | CQ8: 799.91472 | CR8: 889.26001 | CS8: 784.96568 | CT8: 748.44103 | CU8: 646.7925 | CV8: 796.17101 | CW8: 716.3685 | CX8: 737.28362 | CY8: 737.81349 | CZ8: 738.96101 | DA8: 833.50579 | DB8: 756.44453 | DC8: 740.94389 | DD8: 783.69215 | DE8: 783.52887 | DF8: 817.55027 | DG8: 662.41867 | DH8: 757.9011 | DI8: 686.18905 | DJ8: 835.17587 | DK8: 781.85496 | DL8: 791.69191 | DM8: 1134.4068 | DN8: 828.88347 | DO8: 853.07193 | DP8: 964.74085 | DQ8: 864.43183 | DR8: 923.15452 | DS8: 802.70137 | DT8: 1004.6615 | DU8: 896.47207 | DV8: 1004.9299 | DW8: 904.94604 | DX8: 990.3818 | DY8: 1174.9104 | DZ8: 1034.8511 | EA8: 1236.9918 | EB8: 1197.4174 | EC8: 1044.9068 | ED8: 1243.08 | EE8: 1175.0917 | EF8: 1164.6173 | EG8: 1232.4847 | EH8: 1301.282 | EI8: 1314.4885 | EJ8: 1364.7204 | EK8: 1444.8062 | EL8: 1655.7517 | EM8: 1891.655 | EN8: 1748.7689 | EO8: 1634.5279 | EP8: 1447.2379 | EQ8: 1225.0099 | ER8: 1608.2962 | ES8: 1183.1212 | ET8: 1149.1375 | EU8: 1064.9257 | EV8: 1240.1649 | EW8: 1285.282 | EX8: 1373.3632 | EY8: 1436.1651 | EZ8: 1532.6777 | FA8: 1422.5236 | FB8: 1438.8909 | FC8: 1375.0999 | FD8: 1740.8756 | FE8: 1493.3212 | FF8: 1666.9667 | FG8: 1733.9189 | FH8: 1802.295 | FI8: 1979.775 | FJ8: 1955.7759 | FK8: 1913.003 | FL8: 2077.5483 | FM8: 1915.8761 | FN8: 1871.3438 | FO8: 1887.8285 | FP8: 2119.4857 | FQ8: 1894.0187 | FR8: 2161.1029 | FS8: 2060.0457 | FT8: 2181.3038 | FU8: 2458.9999 | FV8: 2382.0731 | FW8: 2425.3533 | FX8: 2735.8468 | FY8: 2503.2552 | FZ8: 2334.6203 | GA8: 2167.7379 | GB8: 2415.3537 | GC8: 2240.6693 | GD8: 2733.3472 | GE8: 2534.4131 | GF8: 2717.9631 | GG8: 2961.0333 | GH8: 2505.376 | GI8: 3067.0575 | GJ8: 2747.8152 | GK8: 2642.167 | GL8: 2972.0117 | GM8: 2392.4996 | GN8: 2817.2796 | GO8: 2997.576 | GP8: 2806.6697 | GQ8: 2908.8519 | GR8: 3405.6237 | GS8: 3462.826 | GT8: 3198.3315 | GU8: 3622.7627 | GV8: 3065.1229 | GW8: 3489.1594 | GX8: 3423.3527 | GY8: 3078.9227 | GZ8: 3056.8057 | HA8: 2948.2502 | HB8: 2951.5909 | HC8: 2667.4638 | HD8: 2987.8744 | HE8: 2910.7958 | HF8: 3123.3148 | HG8: 3371.2538 | HH8: 3083.7906 | HI8: 2959.8618 | HJ8: 3329.7679 | HK8: 2952.2854 | HL8: 3887.2883 | HM8: 3274.9193 | HN8: 2905.3805 | HO8: 3164.4276 | HP8: 3465.4352 | HQ8: 3323.5369 | HR8: 3589.8219 | HS8: 3489.9494 | HT8: 2888.6103 | HU8: 2670.8572 | HV8: 2972.506 | HW8: 2696.2481 | HX8: 2820.8813 | HY8: 2315.185 | HZ8: 2567.7578 | IA8: 2495.3312 | IB8: 2372.2961 | IC8: 2792.8148 | ID8: 2586.151 | IE8: 2569.6496 | IF8: 2646.628 | IG8: 2555.0289 | IH8: 2595.1665 | II8: 2057.297 | IJ8: 2693.1808 | IK8: 2253.2993 | IL8: 2645.3869 | IM8: 2697.6128 | IN8: 2720.2355 | IO8: 2995.792 | IP8: 2918.8173 | IQ8: 3074.2986 | IR8: 3152.5966 | IS8: 2622.8061 | IT8: 3242.612 | IU8: 2833.6077 | IV8: 3174.9998 | IW8: 3155.8294 | IX8: 3220.4185 | IY8: 3584.8934 | IZ8: 3842.4404 | JA8: 3933.2113 | JB8: 3529.8635 | JC8: 3944.1963 | JD8: 3442.9683 | JE8: 2773.3121 | JF8: 3842.0702
A9: I.1.2 Industrialized Products Tax (IPI) | B9: 1154.2698 | C9: 1370.3499 | D9: 1333.5902 | E9: 1359.2842 | F9: 1361.4987 | G9: 1404.9834 | H9: 1307.0942 | I9: 1414.2828 | J9: 1496.7968 | K9: 1398.1782 | L9: 1506.5236 | M9: 1445.8872 | N9: 1194.9652 | O9: 1429.5954 | P9: 1289.0359 | Q9: 1384.5818 | R9: 1382.4197 | S9: 1405.8067 | T9: 1301.05 | U9: 1255.7582 | V9: 1281.3768 | W9: 1262.7125 | X9: 1329.2215 | Y9: 1307.5069 | Z9: 1217.2943 | AA9: 1289.2901 | AB9: 1275.1841 | AC9: 1248.1855 | AD9: 1223.1962 | AE9: 1242.5536 | AF9: 1246.8257 | AG9: 1309.2686 | AH9: 1310.2128 | AI9: 1527.964 | AJ9: 1551.4678 | AK9: 1643.2454 | AL9: 1102.1221 | AM9: 1381.1319 | AN9: 1202.0231 | AO9: 1531.1469 | AP9: 1365.4762 | AQ9: 1466.621 | AR9: 1429.6731 | AS9: 1491.2479 | AT9: 1603.5612 | AU9: 1660.5975 | AV9: 1633.5415 | AW9: 1833.3491 | AX9: 1446.8588 | AY9: 1470.8996 | AZ9: 1407.0148 | BA9: 1677.0304 | BB9: 1645.0764 | BC9: 1920.2519 | BD9: 1565.0152 | BE9: 1524.929 | BF9: 1507.4556 | BG9: 1569.1782 | BH9: 1546.3873 | BI9: 1659.3538 | BJ9: 1352.0731 | BK9: 1454.91 | BL9: 1451.3846 | BM9: 1611.1402 | BN9: 1508.4151 | BO9: 1504.6386 | BP9: 1549.3524 | BQ9: 1503.2246 | BR9: 1591.4961 | BS9: 1611.9286 | BT9: 1571.2425 | BU9: 1913.0596 | BV9: 1343.4083 | BW9: 1661.0591 | BX9: 1477.1019 | BY9: 1480.3747 | BZ9: 1394.0124 | CA9: 1348.0995 | CB9: 1322.4195 | CC9: 1422.0906 | CD9: 1383.4351 | CE9: 1487.7289 | CF9: 1665.1802 | CG9: 1889.8777 | CH9: 1313.7353 | CI9: 1643.2111 | CJ9: 1613.7106 | CK9: 1786.2865 | CL9: 1736.3533 | CM9: 1757.0113 | CN9: 1864.9174 | CO9: 1986.5708 | CP9: 1929.5311 | CQ9: 1640.9671 | CR9: 1975.4405 | CS9: 2046.6001 | CT9: 2032.0223 | CU9: 1574.2633 | CV9: 2004.606 | CW9: 2101.7235 | CX9: 1846.2946 | CY9: 1736.8504 | CZ9: 1837.2365 | DA9: 2072.8487 | DB9: 2124.5071 | DC9: 2207.5634 | DD9: 2347.9343 | DE9: 2565.7223 | DF9: 2139.3834 | DG9: 1986.5224 | DH9: 1876.242 | DI9: 2115.0639 | DJ9: 2001.375 | DK9: 2113.6146 | DL9: 2121.279 | DM9: 2314.3605 | DN9: 2678.1745 | DO9: 2354.592 | DP9: 2466.6306 | DQ9: 3217.8785 | DR9: 2294.2564 | DS9: 2200.5177 | DT9: 2093.901 | DU9: 2485.1527 | DV9: 2416.0929 | DW9: 2661.1776 | DX9: 2532.9848 | DY9: 2769.8037 | DZ9: 3001.8312 | EA9: 3092.899 | EB9: 3053.74 | EC9: 3273.317 | ED9: 2802.9695 | EE9: 2779.3471 | EF9: 2921.9258 | EG9: 3100.0625 | EH9: 3135.0994 | EI9: 2863.1485 | EJ9: 3341.8091 | EK9: 3239.8408 | EL9: 3417.7426 | EM9: 3557.4102 | EN9: 3174.4368 | EO9: 3027.3318 | EP9: 2371.2164 | EQ9: 1905.7517 | ER9: 2129.5708 | ES9: 2103.2933 | ET9: 1869.4302 | EU9: 2242.3254 | EV9: 2154.4876 | EW9: 2149.8675 | EX9: 2457.2337 | EY9: 2512.5665 | EZ9: 3125.4816 | FA9: 3065.1439 | FB9: 2686.6355 | FC9: 2509.6112 | FD9: 2651.8042 | FE9: 2909.8297 | FF9: 2712.4316 | FG9: 3237.0674 | FH9: 3017.8638 | FI9: 3336.095 | FJ9: 3141.9493 | FK9: 3493.337 | FL9: 3747.1035 | FM9: 4110.0873 | FN9: 3966.4365 | FO9: 2816.2911 | FP9: 3441.9778 | FQ9: 3248.3237 | FR9: 3547.838 | FS9: 2818.1003 | FT9: 3913.5844 | FU9: 3041.1711 | FV9: 4005.0461 | FW9: 4597.2727 | FX9: 4495.0958 | FY9: 1580.2689 | FZ9: 4172.8789 | GA9: 3295.4218 | GB9: 3258.7106 | GC9: 4156.7113 | GD9: 4021.3075 | GE9: 3141.6366 | GF9: 3412.2927 | GG9: 3637.1828 | GH9: 3744.3551 | GI9: 3687.2434 | GJ9: 3893.3364 | GK9: 4059.1287 | GL9: 4336.2325 | GM9: 2667.2607 | GN9: 2373.9741 | GO9: 3818.1478 | GP9: 3565.6181 | GQ9: 3803.1891 | GR9: 3884.3974 | GS9: 3576.3787 | GT9: 3890.5927 | GU9: 4217.4138 | GV9: 4053.1524 | GW9: 3891.0169 | GX9: 4732.6922 | GY9: 3423.6694 | GZ9: 3698.6313 | HA9: 3821.6929 | HB9: 4061.7969 | HC9: 4044.6347 | HD9: 3963.3274 | HE9: 3824.5368 | HF9: 4199.8473 | HG9: 4691.5574 | HH9: 4507.381 | HI9: 5176.4403 | HJ9: 5116.3922 | HK9: 3320.858 | HL9: 3716.016 | HM9: 3985.8832 | HN9: 3996.3294 | HO9: 3654.18 | HP9: 3901.3066 | HQ9: 3914.5803 | HR9: 4417.2643 | HS9: 4250.6279 | HT9: 3979.6476 | HU9: 4333.237 | HV9: 3988.8599 | HW9: 3176.1452 | HX9: 3486.0011 | HY9: 3496.6904 | HZ9: 3159.8496 | IA9: 3106.3737 | IB9: 3120.7461 | IC9: 3388.9277 | ID9: 3552.3049 | IE9: 4018.7839 | IF9: 3718.4561 | IG9: 4080.8501 | IH9: 3738.3341 | II9: 3220.7868 | IJ9: 3328.514 | IK9: 3681.7536 | IL9: 3548.9288 | IM9: 3486.0529 | IN9: 4027.4898 | IO9: 3754.5671 | IP9: 4334.2274 | IQ9: 4898.3914 | IR9: 5079.4685 | IS9: 4933.9886 | IT9: 5269.3669 | IU9: 4089.1824 | IV9: 4316.3289 | IW9: 4654.7742 | IX9: 4834.4431 | IY9: 4110.5671 | IZ9: 4531.1471 | JA9: 4473.319 | JB9: 4646.8057 | JC9: 4821.8418 | JD9: 4846.1852 | JE9: 4833.3615 | JF9: 4189.4951
A10: I.1.3 Income tax (IR) | B10: 3078.6464 | C10: 2289.4818 | D10: 3109.7138 | E10: 3362.6832 | F10: 2629.7057 | G10: 2172.5274 | H10: 2775.5194 | I10: 2159.3157 | J10: 2394.3238 | K10: 2957.9443 | L10: 2572.6664 | M10: 4517.4761 | N10: 5012.6352 | O10: 3459.7957 | P10: 4680.9593 | Q10: 3798.6548 | R10: 2777.9971 | S10: 2228.9696 | T10: 3571.6332 | U10: 3343.0776 | V10: 3407.3326 | W10: 3035.8049 | X10: 2915.1927 | Y10: 4679.4044 | Z10: 4153.5494 | AA10: 4753.7561 | AB10: 5274.5985 | AC10: 4478.765 | AD10: 3454.4778 | AE10: 3053.0222 | AF10: 3314.4475 | AG10: 2611.1622 | AH10: 4512.7691 | AI10: 3413.7555 | AJ10: 3179.4061 | AK10: 5290.8423 | AL10: 4710.9018 | AM10: 4073.5347 | AN10: 5548.0902 | AO10: 4596.3128 | AP10: 4031.2608 | AQ10: 3428.5252 | AR10: 3793.1465 | AS10: 3071.6037 | AT10: 3939.3937 | AU10: 4090.8549 | AV10: 4162.1536 | AW10: 5796.844 | AX10: 6101.6444 | AY10: 3852.1024 | AZ10: 4779.8542 | BA10: 5613.2245 | BB10: 4991.4973 | BC10: 4106.5099 | BD10: 4665.3943 | BE10: 4301.4886 | BF10: 4650.8841 | BG10: 5639.5152 | BH10: 4655.9205 | BI10: 6688.6055 | BJ10: 9685.9994 | BK10: 6019.284 | BL10: 6201.1359 | BM10: 7465.8068 | BN10: 6201.1346 | BO10: 4750.5708 | BP10: 6001.2074 | BQ10: 4258.1852 | BR10: 7771.819 | BS10: 7359.6954 | BT10: 5999.4359 | BU10: 7258.8883 | BV10: 8693.9765 | BW10: 6838.0975 | BX10: 6412.0196 | BY10: 8886.7015 | BZ10: 8135.1093 | CA10: 4843.6763 | CB10: 6909.4187 | CC10: 5674.3277 | CD10: 6169.4364 | CE10: 7352.6591 | CF10: 6693.7009 | CG10: 7015.3928 | CH10: 9767.7485 | CI10: 7384.3033 | CJ10: 7798.322 | CK10: 9113.0675 | CL10: 6585.7092 | CM10: 5875.2512 | CN10: 7046.961 | CO10: 6189.9288 | CP10: 7259.7529 | CQ10: 7276.7068 | CR10: 5913.7718 | CS10: 11901.136 | CT10: 10078.435 | CU10: 7931.2893 | CV10: 9366.9616 | CW10: 10926.457 | CX10: 8441.8414 | CY10: 11351.129 | CZ10: 8302.96 | DA10: 8571.6451 | DB10: 6854.8886 | DC10: 9000.3903 | DD10: 8938.3947 | DE10: 15521.192 | DF10: 10625.785 | DG10: 9127.3453 | DH10: 10255.939 | DI10: 12711.491 | DJ10: 9069.0003 | DK10: 12804.415 | DL10: 9884.6936 | DM10: 9084.7365 | DN10: 9227.5855 | DO10: 9977.0151 | DP10: 8398.8388 | DQ10: 14668.179 | DR10: 12649.888 | DS10: 10527.756 | DT10: 12463.483 | DU10: 14478.405 | DV10: 11062.716 | DW10: 13393.175 | DX10: 11661.421 | DY10: 9983.3806 | DZ10: 9765.6895 | EA10: 12673.759 | EB10: 11977.294 | EC10: 17376.782 | ED10: 19848.104 | EE10: 12494.945 | EF10: 15147.55 | EG10: 17788.675 | EH10: 12969.939 | EI10: 13943.967 | EJ10: 16126.301 | EK10: 12234.769 | EL10: 12991.074 | EM10: 16069.54 | EN10: 12238.592 | EO10: 17395.968 | EP10: 20837.404 | EQ10: 11421.399 | ER10: 15663.507 | ES10: 17572.919 | ET10: 12035.579 | EU10: 14741.413 | EV10: 14430.345 | EW10: 11227.582 | EX10: 12020.562 | EY10: 18909.327 | EZ10: 14654.612 | FA10: 15281.136 | FB10: 21701.534 | FC10: 11423.273 | FD10: 15064.432 | FE10: 20952.553 | FF10: 14355.125 | FG10: 13296.107 | FH10: 15217.251 | FI10: 13741.403 | FJ10: 13585.17 | FK10: 16948.816 | FL10: 15243.104 | FM10: 23143.636 | FN10: 29479.791 | FO10: 14057.499 | FP10: 17940.027 | FQ10: 25671.43 | FR10: 17222.678 | FS10: 18862.312 | FT10: 20886.032 | FU10: 13911.959 | FV10: 14730.824 | FW10: 22452.866 | FX10: 16725.913 | FY10: 23858.481 | FZ10: 32336.584 | GA10: 16538.955 | GB10: 21050.496 | GC10: 27458.409 | GD10: 17132.409 | GE10: 19049.84 | GF10: 19115.601 | GG10: 13921.794 | GH10: 15352.51 | GI10: 21104.778 | GJ10: 19573.241 | GK10: 24018.706 | GL10: 37743.95 | GM10: 17402.696 | GN10: 19009.798 | GO10: 28287.473 | GP10: 21067.255 | GQ10: 18838.626 | GR10: 21327.336 | GS10: 16408.09 | GT10: 17002.908 | GU10: 24066.848 | GV10: 20400.709 | GW10: 31036.615 | GX10: 39672.028 | GY10: 18067.702 | GZ10: 21157.581 | HA10: 31418.348 | HB10: 20575.444 | HC10: 21344.227 | HD10: 22651.306 | HE10: 19893.244 | HF10: 17197.563 | HG10: 23859.97 | HH10: 21170.436 | HI10: 28676.485 | HJ10: 38949.225 | HK10: 20597.639 | HL10: 24304.93 | HM10: 32671.188 | HN10: 23430.655 | HO10: 24061.079 | HP10: 23273.093 | HQ10: 17973.516 | HR10: 20558.203 | HS10: 25551.81 | HT10: 19468.493 | HU10: 29602.625 | HV10: 42663.939 | HW10: 19850.779 | HX10: 23232.056 | HY10: 36032.108 | HZ10: 22726.011 | IA10: 24890.349 | IB10: 26065.583 | IC10: 18935.27 | ID10: 20690.956 | IE10: 49355.802 | IF10: 23862.352 | IG10: 32810.043 | IH10: 46727.364 | II10: 23576.075 | IJ10: 25721.56 | IK10: 38001.529 | IL10: 23707.704 | IM10: 27284.28 | IN10: 27248.821 | IO10: 21728.795 | IP10: 20427.498 | IQ10: 29629.187 | IR10: 22441.05 | IS10: 33347.049 | IT10: 50018.312 | IU10: 25240.103 | IV10: 27226.162 | IW10: 38939.246 | IX10: 28175.749 | IY10: 25418.043 | IZ10: 29605.025 | JA10: 20079.352 | JB10: 23398.379 | JC10: 29630.959 | JD10: 28405.499 | JE10: 36620.437 | JF10: 55042.833
A11: I.1.4 Tax on Credit Operations, Exchange and Insurance (IOF) | B11: 286.14658 | C11: 224.96925 | D11: 248.65518 | E11: 292.27562 | F11: 312.0756 | G11: 341.44264 | H11: 401.24826 | I11: 346.66533 | J11: 349.1086 | K11: 405.07523 | L11: 275.93473 | M11: 300.42981 | N11: 339.2486 | O11: 344.51977 | P11: 325.52037 | Q11: 380.9291 | R11: 344.74412 | S11: 319.93961 | T11: 333.40007 | U11: 218.80991 | V11: 250.16542 | W11: 231.5168 | X11: 200.31148 | Y11: 244.74448 | Z11: 226.78056 | AA11: 530.83853 | AB11: 634.60764 | AC11: 563.50692 | AD11: 612.35867 | AE11: 639.31536 | AF11: 325.44491 | AG11: 271.83076 | AH11: 320.74689 | AI11: 267.48209 | AJ11: 218.86243 | AK11: 265.02789 | AL11: 204.68861 | AM11: 244.51584 | AN11: 248.31165 | AO11: 212.54731 | AP11: 260.09453 | AQ11: 310.1872 | AR11: 246.20611 | AS11: 294.66856 | AT11: 242.37518 | AU11: 257.8475 | AV11: 312.391 | AW11: 291.58684 | AX11: 323.883 | AY11: 213.35368 | AZ11: 317.32384 | BA11: 267.14534 | BB11: 329.09797 | BC11: 281.89623 | BD11: 284.97292 | BE11: 336.19005 | BF11: 283.9188 | BG11: 339.15923 | BH11: 296.9258 | BI11: 304.20139 | BJ11: 342.131 | BK11: 290.04322 | BL11: 319.4238 | BM11: 306.07554 | BN11: 360.16588 | BO11: 340.79463 | BP11: 362.04513 | BQ11: 318.90842 | BR11: 332.98104 | BS11: 372.94384 | BT11: 324.46336 | BU11: 350.60453 | BV11: 374.57102 | BW11: 336.4202 | BX11: 323.18006 | BY11: 402.6764 | BZ11: 340.1233 | CA11: 348.2294 | CB11: 423.97512 | CC11: 346.40507 | CD11: 359.10327 | CE11: 424.32837 | CF11: 366.05149 | CG11: 404.79711 | CH11: 439.35088 | CI11: 382.51669 | CJ11: 457.68698 | CK11: 373.16894 | CL11: 395.73931 | CM11: 488.86545 | CN11: 415.91587 | CO11: 422.8805 | CP11: 488.99342 | CQ11: 409.8756 | CR11: 422.95066 | CS11: 554.01596 | CT11: 450.84614 | CU11: 423.14567 | CV11: 542.20431 | CW11: 462.5603 | CX11: 502.55133 | CY11: 553.5976 | CZ11: 496.14335 | DA11: 592.84019 | DB11: 474.1783 | DC11: 482.66425 | DD11: 564.47372 | DE11: 552.5657 | DF11: 494.67685 | DG11: 526.62418 | DH11: 489.14202 | DI11: 581.50493 | DJ11: 527.90877 | DK11: 579.15772 | DL11: 579.70121 | DM11: 557.62744 | DN11: 625.02571 | DO11: 585.72157 | DP11: 575.53572 | DQ11: 670.80177 | DR11: 587.29013 | DS11: 570.4747 | DT11: 608.29775 | DU11: 632.08915 | DV11: 604.10061 | DW11: 661.79979 | DX11: 658.89168 | DY11: 670.7947 | DZ11: 684.41373 | EA11: 668.56012 | EB11: 689.08993 | EC11: 819.23587 | ED11: 1161.4899 | EE11: 1649.2027 | EF11: 1667.1093 | EG11: 1702.8926 | EH11: 1674.5247 | EI11: 1805.0535 | EJ11: 1646.0619 | EK11: 1903.225 | EL11: 1812.7482 | EM11: 1726.7854 | EN11: 1749.3265 | EO11: 1841.8485 | EP11: 1494.2273 | EQ11: 1462.0471 | ER11: 1296.6986 | ES11: 1429.7155 | ET11: 1453.1905 | EU11: 1508.7291 | EV11: 1630.8506 | EW11: 1575.0362 | EX11: 1457.7728 | EY11: 1593.118 | EZ11: 2247.8424 | FA11: 2144.2034 | FB11: 1963.8237 | FC11: 1897.1924 | FD11: 1920.6653 | FE11: 2107.041 | FF11: 2136.9392 | FG11: 2174.6059 | FH11: 2175.0984 | FI11: 2291.6292 | FJ11: 2211.0627 | FK11: 2884.0382 | FL11: 2344.9094 | FM11: 2469.1396 | FN11: 2375.9588 | FO11: 2225.9441 | FP11: 1995.5651 | FQ11: 2809.0317 | FR11: 2676.2581 | FS11: 2828.3789 | FT11: 2849.8156 | FU11: 2915.871 | FV11: 2721.7318 | FW11: 2860.2534 | FX11: 2670.7704 | FY11: 3013.7931 | FZ11: 2934.96 | GA11: 2457.9112 | GB11: 2590.4768 | GC11: 2820.4004 | GD11: 2567.4983 | GE11: 2694.8415 | GF11: 2526.3334 | GG11: 2372.2574 | GH11: 2491.2481 | GI11: 2359.3683 | GJ11: 2480.9188 | GK11: 2726.8182 | GL11: 2243.7491 | GM11: 2445.3004 | GN11: 2356.5252 | GO11: 2647.4372 | GP11: 2516.342 | GQ11: 2595.5501 | GR11: 2412.5393 | GS11: 2299.651 | GT11: 2490.6546 | GU11: 2208.085 | GV11: 2407.1176 | GW11: 3019.6758 | GX11: 2204.4586 | GY11: 2454.0405 | GZ11: 2205.7595 | HA11: 2465.3231 | HB11: 2378.7369 | HC11: 2591.8732 | HD11: 2481.3226 | HE11: 2638.2306 | HF11: 2555.3712 | HG11: 2514.8065 | HH11: 2810.0443 | HI11: 2592.981 | HJ11: 2447.4124 | HK11: 2855.2178 | HL11: 2762.1796 | HM11: 2891.2678 | HN11: 2897.187 | HO11: 3156.4933 | HP11: 2946.5882 | HQ11: 3019.6477 | HR11: 2827.9858 | HS11: 2983.1252 | HT11: 3023.3655 | HU11: 3059.2572 | HV11: 3127.8024 | HW11: 2657.6093 | HX11: 2604.3414 | HY11: 2885.2924 | HZ11: 2800.2277 | IA11: 2740.5711 | IB11: 2882.5804 | IC11: 2696.3417 | ID11: 2764.1679 | IE11: 2737.7628 | IF11: 2751.3589 | IG11: 3134.3509 | IH11: 2879.7031 | II11: 2817.768 | IJ11: 2395.5624 | IK11: 3375.9538 | IL11: 2681.8583 | IM11: 2918.6657 | IN11: 2976.5835 | IO11: 2803.676 | IP11: 2883.4397 | IQ11: 2838.7136 | IR11: 3109.0903 | IS11: 3302.5005 | IT11: 2968.7816 | IU11: 2909.514 | IV11: 2785.5101 | IW11: 3155.2025 | IX11: 2852.3253 | IY11: 3238.7245 | IZ11: 3050.3404 | JA11: 3027.8008 | JB11: 3196.5239 | JC11: 3023.0379 | JD11: 2829.4269 | JE11: 3748.9386 | JF11: 2922.2044
A12: I.1.5 Contribution to Social Security Financing (COFINS) | B12: 1609.8398 | C12: 1484.1272 | D12: 1433.1085 | E12: 1535.0041 | F12: 1581.3016 | G12: 1615.697 | H12: 1561.7879 | I12: 1592.6949 | J12: 1670.1104 | K12: 1651.784 | L12: 1674.9041 | M12: 1702.6106 | N12: 1615.2498 | O12: 1437.4496 | P12: 1403.5725 | Q12: 1547.9628 | R12: 1586.8561 | S12: 1568.9625 | T12: 1538.6354 | U12: 1778.3165 | V12: 1555.7041 | W12: 1558.2185 | X12: 1542.4364 | Y12: 1564.022 | Z12: 1608.018 | AA12: 1363.8948 | AB12: 2309.7777 | AC12: 2637.9645 | AD12: 2338.1781 | AE12: 2756.373 | AF12: 3867.4161 | AG12: 2716.6486 | AH12: 3004.6631 | AI12: 2903.8314 | AJ12: 3618.2188 | AK12: 2944.7535 | AL12: 3401.2216 | AM12: 2752.0863 | AN12: 2962.3599 | AO12: 2968.3107 | AP12: 3010.6593 | AQ12: 3243.1219 | AR12: 3142.2871 | AS12: 3371.8213 | AT12: 3600.281 | AU12: 3506.0524 | AV12: 4062.019 | AW12: 3803.1025 | AX12: 3989.2739 | AY12: 3555.1129 | AZ12: 3391.6602 | BA12: 3841.8624 | BB12: 3736.2958 | BC12: 3682.4197 | BD12: 3869.2118 | BE12: 3948.2358 | BF12: 4019.7583 | BG12: 3892.7918 | BH12: 4221.7205 | BI12: 3969.8106 | BJ12: 4304.5524 | BK12: 3591.3993 | BL12: 3491.8447 | BM12: 3806.5457 | BN12: 3935.7643 | BO12: 4134.1838 | BP12: 4109.2212 | BQ12: 4661.1183 | BR12: 4988.585 | BS12: 4895.497 | BT12: 5296.5542 | BU12: 4852.4519 | BV12: 5258.694 | BW12: 4422.8138 | BX12: 4518.7235 | BY12: 4568.7174 | BZ12: 4618.4745 | CA12: 4797.4719 | CB12: 4643.1411 | CC12: 4803.6623 | CD12: 4990.4337 | CE12: 5462.503 | CF12: 5699.8579 | CG12: 5620.7163 | CH12: 5817.3345 | CI12: 5359.8072 | CJ12: 5664.258 | CK12: 5976.2003 | CL12: 7016.1955 | CM12: 7333.4462 | CN12: 6584.3547 | CO12: 7222.789 | CP12: 6937.4671 | CQ12: 6783.659 | CR12: 6926.8535 | CS12: 7166.6377 | CT12: 7657.7585 | CU12: 6327.016 | CV12: 6398.4021 | CW12: 7088.1514 | CX12: 6990.5902 | CY12: 7177.5906 | CZ12: 7111.6451 | DA12: 7221.3254 | DB12: 7700.0136 | DC12: 7395.8305 | DD12: 7576.1605 | DE12: 7936.8147 | DF12: 8120.6962 | DG12: 6768.3503 | DH12: 6810.4641 | DI12: 7062.7887 | DJ12: 7202.5169 | DK12: 7470.8825 | DL12: 7067.6772 | DM12: 7973.8755 | DN12: 8336.7609 | DO12: 8187.3656 | DP12: 8192.5393 | DQ12: 8287.2984 | DR12: 8716.4591 | DS12: 7350.337 | DT12: 7528.1637 | DU12: 8407.1692 | DV12: 8240.1946 | DW12: 8710.6584 | DX12: 8241.7254 | DY12: 8845.8322 | DZ12: 9177.9252 | EA12: 8941.576 | EB12: 9543.3347 | EC12: 9492.2088 | ED12: 10308.553 | EE12: 9193.6725 | EF12: 9018.0638 | EG12: 10010.401 | EH12: 9541.3242 | EI12: 10463.003 | EJ12: 10340.75 | EK12: 10491.981 | EL12: 11066.036 | EM12: 11112.934 | EN12: 10667.141 | EO12: 9710.0489 | EP12: 9150.2613 | EQ12: 7631.2264 | ER12: 8210.9691 | ES12: 9461.4978 | ET12: 9014.3851 | EU12: 9433.5113 | EV12: 9834.6363 | EW12: 9830.2955 | EX12: 10425.144 | EY12: 11418.96 | EZ12: 12185.982 | FA12: 12360.281 | FB12: 11754.752 | FC12: 10115.898 | FD12: 10469.193 | FE12: 11425.312 | FF12: 11387.021 | FG12: 11705.424 | FH12: 11356.086 | FI12: 11391.787 | FJ12: 12466.314 | FK12: 13183.991 | FL12: 12744.565 | FM12: 13231.988 | FN12: 13569.903 | FO12: 12176.736 | FP12: 12782.897 | FQ12: 13015.57 | FR12: 12592.949 | FS12: 13834.472 | FT12: 13573.094 | FU12: 14256.696 | FV12: 13556.487 | FW12: 13722.97 | FX12: 13393.334 | FY12: 14513.249 | FZ12: 14626.447 | GA12: 12808.752 | GB12: 13272.4 | GC12: 14190.849 | GD12: 13892.109 | GE12: 14561.614 | GF12: 14527.543 | GG12: 15064.367 | GH12: 15329.089 | GI12: 15519.114 | GJ12: 15228.392 | GK12: 16137.112 | GL12: 17602.105 | GM12: 13333.958 | GN12: 14758.092 | GO12: 15735.9 | GP12: 16988.224 | GQ12: 15090.7 | GR12: 15809.23 | GS12: 16037.959 | GT12: 15798.111 | GU12: 15841.979 | GV12: 17221.476 | GW12: 28595.453 | GX12: 17464.625 | GY12: 15085.779 | GZ12: 15491.559 | HA12: 16172.356 | HB12: 15807.108 | HC12: 16390.761 | HD12: 15794.51 | HE12: 16306.924 | HF12: 16440.581 | HG12: 17103.675 | HH12: 18449.984 | HI12: 18234.537 | HJ12: 18398.402 | HK12: 16487.108 | HL12: 15433.055 | HM12: 17346.787 | HN12: 16435.691 | HO12: 16064.14 | HP12: 16876.197 | HQ12: 16954.295 | HR12: 17667.284 | HS12: 16772.223 | HT12: 17353.701 | HU12: 16944.792 | HV12: 18955.011 | HW12: 15527.639 | HX12: 16773.151 | HY12: 16804.984 | HZ12: 17997.002 | IA12: 16744.139 | IB12: 17990.292 | IC12: 16323.817 | ID12: 16254.625 | IE12: 16957.191 | IF12: 17245.783 | IG12: 17104.991 | IH12: 18853.884 | II12: 15587.537 | IJ12: 16054.327 | IK12: 17123.54 | IL12: 16886.105 | IM12: 17006.655 | IN12: 16204.544 | IO12: 18301.953 | IP12: 19412.808 | IQ12: 19643.482 | IR12: 40570.268 | IS12: 20114.285 | IT12: 23457.782 | IU12: 18957.894 | IV12: 17913.716 | IW12: 20278.046 | IX12: 21538.477 | IY12: 19434.957 | IZ12: 20064.806 | JA12: 22738.552 | JB12: 19988.615 | JC12: 22500.843 | JD12: 22077.879 | JE12: 22514.464 | JF12: 20243.06
A13: I.1.6 Contribution to the Social Integration Program and Civil Service Asset Formation Program (PIS/Pasep) | B13: 633.52791 | C13: 593.81305 | D13: 548.66684 | E13: 590.17023 | F13: 608.18087 | G13: 609.43274 | H13: 602.17615 | I13: 627.44176 | J13: 650.45497 | K13: 645.21166 | L13: 698.08665 | M13: 775.21188 | N13: 652.59278 | O13: 567.04375 | P13: 592.41761 | Q13: 634.12534 | R13: 588.91646 | S13: 597.441 | T13: 593.24546 | U13: 730.92297 | V13: 608.96577 | W13: 635.39972 | X13: 618.21667 | Y13: 662.7369 | Z13: 664.3209 | AA13: 1873.8691 | AB13: 631.11072 | AC13: 703.86227 | AD13: 612.66521 | AE13: 702.38459 | AF13: 808.42149 | AG13: 690.23298 | AH13: 800.82405 | AI13: 769.08683 | AJ13: 773.24755 | AK13: 747.4259 | AL13: 856.99766 | AM13: 695.06651 | AN13: 731.64843 | AO13: 755.68725 | AP13: 757.57387 | AQ13: 1066.5937 | AR13: 792.98378 | AS13: 813.07957 | AT13: 860.24427 | AU13: 854.74938 | AV13: 909.40871 | AW13: 931.77227 | AX13: 987.89535 | AY13: 878.57287 | AZ13: 845.26696 | BA13: 941.8477 | BB13: 901.15073 | BC13: 960.77149 | BD13: 930.3195 | BE13: 950.1396 | BF13: 928.14385 | BG13: 941.84939 | BH13: 986.41955 | BI13: 1075.656 | BJ13: 1058.7407 | BK13: 880.61444 | BL13: 839.94969 | BM13: 920.96505 | BN13: 968.30807 | BO13: 1022.8509 | BP13: 1047.025 | BQ13: 1091.7273 | BR13: 1221.7304 | BS13: 1246.9529 | BT13: 1260.0713 | BU13: 1217.9134 | BV13: 1628.7946 | BW13: 1279.6121 | BX13: 1301.9851 | BY13: 1321.1417 | BZ13: 1437.0198 | CA13: 1417.7741 | CB13: 1366.1208 | CC13: 1419.0017 | CD13: 1242.8119 | CE13: 1469.684 | CF13: 1568.2783 | CG13: 1605.833 | CH13: 1731.9666 | CI13: 1568.9887 | CJ13: 1416.8104 | CK13: 1458.1628 | CL13: 1695.1829 | CM13: 1749.6831 | CN13: 1615.3838 | CO13: 1687.7959 | CP13: 1715.9412 | CQ13: 1653.1386 | CR13: 1686.8278 | CS13: 1788.2549 | CT13: 1924.2119 | CU13: 1644.971 | CV13: 1587.1556 | CW13: 1742.767 | CX13: 1723.5329 | CY13: 1801.5069 | CZ13: 1919.1003 | DA13: 1799.0031 | DB13: 1910.8915 | DC13: 1652.4619 | DD13: 1841.6003 | DE13: 2038.1623 | DF13: 2113.2976 | DG13: 1796.4999 | DH13: 1881.8777 | DI13: 1921.4025 | DJ13: 1986.4304 | DK13: 1989.8785 | DL13: 1988.316 | DM13: 2007.0769 | DN13: 2148.548 | DO13: 2096.457 | DP13: 2103.7319 | DQ13: 2159.7682 | DR13: 2374.8106 | DS13: 1932.2442 | DT13: 1989.7612 | DU13: 2162.4066 | DV13: 2087.6231 | DW13: 2172.4815 | DX13: 2166.5674 | DY13: 2254.7528 | DZ13: 2306.4759 | EA13: 2281.0534 | EB13: 2474.5587 | EC13: 2429.6907 | ED13: 2656.4914 | EE13: 2444.3657 | EF13: 2329.6868 | EG13: 2495.7951 | EH13: 2480.9252 | EI13: 2681.5946 | EJ13: 2694.9082 | EK13: 2652.3525 | EL13: 2906.041 | EM13: 2850.6973 | EN13: 2791.5666 | EO13: 2531.344 | EP13: 2530.1287 | EQ13: 2122.0812 | ER13: 2310.6315 | ES13: 2553.8487 | ET13: 2469.6409 | EU13: 2500.3608 | EV13: 2504.4177 | EW13: 2555.2475 | EX13: 2824.3116 | EY13: 3150.2432 | EZ13: 3095.8227 | FA13: 3106.4737 | FB13: 3068.4437 | FC13: 2609.1702 | FD13: 2774.3498 | FE13: 3011.3115 | FF13: 3013.468 | FG13: 2988.0023 | FH13: 2996.6914 | FI13: 2946.9466 | FJ13: 3293.868 | FK13: 3356.2531 | FL13: 3288.0183 | FM13: 7447.8784 | FN13: 3588.4284 | FO13: 3306.6692 | FP13: 3358.0188 | FQ13: 3437.9052 | FR13: 3383.8144 | FS13: 3550.2975 | FT13: 3578.7732 | FU13: 3609.3129 | FV13: 3542.8266 | FW13: 3534.8722 | FX13: 3431.4721 | FY13: 3779.7438 | FZ13: 3995.9895 | GA13: 3594.0634 | GB13: 3635.763 | GC13: 3653.9549 | GD13: 3766.5569 | GE13: 3895.9814 | GF13: 3804.5696 | GG13: 3944.7652 | GH13: 3997.6147 | GI13: 3943.362 | GJ13: 3981.2315 | GK13: 4193.5822 | GL13: 4659.5831 | GM13: 3700.4767 | GN13: 3991.3179 | GO13: 4118.6723 | GP13: 4219.0406 | GQ13: 4032.7525 | GR13: 4134.4967 | GS13: 4167.1875 | GT13: 4228.1123 | GU13: 4261.0539 | GV13: 4148.211 | GW13: 6377.0939 | GX13: 4783.2327 | GY13: 4190.2811 | GZ13: 4250.8158 | HA13: 4205.0322 | HB13: 4100.9153 | HC13: 4366.2967 | HD13: 4069.3813 | HE13: 4217.2599 | HF13: 4314.5636 | HG13: 4457.0421 | HH13: 4801.5701 | HI13: 4787.1292 | HJ13: 4955.6886 | HK13: 4366.347 | HL13: 4110.7871 | HM13: 4508.1831 | HN13: 4412.5081 | HO13: 4381.5406 | HP13: 4394.0736 | HQ13: 4398.2403 | HR13: 4858.0248 | HS13: 4117.3949 | HT13: 4631.4279 | HU13: 4414.1648 | HV13: 5125.9635 | HW13: 4365.4962 | HX13: 4518.4646 | HY13: 4391.5547 | HZ13: 4609.1883 | IA13: 4388.113 | IB13: 4548.8493 | IC13: 4286.1115 | ID13: 4396.5984 | IE13: 4396.383 | IF13: 4313.8275 | IG13: 4554.188 | IH13: 5242.2913 | II13: 4369.7198 | IJ13: 4407.9917 | IK13: 4656.5988 | IL13: 4493.7392 | IM13: 4316.216 | IN13: 4385.3796 | IO13: 4831.8063 | IP13: 5012.751 | IQ13: 5055.1855 | IR13: 10538.557 | IS13: 5250.3922 | IT13: 6440.34 | IU13: 5115.3187 | IV13: 4952.4923 | IW13: 5399.5039 | IX13: 5568.5166 | IY13: 5077.0416 | IZ13: 5252.7097 | JA13: 5734.1301 | JB13: 5361.0597 | JC13: 5615.305 | JD13: 5826.7948 | JE13: 5781.5936 | JF13: 5622.8726
A14: I.1.7 Social Contribution on Net Corporate Profits (CSLL) | B14: 566.5246 | C14: 487.84079 | D14: 1075.9044 | E14: 811.20736 | F14: 479.33566 | G14: 498.9015 | H14: 572.13378 | I14: 471.95966 | J14: 522.62379 | K14: 606.19046 | L14: 606.70254 | M14: 989.49197 | N14: 714.61073 | O14: 702.27486 | P14: 998.07399 | Q14: 581.09354 | R14: 383.52076 | S14: 428.17352 | T14: 583.6273 | U14: 944.90771 | V14: 414.17262 | W14: 602.15866 | X14: 393.66905 | Y14: 933.86234 | Z14: 659.96125 | AA14: 1120.808 | AB14: 801.45423 | AC14: 557.64767 | AD14: 381.45165 | AE14: 464.3334 | AF14: 834.74409 | AG14: 294.52472 | AH14: 485.23412 | AI14: 539.84945 | AJ14: 680.69944 | AK14: 449.55294 | AL14: 634.39051 | AM14: 885.40169 | AN14: 1450.2407 | AO14: 793.10649 | AP14: 516.60369 | AQ14: 514.25565 | AR14: 887.03523 | AS14: 643.15534 | AT14: 546.809 | AU14: 952.19607 | AV14: 601.59569 | AW14: 817.95787 | AX14: 1004.3367 | AY14: 674.79441 | AZ14: 838.92446 | BA14: 874.42204 | BB14: 610.42509 | BC14: 629.37664 | BD14: 970.24697 | BE14: 642.81783 | BF14: 617.51351 | BG14: 1036.0742 | BH14: 708.0132 | BI14: 708.47407 | BJ14: 1704.5619 | BK14: 789.02854 | BL14: 957.02629 | BM14: 1050.3989 | BN14: 678.03923 | BO14: 652.45269 | BP14: 1705.9384 | BQ14: 1128.4185 | BR14: 1438.3281 | BS14: 1292.3681 | BT14: 1005.4711 | BU14: 895.06607 | BV14: 1690.0255 | BW14: 1210.0536 | BX14: 1201.922 | BY14: 1554.6636 | BZ14: 1594.4558 | CA14: 1038.4699 | CB14: 1399.0984 | CC14: 982.62266 | CD14: 1113.3871 | CE14: 1287.8427 | CF14: 1324.7874 | CG14: 1757.5778 | CH14: 2289.2069 | CI14: 1574.5496 | CJ14: 1601.6419 | CK14: 1835.6254 | CL14: 1229.0066 | CM14: 1221.7036 | CN14: 2137.9742 | CO14: 1370.7422 | CP14: 1453.5346 | CQ14: 2142.3508 | CR14: 1326.6162 | CS14: 1712.65 | CT14: 2730.3887 | CU14: 1994.6865 | CV14: 1898.4144 | CW14: 2608.6248 | CX14: 1618.158 | CY14: 1784.5384 | CZ14: 2578.8768 | DA14: 1938.8344 | DB14: 1922.724 | DC14: 2899.5576 | DD14: 1874.5533 | DE14: 1993.7234 | DF14: 3071.524 | DG14: 2147.3161 | DH14: 2263.2452 | DI14: 2790.548 | DJ14: 1948.0217 | DK14: 2101.7801 | DL14: 2786.1767 | DM14: 1903.6835 | DN14: 2252.7901 | DO14: 2878.5644 | DP14: 1977.2915 | DQ14: 1902.6383 | DR14: 3474.8624 | DS14: 2510.7314 | DT14: 2930.4006 | DU14: 3038.0642 | DV14: 2052.4169 | DW14: 2243.9805 | DX14: 3458.7146 | DY14: 2558.6242 | DZ14: 2506.4271 | EA14: 3818.3568 | EB14: 2921.1113 | EC14: 2957.5823 | ED14: 5263.9556 | EE14: 2806.5881 | EF14: 3049.2367 | EG14: 4391.5349 | EH14: 2707.4596 | EI14: 4361.2367 | EJ14: 4600.8327 | EK14: 3288.5473 | EL14: 2970.3828 | EM14: 5383.7721 | EN14: 2874.1726 | EO14: 2915.5114 | EP14: 5180.1399 | EQ14: 3222.7644 | ER14: 4615.6644 | ES14: 4421.4291 | ET14: 2945.4113 | EU14: 2832.0001 | EV14: 4390.8383 | EW14: 2664.7331 | EX14: 3468.3205 | EY14: 4787.144 | EZ14: 3895.2895 | FA14: 2626.3481 | FB14: 6351.401 | FC14: 2922.1089 | FD14: 3443.1107 | FE14: 4961.0603 | FF14: 2955.1341 | FG14: 2699.0169 | FH14: 4706.2242 | FI14: 3271.4499 | FJ14: 2867.3193 | FK14: 5012.4516 | FL14: 3047.0511 | FM14: 4133.9485 | FN14: 8039.6459 | FO14: 3344.3477 | FP14: 4323.1806 | FQ14: 5414.9173 | FR14: 3232.7454 | FS14: 3471.2205 | FT14: 11583.825 | FU14: 3668.0364 | FV14: 3000.4998 | FW14: 5843.6976 | FX14: 3581.0979 | FY14: 3458.3815 | FZ14: 8963.5771 | GA14: 4756.4981 | GB14: 5179.03 | GC14: 5080.9814 | GD14: 2972.9913 | GE14: 3457.6532 | GF14: 5790.4321 | GG14: 3296.3048 | GH14: 3831.0168 | GI14: 6061.899 | GJ14: 3408.2104 | GK14: 3742.9412 | GL14: 11289.674 | GM14: 4229.1611 | GN14: 3483.3052 | GO14: 5793.6493 | GP14: 4830.2273 | GQ14: 3042.238 | GR14: 6207.85 | GS14: 3740.0687 | GT14: 3448.6553 | GU14: 7377.8185 | GV14: 3492.6155 | GW14: 7315.4078 | GX14: 11696.35 | GY14: 3523.6197 | GZ14: 4244.427 | HA14: 6870.9889 | HB14: 3830.2671 | HC14: 4051.808 | HD14: 6465.6903 | HE14: 4927.6351 | HF14: 3663.193 | HG14: 6736.1992 | HH14: 4916.3694 | HI14: 3881.517 | HJ14: 11281.336 | HK14: 4741.7293 | HL14: 5054.7579 | HM14: 6191.2103 | HN14: 3516.3013 | HO14: 3517.0108 | HP14: 6094.2277 | HQ14: 3155.6009 | HR14: 3256.4415 | HS14: 6360.7038 | HT14: 3496.1728 | HU14: 3753.0731 | HV14: 12316.345 | HW14: 3905.6163 | HX14: 5690.4495 | HY14: 7826.8099 | HZ14: 4286.2833 | IA14: 3415.6223 | IB14: 7989.3918 | IC14: 3462.275 | ID14: 4035.5616 | IE14: 6844.6415 | IF14: 4287.4007 | IG14: 4082.8677 | IH14: 14472.513 | II14: 4507.4174 | IJ14: 5489.7011 | IK14: 6906.3646 | IL14: 3444.4565 | IM14: 3857.1449 | IN14: 6565.8448 | IO14: 4454.4004 | IP14: 4441.8079 | IQ14: 7129.9684 | IR14: 9565.5984 | IS14: 4815.3852 | IT14: 15170.145 | IU14: 5443.4256 | IV14: 5460.0806 | IW14: 7237.6995 | IX14: 5137.3397 | IY14: 4088.6706 | IZ14: 7991.7421 | JA14: 5051.7984 | JB14: 5052.9389 | JC14: 7290.3201 | JD14: 5380.1845 | JE14: 5244.8305 | JF14: 14726.462
A15: I.1.8 Provisional Contribution on Financial Operations (CPMF) | B15: 0 | C15: 517.02353 | D15: 566.18172 | E15: 668.49842 | F15: 594.38239 | G15: 575.47174 | H15: 756.63713 | I15: 581.04767 | J15: 577.63895 | K15: 718.54236 | L15: 654.10315 | M15: 699.83305 | N15: 740.71939 | O15: 595.18276 | P15: 579.60433 | Q15: 733.48924 | R15: 624.44952 | S15: 608.87004 | T15: 744.16292 | U15: 639.83472 | V15: 817.8792 | W15: 632.05329 | X15: 604.80808 | Y15: 796.99912 | Z15: 637.63556 | AA15: 62.556773 | AB15: 0.481884 | AC15: 0.258262 | AD15: 0.041987 | AE15: 243.36553 | AF15: 1143.0512 | AG15: 803.48272 | AH15: 1288.6533 | AI15: 1111.0743 | AJ15: 1075.2899 | AK15: 1590.0306 | AL15: 1178.3698 | AM15: 1125.9282 | AN15: 1399.9638 | AO15: 1135.075 | AP15: 1446.6608 | AQ15: 1124.577 | AR15: 1031.8047 | AS15: 1210.8481 | AT15: 975.91067 | AU15: 1366.8866 | AV15: 1346.6046 | AW15: 1201.9486 | AX15: 1323.0866 | AY15: 785.07317 | AZ15: 1377.583 | BA15: 1325.0815 | BB15: 1738.1233 | BC15: 1362.4567 | BD15: 1437.4398 | BE15: 1714.2201 | BF15: 1351.3725 | BG15: 1762.2232 | BH15: 1428.3768 | BI15: 1591.7767 | BJ15: 1859.707 | BK15: 1359.1411 | BL15: 1470.435 | BM15: 1426.0485 | BN15: 1780.5866 | BO15: 1435.5053 | BP15: 1899.8044 | BQ15: 1569.4038 | BR15: 1652.8535 | BS15: 2066.7075 | BT15: 1713.1185 | BU15: 2133.6484 | BV15: 2152.5641 | BW15: 1744.1923 | BX15: 1794.9623 | BY15: 2064.8517 | BZ15: 1860.688 | CA15: 1652.402 | CB15: 2198.8898 | CC15: 1675.1631 | CD15: 1730.4683 | CE15: 2180.1422 | CF15: 1835.6446 | CG15: 2155.1595 | CH15: 2242.5885 | CI15: 1800.8211 | CJ15: 2268.6482 | CK15: 1868.0558 | CL15: 2050.9614 | CM15: 2393.1848 | CN15: 2050.2364 | CO15: 2098.4317 | CP15: 2495.9119 | CQ15: 2100.713 | CR15: 2102.4025 | CS15: 2960.6717 | CT15: 2194.6567 | CU15: 2251.0394 | CV15: 2629.2219 | CW15: 2163.0321 | CX15: 2362.3881 | CY15: 2692.06 | CZ15: 2407.6149 | DA15: 2660.0756 | DB15: 1979.9593 | DC15: 2214.7229 | DD15: 2741.5281 | DE15: 2710.6789 | DF15: 2407.4018 | DG15: 2309.1527 | DH15: 2655.6344 | DI15: 2667.2467 | DJ15: 2470.1285 | DK15: 2597.0858 | DL15: 2784.7004 | DM15: 2605.2516 | DN15: 2828.8264 | DO15: 2766.0011 | DP15: 2755.4938 | DQ15: 3298.8685 | DR15: 2908.9116 | DS15: 2716.7027 | DT15: 2782.6757 | DU15: 3059.039 | DV15: 2790.3471 | DW15: 3094.3293 | DX15: 3210.437 | DY15: 2992.7615 | DZ15: 3131.159 | EA15: 2995.8218 | EB15: 3155.4379 | EC15: 3682.0228 | ED15: 867.65252 | EE15: 34.294812 | EF15: 7.782111 | EG15: -8.83785 | EH15: 74.434779 | EI15: 38.512365 | EJ15: 26.580675 | EK15: 19.635901 | EL15: 16.756856 | EM15: 10.28676 | EN15: 12.942766 | EO15: 9.4313431 | EP15: 13.720694 | EQ15: 9.0938643 | ER15: 38.881359 | ES15: -2.8043204 | ET15: 4.5561532 | EU15: 6.0532898 | EV15: 39.863215 | EW15: 34.039095 | EX15: 39.719415 | EY15: -1.7798645 | EZ15: 86.86397 | FA15: -176.68918 | FB15: -49.26857 | FC15: 13.21951 | FD15: 4.132233 | FE15: -22.772982 | FF15: -2.529335 | FG15: 8.144144 | FH15: 19.145874 | FI15: 9.030457 | FJ15: 0.780789 | FK15: 14.856195 | FL15: 17.396993 | FM15: 11.484864 | FN15: 5.088141 | FO15: 10.252129 | FP15: 10.43076 | FQ15: 9.648457 | FR15: 6.988607 | FS15: 4.216304 | FT15: -4.139701 | FU15: 26.357799 | FV15: 8.0382725 | FW15: 1.3010515 | FX15: 23.155057 | FY15: -25.055673 | FZ15: 8.3418157 | GA15: 9.3967934 | GB15: 2.9533553 | GC15: 14.703074 | GD15: 8.0470493 | GE15: 41.126485 | GF15: -371.91477 | GG15: -1.2969467 | GH15: 3.3603253 | GI15: 10.82796 | GJ15: -46.83998 | GK15: 46.327164 | GL15: 3.1931382 | GM15: 7.9414926 | GN15: -209.71431 | GO15: 11.113697 | GP15: -79.991143 | GQ15: 8.4602488 | GR15: 1.0437264 | GS15: 7.6539995 | GT15: 7.2189364 | GU15: 3.2143228 | GV15: -1.5837736 | GW15: 36.172126 | GX15: 0.16311585 | GY15: 0.06294921 | GZ15: 0.07152221 | HA15: 0.12964306 | HB15: 0.34391876 | HC15: 0.06292121 | HD15: 0.12501399 | HE15: 4.6652089 | HF15: 0.13035953 | HG15: 0.58621292 | HH15: 2.1478257 | HI15: 0.02952382 | HJ15: 0.1698484 | HK15: 0.04074717 | HL15: 0.03525881 | HM15: 0.02794209 | HN15: 0.03406638 | HO15: 0.547819 | HP15: 0.02423382 | HQ15: 0.03149448 | HR15: 0.02664393 | HS15: 15.682725 | HT15: 0.03239787 | HU15: 1.4323893 | HV15: 0 | HW15: 0 | HX15: 0 | HY15: 0 | HZ15: 0 | IA15: 0 | IB15: 0 | IC15: 0 | ID15: 0 | IE15: 0 | IF15: 0 | IG15: 0 | IH15: 0 | II15: 0 | IJ15: 0 | IK15: 0 | IL15: 0 | IM15: 0 | IN15: 0 | IO15: 0 | IP15: 0 | IQ15: 0 | IR15: 0 | IS15: 0 | IT15: 0 | IU15: 0 | IV15: 0 | IW15: 0 | IX15: 0 | IY15: 0 | IZ15: 0 | JA15: 0 | JB15: 0 | JC15: 0 | JD15: 0 | JE15: 0 | JF15: 0
A16: I.1.9 Contribution on Intervention in the Economic Domain (CIDE) - Fuels | B16: 0 | C16: 0 | D16: 0 | E16: 0 | F16: 0 | G16: 0 | H16: 0 | I16: 0 | J16: 0 | K16: 0 | L16: 0 | M16: 0 | N16: 0 | O16: 0 | P16: 0 | Q16: 0 | R16: 0 | S16: 0 | T16: 0 | U16: 0 | V16: 0 | W16: 0 | X16: 0 | Y16: 0 | Z16: 0 | AA16: 0 | AB16: 0 | AC16: 0 | AD16: 0 | AE16: 0 | AF16: 0 | AG16: 0 | AH16: 0 | AI16: 0 | AJ16: 0 | AK16: 0 | AL16: 0 | AM16: 0 | AN16: 0 | AO16: 0 | AP16: 0 | AQ16: 0 | AR16: 0 | AS16: 0 | AT16: 0 | AU16: 0 | AV16: 0 | AW16: 0 | AX16: 0 | AY16: 0 | AZ16: 0 | BA16: 0 | BB16: 0 | BC16: 0 | BD16: 0 | BE16: 0 | BF16: 0 | BG16: 0 | BH16: 0 | BI16: 0 | BJ16: 60.772734 | BK16: 746.10086 | BL16: 737.46629 | BM16: 679.54417 | BN16: 683.00185 | BO16: 568.55864 | BP16: 684.73583 | BQ16: 643.8554 | BR16: 631.59218 | BS16: 608.17297 | BT16: 661.26535 | BU16: 535.86849 | BV16: 667.81097 | BW16: 545.24145 | BX16: 530.49292 | BY16: 599.6365 | BZ16: 505.42455 | CA16: 681.43085 | CB16: 628.56028 | CC16: 626.53627 | CD16: 752.74078 | CE16: 596.92851 | CF16: 644.23182 | CG16: 716.70233 | CH16: 649.21077 | CI16: 689.76082 | CJ16: 570.26731 | CK16: 706.37189 | CL16: 657.93724 | CM16: 596.76218 | CN16: 590.90726 | CO16: 636.39302 | CP16: 670.14339 | CQ16: 707.6937 | CR16: 630.36542 | CS16: 562.79823 | CT16: 649.80353 | CU16: 607.86341 | CV16: 593.66592 | CW16: 673.21145 | CX16: 637.58377 | CY16: 643.5037 | CZ16: 626.81638 | DA16: 651.30486 | DB16: 671.86618 | DC16: 627.63372 | DD16: 638.06644 | DE16: 658.35803 | DF16: 627.24494 | DG16: 590.8704 | DH16: 570.5924 | DI16: 706.55401 | DJ16: 647.69982 | DK16: 640.84135 | DL16: 634.01539 | DM16: 637.73256 | DN16: 701.97383 | DO16: 692.72834 | DP16: 702.09442 | DQ16: 670.23657 | DR16: 687.29913 | DS16: 617.69882 | DT16: 568.10207 | DU16: 669.4854 | DV16: 644.2123 | DW16: 694.9545 | DX16: 684.67244 | DY16: 649.39408 | DZ16: 695.36013 | EA16: 636.93593 | EB16: 735.86007 | EC16: 659.01002 | ED16: 663.26253 | EE16: 679.21669 | EF16: 642.40048 | EG16: 631.73777 | EH16: 660.55872 | EI16: 305.78898 | EJ16: 365.84566 | EK16: 416.11641 | EL16: 408.89316 | EM16: 410.53982 | EN16: 395.34422 | EO16: 364.30088 | EP16: 29.838183 | EQ16: 37.231858 | ER16: 54.613696 | ES16: 340.88669 | ET16: 359.56186 | EU16: 387.43742 | EV16: 533.5144 | EW16: 607.8864 | EX16: 610.45903 | EY16: 675.56565 | EZ16: 645.1368 | FA16: 632.39685 | FB16: 690.38071 | FC16: 680.188 | FD16: 589.44229 | FE16: 562.70054 | FF16: 530.76732 | FG16: 581.81957 | FH16: 682.00532 | FI16: 700.0195 | FJ16: 683.85456 | FK16: 703.85344 | FL16: 693.10208 | FM16: 660.92478 | FN16: 727.0812 | FO16: 674.67513 | FP16: 656.89178 | FQ16: 888.46941 | FR16: 797.52326 | FS16: 746.67039 | FT16: 796.73885 | FU16: 848.50296 | FV16: 913.74755 | FW16: 836.54932 | FX16: 645.6927 | FY16: 430.97402 | FZ16: 421.9407 | GA16: 400.73559 | GB16: 436.73304 | GC16: 466.08195 | GD16: 468.11997 | GE16: 448.51527 | GF16: 224.14866 | GG16: 2.7418314 | GH16: 1.1277107 | GI16: 4.5351506 | GJ16: 0.20512771 | GK16: 2.7516222 | GL16: 0.80685306 | GM16: 0.58508421 | GN16: 238.18155 | GO16: -3.5317342 | GP16: 1.3401642 | GQ16: 0.76930197 | GR16: 10.188485 | GS16: 252.01592 | GT16: 96.337399 | GU16: 4.8263443 | GV16: 123.2406 | GW16: 24.721602 | GX16: 0.81078567 | GY16: 0.74186218 | GZ16: 0.74650127 | HA16: 2.1417199 | HB16: 0.80308468 | HC16: 0.64382396 | HD16: 13.741934 | HE16: 0.71840533 | HF16: 0.71985691 | HG16: 0.69434966 | HH16: 6.0593564 | HI16: 2.4991127 | HJ16: 3.0214002 | HK16: 0.45059717 | HL16: -8.2620726 | HM16: -9.4460406 | HN16: 20.482583 | HO16: 473.42288 | HP16: 470.97176 | HQ16: 464.31 | HR16: 475.73601 | HS16: 464.91627 | HT16: 454.53757 | HU16: 467.7309 | HV16: 503.01373 | HW16: 461.19625 | HX16: 460.67672 | HY16: 455.37265 | HZ16: 804.55613 | IA16: 470.23814 | IB16: 456.89131 | IC16: 423.25401 | ID16: 480.71094 | IE16: 485.65687 | IF16: 504.3822 | IG16: 504.70624 | IH16: 499.51857 | II16: 427.63976 | IJ16: 439.68169 | IK16: 508.76496 | IL16: 497.74574 | IM16: 457.69335 | IN16: 494.01081 | IO16: 515.01784 | IP16: 522.81731 | IQ16: 490.56064 | IR16: 508.46275 | IS16: 465.39876 | IT16: 458.35277 | IU16: 413.92688 | IV16: 413.02649 | IW16: 456.31458 | IX16: 446.21618 | IY16: 379.38049 | IZ16: 215.59819 | JA16: 206.5719 | JB16: 224.67797 | JC16: 230.74352 | JD16: 235.43438 | JE16: 283.14696 | JF16: 285.45492
A17: I.1.10 Other | B17: 134.39803 | C17: 71.445137 | D17: 64.060025 | E17: 57.941303 | F17: 58.278313 | G17: 64.165992 | H17: 59.046758 | I17: 57.956559 | J17: 54.759643 | K17: 77.176908 | L17: 62.850663 | M17: 163.36441 | N17: 125.9624 | O17: 76.254842 | P17: 81.157402 | Q17: 93.220941 | R17: 71.807171 | S17: 76.22205 | T17: 47.227515 | U17: 47.693888 | V17: 87.6929 | W17: 66.764165 | X17: 115.53487 | Y17: 84.975649 | Z17: 58.978258 | AA17: 61.971918 | AB17: 58.648535 | AC17: 56.814399 | AD17: 52.129687 | AE17: 79.489157 | AF17: 60.013984 | AG17: 67.1894 | AH17: 148.16868 | AI17: 131.8652 | AJ17: 80.251748 | AK17: 73.257761 | AL17: 240.85595 | AM17: 141.55278 | AN17: 149.17084 | AO17: 133.86762 | AP17: 142.14861 | AQ17: 129.82301 | AR17: 123.25236 | AS17: 157.64655 | AT17: 220.72597 | AU17: 136.08886 | AV17: 217.07334 | AW17: 192.55336 | AX17: 306.00728 | AY17: 259.96159 | AZ17: 272.62813 | BA17: 302.84346 | BB17: 294.84547 | BC17: 258.61981 | BD17: 325.09064 | BE17: 306.32884 | BF17: 375.10564 | BG17: 314.57487 | BH17: 298.831 | BI17: 301.72876 | BJ17: 318.29006 | BK17: 719.05358 | BL17: 276.14493 | BM17: 294.84927 | BN17: 304.17004 | BO17: 289.8651 | BP17: 302.45397 | BQ17: 345.5892 | BR17: 595.62514 | BS17: 413.26214 | BT17: 366.21626 | BU17: 352.54127 | BV17: 366.62333 | BW17: 277.68267 | BX17: 361.39022 | BY17: 376.00461 | BZ17: 331.85595 | CA17: 308.71773 | CB17: 558.98498 | CC17: 550.74971 | CD17: 676.78082 | CE17: 581.96705 | CF17: 555.26931 | CG17: 680.38032 | CH17: 485.99514 | CI17: 433.2216 | CJ17: 483.2619 | CK17: 493.00538 | CL17: 529.58608 | CM17: 599.88883 | CN17: 462.52935 | CO17: 521.15308 | CP17: 703.09006 | CQ17: 497.83859 | CR17: 606.76855 | CS17: 583.17168 | CT17: 551.97605 | CU17: 497.33898 | CV17: 574.4769 | CW17: 525.02962 | CX17: 550.16485 | CY17: 617.29923 | CZ17: 751.65247 | DA17: 752.71881 | DB17: 791.79969 | DC17: 631.81647 | DD17: 605.87201 | DE17: 668.21489 | DF17: 418.81026 | DG17: 326.81667 | DH17: 382.10467 | DI17: 302.6962 | DJ17: 402.6742 | DK17: 403.56439 | DL17: 436.1762 | DM17: 548.80674 | DN17: 726.57973 | DO17: 591.40721 | DP17: 511.42415 | DQ17: 479.76906 | DR17: 682.25637 | DS17: 467.35768 | DT17: 494.46123 | DU17: 351.17311 | DV17: 1423.0273 | DW17: 438.80419 | DX17: 530.22164 | DY17: 895.90825 | DZ17: 1312.6174 | EA17: 888.90769 | EB17: 740.80288 | EC17: 561.20184 | ED17: 557.88004 | EE17: 479.9336 | EF17: 366.0529 | EG17: 571.2351 | EH17: 500.35011 | EI17: 492.70615 | EJ17: 647.07874 | EK17: 468.12602 | EL17: 797.64828 | EM17: 775.62366 | EN17: 668.73831 | EO17: 783.19269 | EP17: 653.23507 | EQ17: 510.35708 | ER17: 515.82266 | ES17: 636.30359 | ET17: 1313.6904 | EU17: 613.56936 | EV17: 759.88422 | EW17: 2343.4578 | EX17: -1131.6389 | EY17: 2739.5692 | EZ17: 4217.3301 | FA17: 87.773115 | FB17: 1432.5757 | FC17: 1349.4428 | FD17: 1537.1617 | FE17: 984.80161 | FF17: 2059.2557 | FG17: 1374.0485 | FH17: 1159.3689 | FI17: 616.52706 | FJ17: 1891.9531 | FK17: 1463.9679 | FL17: 1207.0849 | FM17: 54.405095 | FN17: 644.95333 | FO17: 981.65298 | FP17: 1307.526 | FQ17: 651.27157 | FR17: 1362.6791 | FS17: 7199.7744 | FT17: -476.11226 | FU17: 2613.435 | FV17: 2799.8343 | FW17: 538.11224 | FX17: 2021.2957 | FY17: 2263.3779 | FZ17: 960.70868 | GA17: 1205.7265 | GB17: 1931.6032 | GC17: 532.77431 | GD17: 1703.9108 | GE17: 955.12665 | GF17: 728.3162 | GG17: 956.34023 | GH17: 1031.5814 | GI17: 1036.555 | GJ17: 928.64402 | GK17: 1630.2272 | GL17: 1179.7334 | GM17: 698.71872 | GN17: 168.05976 | GO17: 1119.7557 | GP17: 1017.3847 | GQ17: 2198.9379 | GR17: 1045.4332 | GS17: 1115.7053 | GT17: 1572.3812 | GU17: 1482.5603 | GV17: 21303.068 | GW17: -15805.449 | GX17: 1792.6158 | GY17: 1008.2396 | GZ17: 1115.1898 | HA17: 1197.1363 | HB17: 1277.681 | HC17: 1023.6585 | HD17: 1875.8207 | HE17: 3652.2765 | HF17: 2853.8569 | HG17: 3028.1273 | HH17: 5323.4387 | HI17: -3389.6271 | HJ17: 1652.6094 | HK17: 1716.0736 | HL17: 1461.382 | HM17: 2179.3813 | HN17: -935.40269 | HO17: 2217.0134 | HP17: 3213.4711 | HQ17: 4376.5578 | HR17: 1825.4425 | HS17: 2176.1959 | HT17: 2081.7099 | HU17: 335.3783 | HV17: 1161.9701 | HW17: 1127.6009 | HX17: 1788.1775 | HY17: 1698.3051 | HZ17: -131.55618 | IA17: 124.41846 | IB17: 1729.9822 | IC17: 1621.5252 | ID17: 2774.0699 | IE17: 22883.921 | IF17: 1937.1233 | IG17: 1726.9132 | IH17: 1726.8904 | II17: 422.36451 | IJ17: 1918.6902 | IK17: 898.50261 | IL17: 2609.9508 | IM17: 1928.2474 | IN17: 1417.0401 | IO17: 3369.3757 | IP17: 5073.2566 | IQ17: 2749.6445 | IR17: -23819.807 | IS17: 2188.0295 | IT17: 2823.3184 | IU17: 2266.811 | IV17: 1625.4766 | IW17: 1982.5458 | IX17: -4708.3237 | IY17: 1726.5836 | IZ17: 1788.1984 | JA17: 540.59116 | JB17: 2012.5765 | JC17: 2119.9956 | JD17: 1098.2535 | JE17: -3976.0722 | JF17: 2326.2844
... A32: II.2 Constitutional Funds | B32: 142.746 | C32: 106.44 | D32: 97.076 | E32: 121.738 | F32: 124.236 | G32: 17.047952 | H32: 64.672274 | I32: 36.422214 | J32: 44.91908 | K32: 42.376053 | L32: 66.091461 | M32: 44.973142 | N32: 39.034 | O32: 37.439 | P32: 51.352 | Q32: 27.272 | R32: 57.013 | S32: 64.705 | T32: 184.128 | U32: 61.953 | V32: 63.349 | W32: 66.417 | X32: 27.868 | Y32: 195.547 | Z32: 78.768804 | AA32: 69.95581 | AB32: 29.765506 | AC32: 39.289168 | AD32: 67.288521 | AE32: 56.100949 | AF32: 70.099509 | AG32: 64.253565 | AH32: 51.418176 | AI32: 96.487655 | AJ32: 46.168694 | AK32: 47.053969 | AL32: 1.9754813 | AM32: 52.865695 | AN32: 83.903377 | AO32: 76.105886 | AP32: 95.335337 | AQ32: 73.000972 | AR32: 84.688459 | AS32: 27.603377 | AT32: 51.299736 | AU32: 49.936764 | AV32: 96.473567 | AW32: 43.081435 | AX32: 99.468687 | AY32: 100.07788 | AZ32: 75.457388 | BA32: 86.329184 | BB32: 49.751348 | BC32: 223.71714 | BD32: 73.159848 | BE32: 50.836906 | BF32: 68.385873 | BG32: 28.54739 | BH32: 90.103579 | BI32: 124.3466 | BJ32: 119.09084 | BK32: -83.237691 | BL32: 2.2947128 | BM32: 64.473355 | BN32: 63.652749 | BO32: -68.748189 | BP32: 12.204392 | BQ32: 57.025253 | BR32: 0.060132814 | BS32: 56.661319 | BT32: 60.146235 | BU32: -21.182728 | BV32: 36.892633 | BW32: 57.222066 | BX32: 52.872308 | BY32: 111.05376 | BZ32: 53.353198 | CA32: 73.150228 | CB32: 49.597825 | CC32: 89.48688 | CD32: 99.109265 | CE32: 82.924451 | CF32: 120.01167 | CG32: 113.14652 | CH32: 93.361069 | CI32: 100.59963 | CJ32: 119.159 | CK32: 109.63433 | CL32: 235.17768 | CM32: -53.453493 | CN32: 75.476977 | CO32: 113.37459 | CP32: 106.27973 | CQ32: 46.958425 | CR32: 126.16279 | CS32: 191.85986 | CT32: 162.51643 | CU32: 107.31396 | CV32: 96.495796 | CW32: 84.470701 | CX32: 73.915733 | CY32: -71.650351 | CZ32: 137.99277 | DA32: 141.41407 | DB32: 170.49233 | DC32: 158.57001 | DD32: 204.78427 | DE32: 212.25346 | DF32: 475.36284 | DG32: 70.41749 | DH32: 178.67093 | DI32: 257.24143 | DJ32: 177.25132 | DK32: 10.713639 | DL32: 91.367795 | DM32: 227.36119 | DN32: 186.08993 | DO32: 131.25894 | DP32: 194.43539 | DQ32: 206.83188 | DR32: 188.36256 | DS32: 99.958046 | DT32: 98.77007 | DU32: 245.98694 | DV32: 317.43856 | DW32: 253.0223 | DX32: 184.31659 | DY32: 110.457 | DZ32: 183.34299 | EA32: 278.59293 | EB32: 82.965298 | EC32: 175.15833 | ED32: 204.73566 | EE32: 57.519445 | EF32: 228.86083 | EG32: 239.27103 | EH32: 212.2017 | EI32: 263.81769 | EJ32: 173.46116 | EK32: 343.16974 | EL32: 169.36608 | EM32: 99.325299 | EN32: 376.74411 | EO32: 305.49537 | EP32: 323.98106 | EQ32: 241.06214 | ER32: 214.84512 | ES32: 283.52772 | ET32: 431.42238 | EU32: 253.86121 | EV32: 98.11199 | EW32: 156.55244 | EX32: 206.41486 | EY32: 179.23123 | EZ32: 320.95123 | FA32: 123.04692 | FB32: 194.693 | FC32: 262.79322 | FD32: 223.34592 | FE32: 281.77164 | FF32: 276.50175 | FG32: 246.86806 | FH32: 186.19573 | FI32: 251.80772 | FJ32: 235.19176 | FK32: 220.72745 | FL32: 296.26214 | FM32: 585.73055 | FN32: 351.82494 | FO32: 299.88894 | FP32: 373.31317 | FQ32: 369.14956 | FR32: 373.29395 | FS32: 383.17195 | FT32: 203.49001 | FU32: 316.72447 | FV32: 289.63204 | FW32: 101.68836 | FX32: 358.29695 | FY32: 360.79285 | FZ32: 410.92185 | GA32: 322.81286 | GB32: 237.86872 | GC32: 340.87892 | GD32: 320.75535 | GE32: 467.4647 | GF32: 254.47353 | GG32: 264.14445 | GH32: 258.5142 | GI32: 431.25124 | GJ32: 361.38118 | GK32: 619.33471 | GL32: 334.31333 | GM32: 343.5557 | GN32: 265.57697 | GO32: 412.24535 | GP32: 446.2761 | GQ32: 479.01663 | GR32: 375.66963 | GS32: 426.9644 | GT32: 373.62302 | GU32: 340.85148 | GV32: 316.92549 | GW32: 515.66972 | GX32: 390.85901 | GY32: 375.77909 | GZ32: 324.01225 | HA32: 417.44316 | HB32: 406.17925 | HC32: 432.92082 | HD32: 275.9548 | HE32: 359.72086 | HF32: 412.09007 | HG32: 376.34141 | HH32: 404.00785 | HI32: 380.43883 | HJ32: 427.76424 | HK32: 483.04783 | HL32: 454.2311 | HM32: 509.48272 | HN32: 532.52779 | HO32: 616.28445 | HP32: 470.77219 | HQ32: 571.5569 | HR32: 549.6285 | HS32: 509.49155 | HT32: 528.66657 | HU32: 459.95559 | HV32: 603.4991 | HW32: 645.66445 | HX32: 580.53328 | HY32: 608.34944 | HZ32: 666.08608 | IA32: 647.29608 | IB32: 542.38779 | IC32: 592.59369 | ID32: 548.03214 | IE32: 600.84066 | IF32: 690.16135 | IG32: 804.6434 | IH32: 634.78472 | II32: 780.0557 | IJ32: 607.58001 | IK32: 680.4749 | IL32: 691.3238 | IM32: 705.21993 | IN32: 613.18105 | IO32: 643.38861 | IP32: 586.64584 | IQ32: 626.04866 | IR32: 640.02566 | IS32: 629.90458 | IT32: 658.27176 | IU32: 690.81008 | IV32: 633.95975 | IW32: 692.0801 | IX32: 726.87502 | IY32: 712.42651 | IZ32: 636.12888 | JA32: 652.59583 | JB32: 749.1075 | JC32: 723.76675 | JD32: 791.7534 | JE32: 802.30212 | JF32: 831.65546
A33: II.2.1 Total Transfer | B33: n.d. | C33: n.d. | D33: n.d. | E33: n.d. | F33: n.d. | G33: n.d. | H33: n.d. | I33: n.d. | J33: n.d. | K33: n.d. | L33: n.d. | M33: n.d. | N33: n.d. | O33: n.d. | P33: n.d. | Q33: n.d. | R33: n.d. | S33: n.d. | T33: n.d. | U33: n.d. | V33: n.d. | W33: n.d. | X33: n.d. | Y33: n.d. | Z33: 156.1588 | AA33: 140.70301 | AB33: 179.92551 | AC33: 147.15917 | AD33: 158.91852 | AE33: 106.16095 | AF33: 105.58951 | AG33: 131.70297 | AH33: 122.89598 | AI33: 146.40766 | AJ33: 139.11499 | AK33: 137.71397 | AL33: 172.614 | AM33: 163.736 | AN33: 0 | AO33: 0 | AP33: 540.32259 | AQ33: 143.53239 | AR33: 136.55 | AS33: 152.252 | AT33: 153.52051 | AU33: 162.32 | AV33: 176.18 | AW33: 148 | AX33: 281.70977 | AY33: 188.13469 | AZ33: 164.97472 | BA33: 194.03652 | BB33: 218.16557 | BC33: 189.2914 | BD33: 172.19351 | BE33: 181.29047 | BF33: 196.08748 | BG33: 187.397 | BH33: 194.771 | BI33: 230.15435 | BJ33: 261.76376 | BK33: 266.20262 | BL33: 227.76816 | BM33: 245.86883 | BN33: 299.98449 | BO33: 192.67116 | BP33: 210.67184 | BQ33: 199.47903 | BR33: 156.51659 | BS33: 353.90377 | BT33: 254.53733 | BU33: 156.13289 | BV33: 0 | BW33: 0 | BX33: 620.66099 | BY33: 47.02353 | BZ33: 326.85975 | CA33: 57.438396 | CB33: 743.63587 | CC33: 316.15317 | CD33: 232.34645 | CE33: 142.21553 | CF33: 316.88573 | CG33: 182.63203 | CH33: 429.72661 | CI33: 272.0998 | CJ33: 305.71641 | CK33: 284.69695 | CL33: 290.6837 | CM33: 231.19002 | CN33: 248.77725 | CO33: 291.20698 | CP33: 229.65248 | CQ33: 292.38355 | CR33: 269.02346 | CS33: 332.04181 | CT33: 293.99791 | CU33: 330.76793 | CV33: 388.86052 | CW33: 340.31532 | CX33: 384.12254 | CY33: 372.15345 | CZ33: 305.59918 | DA33: 314.41287 | DB33: 197.23407 | DC33: 369.52628 | DD33: 294.03268 | DE33: 589.03214 | DF33: 409.16288 | DG33: 366.8549 | DH33: 354.75977 | DI33: 373.47074 | DJ33: 438.35378 | DK33: 400.84517 | DL33: 382.95271 | DM33: 374.76751 | DN33: 329.88826 | DO33: 333.85202 | DP33: 388.62842 | DQ33: 472.60508 | DR33: 420.47795 | DS33: 439.34729 | DT33: 387.40346 | DU33: 465.56344 | DV33: 480.51532 | DW33: 414.94382 | DX33: 457.68226 | DY33: 402.80975 | DZ33: 393.55533 | EA33: 413.75732 | EB33: 460.22175 | EC33: 623.01496 | ED33: 560.36213 | EE33: 543.18669 | EF33: 557.79537 | EG33: 477.51806 | EH33: 607.10966 | EI33: 501.80007 | EJ33: 442.48374 | EK33: 489.06972 | EL33: 439.30357 | EM33: 496.399 | EN33: 599.493 | EO33: 630.924 | EP33: 547.95557 | EQ33: 468.60875 | ER33: 524.95522 | ES33: 516.02364 | ET33: 614.90323 | EU33: 543.65266 | EV33: 436.78972 | EW33: 463.25497 | EX33: 416.96904 | EY33: 489.23017 | EZ33: 637.11398 | FA33: 626.48693 | FB33: 495.07361 | FC33: 628.72429 | FD33: 484.48884 | FE33: 514.31347 | FF33: 709.79766 | FG33: 586.22941 | FH33: 431.07705 | FI33: 577.72932 | FJ33: 451.69408 | FK33: 517.81888 | FL33: 654.261 | FM33: 784.43797 | FN33: 713.9994 | FO33: 810.02412 | FP33: 592.66734 | FQ33: 709.65405 | FR33: 776.62197 | FS33: 773.08701 | FT33: 587.47877 | FU33: 683.02291 | FV33: 515.00882 | FW33: 676.94274 | FX33: 677.80123 | FY33: 867.98653 | FZ33: 757.53077 | GA33: 916.34854 | GB33: 622.347 | GC33: 784.36134 | GD33: 877.25266 | GE33: 748.60262 | GF33: 559.03141 | GG33: 616.87943 | GH33: 497.10514 | GI33: 615.63537 | GJ33: 774.47668 | GK33: 871.0657 | GL33: 813.71386 | GM33: 1048.4357 | GN33: 620.40534 | GO33: 720.1573 | GP33: 966.88658 | GQ33: 806.66628 | GR33: 574.44934 | GS33: 751.08333 | GT33: 621.62001 | GU33: 621.62956 | GV33: 864.6741 | GW33: 891.845 | GX33: 1065.9177 | GY33: 1138.2442 | GZ33: 675.20081 | HA33: 770.62805 | HB33: 1026.9566 | HC33: 770.15118 | HD33: 661.46242 | HE33: 803.5643 | HF33: 704.39129 | HG33: 665.72231 | HH33: 881.16861 | HI33: 967.89917 | HJ33: 1084.2666 | HK33: 1106.8262 | HL33: 806.16027 | HM33: 870.06056 | HN33: 1069.9318 | HO33: 930.94913 | HP33: 634.85176 | HQ33: 860.71662 | HR33: 672.15875 | HS33: 765.02805 | HT33: 863.77672 | HU33: 993.24411 | HV33: 946.40913 | HW33: 1184.7674 | HX33: 719.64976 | HY33: 855.50901 | HZ33: 1137.6205 | IA33: 939.85882 | IB33: 681.40867 | IC33: 845.0412 | ID33: 687.18732 | IE33: 834.17326 | IF33: 0 | IG33: 3362.1165 | IH33: 1015.6967 | II33: 1245.0118 | IJ33: 873.17756 | IK33: 983.06394 | IL33: 1115.0169 | IM33: 966.80054 | IN33: 848.16425 | IO33: 879.60637 | IP33: 628.45227 | IQ33: 984.16708 | IR33: 881.16263 | IS33: 1178.543 | IT33: 1077.2525 | IU33: 1408.3059 | IV33: 948.34042 | IW33: 994.30404 | IX33: 1220.2526 | IY33: 1142.7085 | IZ33: 776.09856 | JA33: 979.09405 | JB33: 671.65152 | JC33: 905.61566 | JD33: 1053.7025 | JE33: 1290.2518 | JF33: 1113.4746
A34: II.2.2 Funds Surplus | B34: n.d. | C34: n.d. | D34: n.d. | E34: n.d. | F34: n.d. | G34: n.d. | H34: n.d. | I34: n.d. | J34: n.d. | K34: n.d. | L34: n.d. | M34: n.d. | N34: n.d. | O34: n.d. | P34: n.d. | Q34: n.d. | R34: n.d. | S34: n.d. | T34: n.d. | U34: n.d. | V34: n.d. | W34: n.d. | X34: n.d. | Y34: n.d. | Z34: -77.39 | AA34: -70.7472 | AB34: -150.16 | AC34: -107.87 | AD34: -91.63 | AE34: -50.06 | AF34: -35.49 | AG34: -67.4494 | AH34: -71.4778 | AI34: -49.92 | AJ34: -92.9463 | AK34: -90.66 | AL34: -170.63852 | AM34: -110.87031 | AN34: 83.903377 | AO34: 76.105886 | AP34: -444.98726 | AQ34: -70.531417 | AR34: -51.861541 | AS34: -124.64862 | AT34: -102.22077 | AU34: -112.38324 | AV34: -79.706433 | AW34: -104.91857 | AX34: -182.24108 | AY34: -88.05681 | AZ34: -89.517334 | BA34: -107.70734 | BB34: -168.41422 | BC34: 34.425744 | BD34: -99.033662 | BE34: -130.45356 | BF34: -127.70161 | BG34: -158.84961 | BH34: -104.66742 | BI34: -105.80775 | BJ34: -142.67292 | BK34: -349.44031 | BL34: -225.47345 | BM34: -181.39548 | BN34: -236.33174 | BO34: -261.41935 | BP34: -198.46745 | BQ34: -142.45378 | BR34: -156.45646 | BS34: -297.24245 | BT34: -194.39109 | BU34: -177.31562 | BV34: 36.892633 | BW34: 57.222066 | BX34: -567.78868 | BY34: 64.030226 | BZ34: -273.50655 | CA34: 15.711831 | CB34: -694.03805 | CC34: -226.66629 | CD34: -133.23718 | CE34: -59.291079 | CF34: -196.87406 | CG34: -69.485514 | CH34: -336.36554 | CI34: -171.50017 | CJ34: -186.55741 | CK34: -175.06262 | CL34: -55.506019 | CM34: -284.64351 | CN34: -173.30027 | CO34: -177.83239 | CP34: -123.37275 | CQ34: -245.42513 | CR34: -142.86067 | CS34: -140.18195 | CT34: -131.48148 | CU34: -223.45398 | CV34: -292.36472 | CW34: -255.84462 | CX34: -310.20681 | CY34: -443.8038 | CZ34: -167.60641 | DA34: -172.99879 | DB34: -26.741748 | DC34: -210.95627 | DD34: -89.248417 | DE34: -376.77868 | DF34: 66.199962 | DG34: -296.43741 | DH34: -176.08883 | DI34: -116.22931 | DJ34: -261.10247 | DK34: -390.13153 | DL34: -291.58492 | DM34: -147.40632 | DN34: -143.79834 | DO34: -202.59308 | DP34: -194.19303 | DQ34: -265.7732 | DR34: -232.11539 | DS34: -339.38925 | DT34: -288.63339 | DU34: -219.5765 | DV34: -163.07675 | DW34: -161.92152 | DX34: -273.36566 | DY34: -292.35275 | DZ34: -210.21234 | EA34: -135.16438 | EB34: -377.25646 | EC34: -447.85662 | ED34: -355.62647 | EE34: -485.66725 | EF34: -328.93454 | EG34: -238.24702 | EH34: -394.90796 | EI34: -237.98237 | EJ34: -269.02258 | EK34: -145.89998 | EL34: -269.93749 | EM34: -397.0737 | EN34: -222.74889 | EO34: -325.42863 | EP34: -223.97451 | EQ34: -227.54661 | ER34: -310.11011 | ES34: -232.49592 | ET34: -183.48086 | EU34: -289.79144 | EV34: -338.67773 | EW34: -306.70254 | EX34: -210.55419 | EY34: -309.99894 | EZ34: -316.16275 | FA34: -503.44001 | FB34: -300.38061 | FC34: -365.93107 | FD34: -261.14293 | FE34: -232.54183 | FF34: -433.29591 | FG34: -339.36136 | FH34: -244.88132 | FI34: -325.92161 | FJ34: -216.50232 | FK34: -297.09143 | FL34: -357.99886 | FM34: -198.70742 | FN34: -362.17446 | FO34: -510.13518 | FP34: -219.35418 | FQ34: -340.50448 | FR34: -403.32802 | FS34: -389.91506 | FT34: -383.98876 | FU34: -366.29843 | FV34: -225.37678 | FW34: -575.25437 | FX34: -319.50428 | FY34: -507.19368 | FZ34: -346.60891 | GA34: -593.53568 | GB34: -384.47828 | GC34: -443.48242 | GD34: -556.49731 | GE34: -281.13791 | GF34: -304.55788 | GG34: -352.73497 | GH34: -238.59094 | GI34: -184.38413 | GJ34: -413.0955 | GK34: -251.73098 | GL34: -479.40052 | GM34: -704.87999 | GN34: -354.82836 | GO34: -307.91194 | GP34: -520.61048 | GQ34: -327.64965 | GR34: -198.77971 | GS34: -324.11893 | GT34: -247.99699 | GU34: -280.77808 | GV34: -547.74861 | GW34: -376.17528 | GX34: -675.05864 | GY34: -762.46507 | GZ34: -351.18856 | HA34: -353.18488 | HB34: -620.77737 | HC34: -337.23037 | HD34: -385.50762 | HE34: -443.84344 | HF34: -292.30122 | HG34: -289.3809 | HH34: -477.16076 | HI34: -587.46034 | HJ34: -656.50237 | HK34: -623.77833 | HL34: -351.92917 | HM34: -360.57784 | HN34: -537.40399 | HO34: -314.66468 | HP34: -164.07957 | HQ34: -289.15972 | HR34: -122.53025 | HS34: -255.5365 | HT34: -335.11015 | HU34: -533.28853 | HV34: -342.91002 | HW34: -539.10295 | HX34: -139.11648 | HY34: -247.15957 | HZ34: -471.53441 | IA34: -292.56273 | IB34: -139.02087 | IC34: -252.44751 | ID34: -139.15519 | IE34: -233.3326 | IF34: 690.16135 | IG34: -2557.4731 | IH34: -380.91198 | II34: -464.95615 | IJ34: -265.59755 | IK34: -302.58904 | IL34: -423.69309 | IM34: -261.58061 | IN34: -234.9832 | IO34: -236.21776 | IP34: -41.806425 | IQ34: -358.11842 | IR34: -241.13697 | IS34: -548.63846 | IT34: -418.98069 | IU34: -717.49579 | IV34: -314.38067 | IW34: -302.22394 | IX34: -493.3776 | IY34: -430.28204 | IZ34: -139.96968 | JA34: -326.49822 | JB34: 77.455979 | JC34: -181.84891 | JD34: -261.94906 | JE34: -487.94972 | JF34: -281.81913
A35: II.3 Education-Salary (social contribution for education) | B35: 116.90308 | C35: 119.17884 | D35: 117.35139 | E35: 115.04862 | F35: 116.49291 | G35: 116.99223 | H35: 110.13491 | I35: 121.45121 | J35: 120.62516 | K35: 119.09154 | L35: 118.20216 | M35: 188.77687 | N35: 111.22985 | O35: 120.84302 | P35: 94.8071 | Q35: 93.109435 | R35: 100.61385 | S35: 101.98845 | T35: 96.121409 | U35: 105.03007 | V35: 101.14647 | W35: 102.76544 | X35: 107.68841 | Y35: 176.55712 | Z35: 227.694 | AA35: 0 | AB35: 208.469 | AC35: 45.372 | AD35: 137.368 | AE35: 47.003 | AF35: 146.426 | AG35: 48.81 | AH35: 131.757 | AI35: 34.414 | AJ35: 165.394 | AK35: 62.37 | AL35: 194.624 | AM35: 106.688 | AN35: 217.381 | AO35: 60.324 | AP35: 203.545 | AQ35: 71.94 | AR35: 209.265 | AS35: 72.079 | AT35: 214.331 | AU35: 79.2 | AV35: 219.496 | AW35: 75.9 | AX35: 289.0685 | AY35: 112.79399 | AZ35: 238.19587 | BA35: 79.662 | BB35: 238.11644 | BC35: 73.26 | BD35: 241.23063 | BE35: 82.962 | BF35: 249.22467 | BG35: 77.022 | BH35: 242.95635 | BI35: 79.662 | BJ35: 330.50495 | BK35: 142.41 | BL35: 269.27059 | BM35: 79.728 | BN35: 284.43302 | BO35: 83.82 | BP35: 273.02839 | BQ35: 87.12 | BR35: 297.1787 | BS35: 91.806 | BT35: 297.28431 | BU35: 103.422 | BV35: 395.61601 | BW35: 163.59634 | BX35: 294.40824 | BY35: 93.06 | BZ35: 295.46947 | CA35: 100.32 | CB35: 295.01824 | CC35: 100.98 | CD35: 309.40588 | CE35: 109.56 | CF35: 324.71212 | CG35: 121.11 | CH35: 448.11372 | CI35: 189.30529 | CJ35: 306.62479 | CK35: 110.68044 | CL35: 332.56717 | CM35: 100.89459 | CN35: 321.78518 | CO35: 109.07444 | CP35: 336.55279 | CQ35: 103.4536 | CR35: 398.24032 | CS35: 117.87727 | CT35: 457.17688 | CU35: 187.88742 | CV35: 477.80442 | CW35: 139.57707 | CX35: 390.15826 | CY35: 118.06977 | CZ35: 358.39943 | DA35: 155.21936 | DB35: 402.14864 | DC35: 161.95896 | DD35: 425.31489 | DE35: 166.31473 | DF35: 544.10994 | DG35: 300.25439 | DH35: 440.04846 | DI35: 175.69485 | DJ35: 432.17777 | DK35: 172.0033 | DL35: 454.68154 | DM35: 176.04882 | DN35: 485.49022 | DO35: 184.64682 | DP35: 474.74226 | DQ35: 197.11701 | DR35: 663.74906 | DS35: 489.57713 | DT35: 205.39324 | DU35: 333.89695 | DV35: 342.16045 | DW35: 340.87206 | DX35: 339.03882 | DY35: 345.985 | DZ35: 362.40761 | EA35: 358.65688 | EB35: 366.76227 | EC35: 388.7418 | ED35: 380.19914 | EE35: 0 | EF35: 1052.85 | EG35: 393.07397 | EH35: 397.79014 | EI35: 391.86149 | EJ35: 406.68806 | EK35: 420.83389 | EL35: 419.98325 | EM35: 437.92993 | EN35: 436.93029 | EO35: 434.79597 | EP35: 445.13351 | EQ35: 756.14562 | ER35: 471.70656 | ES35: 435.10325 | ET35: 453.29181 | EU35: 431.72239 | EV35: 449.04632 | EW35: 454.05194 | EX35: 447.38014 | EY35: 470.58427 | EZ35: 461.6658 | FA35: 464.30499 | FB35: 488.29106 | FC35: 853.16864 | FD35: 498.67155 | FE35: 494.33349 | FF35: 495.59184 | FG35: 503.00734 | FH35: 522.29441 | FI35: 517.27866 | FJ35: 530.28332 | FK35: 558.66456 | FL35: 539.10647 | FM35: 553.01875 | FN35: 440.48764 | FO35: 1140.408 | FP35: 598.42129 | FQ35: 586.12128 | FR35: 576.96707 | FS35: 588.23115 | FT35: 606.27464 | FU35: 606.04445 | FV35: 625.83377 | FW35: 731.32529 | FX35: 634.84187 | FY35: 635.7916 | FZ35: 602.20142 | GA35: 1160.7917 | GB35: 687.51637 | GC35: 671.62695 | GD35: 668.47143 | GE35: 739.84877 | GF35: 696.66797 | GG35: 691.27359 | GH35: 709.92781 | GI35: 718.00845 | GJ35: 710.10702 | GK35: 731.27845 | GL35: 739.85126 | GM35: 1288.1838 | GN35: 780.52102 | GO35: 753.15955 | GP35: 752.21266 | GQ35: 745.36088 | GR35: 801.34378 | GS35: 777.67638 | GT35: 796.77334 | GU35: 797.99274 | GV35: 811.03672 | GW35: 0 | GX35: 1631.6477 | GY35: 0 | GZ35: 1466.2014 | HA35: 824.00943 | HB35: 857.56426 | HC35: 829.18853 | HD35: 841.5989 | HE35: 856.65433 | HF35: 863.52452 | HG35: 860.31515 | HH35: 889.22578 | HI35: 880.87147 | HJ35: 1811.9144 | HK35: 1567.4595 | HL35: 921.19025 | HM35: 901.71145 | HN35: 899.71944 | HO35: 888.80488 | HP35: 901.85349 | HQ35: 913.2688 | HR35: 859.03434 | HS35: 942.57062 | HT35: 890.47989 | HU35: 857.04835 | HV35: 907.65721 | HW35: 1590.1465 | HX35: 941.39126 | HY35: 924.32492 | HZ35: 922.10161 | IA35: 916.07971 | IB35: 911.10483 | IC35: 916.69354 | ID35: 909.30989 | IE35: 924.50672 | IF35: 909.65495 | IG35: 912.33032 | IH35: 934.05495 | II35: 1632.7972 | IJ35: 945.5893 | IK35: 935.20205 | IL35: 941.47173 | IM35: 925.79947 | IN35: 948.52773 | IO35: 932.50881 | IP35: 950.0169 | IQ35: 961.54653 | IR35: 946.45199 | IS35: 964.83275 | IT35: 981.43338 | IU35: 1698.0522 | IV35: 974.73441 | IW35: 965.35639 | IX35: 952.22461 | IY35: 962.03397 | IZ35: 958.40804 | JA35: 956.10852 | JB35: 960.87979 | JC35: 983.61987 | JD35: 1423.5113 | JE35: 941.69164 | JF35: 1367.7893
A36: II.4 Exploitation of Natural Reosurces | B36: 0 | C36: 0 | D36: 0 | E36: 0 | F36: 0 | G36: 0 | H36: 0 | I36: 0 | J36: 0 | K36: 0 | L36: 0 | M36: 0 | N36: 0 | O36: 0 | P36: 0 | Q36: 0 | R36: 0 | S36: 0 | T36: 0 | U36: 0 | V36: 0 | W36: 0 | X36: 9.832854 | Y36: 58.419996 | Z36: 28.050226 | AA36: 28.480004 | AB36: 40.37602 | AC36: 39.45649 | AD36: 51.210971 | AE36: 55.129812 | AF36: 58.262338 | AG36: 60.925614 | AH36: 76.819979 | AI36: 89.020919 | AJ36: 96.741217 | AK36: 101.87932 | AL36: 106.41476 | AM36: 186.27057 | AN36: 106.84341 | AO36: 104.44462 | AP36: 114.70396 | AQ36: 235.44098 | AR36: 112.7713 | AS36: 246.05818 | AT36: 119.67263 | AU36: 120.72281 | AV36: 298.17843 | AW36: 145.05274 | AX36: 156.43147 | AY36: 362.91452 | AZ36: 121.13343 | BA36: 126.75681 | BB36: 286.72344 | BC36: 124.58667 | BD36: 148.01881 | BE36: 366.19231 | BF36: 152.92475 | BG36: 163.4357 | BH36: 254.77475 | BI36: 0 | BJ36: 124.84089 | BK36: 301.19403 | BL36: 137.38649 | BM36: 132.58758 | BN36: 418.05075 | BO36: 173.50464 | BP36: 194.29466 | BQ36: 557.41597 | BR36: 226.91459 | BS36: 258.87896 | BT36: 749.93556 | BU36: 89.517557 | BV36: 0 | BW36: 912.22435 | BX36: 336.87051 | BY36: 328.36782 | BZ36: 1077.4883 | CA36: 228.40864 | CB36: 237.88208 | CC36: 691.15286 | CD36: 263.61491 | CE36: 298.07111 | CF36: 835.52976 | CG36: 266.4577 | CH36: 272.50045 | CI36: 879.26279 | CJ36: 376.9019 | CK36: 249.14353 | CL36: 915.29698 | CM36: 457.16643 | CN36: 385.80872 | CO36: 1066.0075 | CP36: 447.74435 | CQ36: 555.36817 | CR36: 1281.7225 | CS36: 584.81365 | CT36: 419.40497 | CU36: 1171.5527 | CV36: 524.84344 | CW36: 403.76621 | CX36: 1376.2088 | CY36: 508.81014 | CZ36: 569.4244 | DA36: 1372.2378 | DB36: 542.28264 | DC36: 571.98032 | DD36: 1562.5669 | DE36: 547.50167 | DF36: 539.8696 | DG36: 1430.0661 | DH36: 645.44596 | DI36: 526.56161 | DJ36: 1631.639 | DK36: 627.23991 | DL36: 657.26873 | DM36: 1697.2018 | DN36: 685.49239 | DO36: 668.49627 | DP36: 1765.0355 | DQ36: 590.61406 | DR36: 573.6631 | DS36: 1541.0981 | DT36: 553.69713 | DU36: 517.32716 | DV36: 1369.852 | DW36: 594.29614 | DX36: 590.14912 | DY36: 1496.5571 | DZ36: 654.05351 | EA36: 647.49928 | EB36: 1633.4105 | EC36: 668.15758 | ED36: 697.30981 | EE36: 1867.8696 | EF36: 783.09335 | EG36: 699.27448 | EH36: 2015.2248 | EI36: 781.98411 | EJ36: 887.94523 | EK36: 2551.6921 | EL36: 993.50225 | EM36: 935.07225 | EN36: 2763.4207 | EO36: 818.79108 | EP36: 667.26304 | EQ36: 1475.7365 | ER36: 573.63831 | ES36: 539.70538 | ET36: 1328.7416 | EU36: 622.00925 | EV36: 676.78581 | EW36: 1750.8265 | EX36: 764.78866 | EY36: 796.05361 | EZ36: 2100.2461 | FA36: 917.29033 | FB36: 879.24191 | FC36: 2169.486 | FD36: 932.08605 | FE36: 872.86857 | FF36: 2324.2066 | FG36: 956.13659 | FH36: 832.23113 | FI36: 2085.5824 | FJ36: 816.14685 | FK36: 836.00882 | FL36: 1933.9026 | FM36: 842.99655 | FN36: 852.7524 | FO36: 2124.7736 | FP36: 1071.4736 | FQ36: 791.30867 | FR36: 2767.3286 | FS36: 1043.9516 | FT36: 961.26317 | FU36: 2967.296 | FV36: 934.70546 | FW36: 1186.3359 | FX36: 2732.0531 | FY36: 1161.0679 | FZ36: 1271.8343 | GA36: 3033.9061 | GB36: 1349.4379 | GC36: 1181.4221 | GD36: 3337.771 | GE36: 1188.4186 | GF36: 1134.3358 | GG36: 3313.8554 | GH36: 1053.9213 | GI36: 1355.1089 | GJ36: 3027.8984 | GK36: 1366.702 | GL36: 1347.0681 | GM36: 3578.9614 | GN36: 1425.2533 | GO36: 1076.1795 | GP36: 3051.0252 | GQ36: 1202.0497 | GR36: 1204.7898 | GS36: 2999.0734 | GT36: 1347.3694 | GU36: 1379.0589 | GV36: 3479.6547 | GW36: 1350.645 | GX36: 1339.3337 | GY36: 2853.4524 | GZ36: 1420.4066 | HA36: 1460.6133 | HB36: 2914.1578 | HC36: 1439.2563 | HD36: 1307.4366 | HE36: 3479.5539 | HF36: 1454.51 | HG36: 2103.5719 | HH36: 3474.8155 | HI36: 1903.8877 | HJ36: 1198.5377 | HK36: 2751.5713 | HL36: 924.3343 | HM36: 980.32945 | HN36: 2056.8269 | HO36: 1102.4073 | HP36: 1194.1953 | HQ36: 2507.5448 | HR36: 1109.4903 | HS36: 1008.8868 | HT36: 2360.732 | HU36: 1642.0674 | HV36: 910.16718 | HW36: 2151.7836 | HX36: 928.82006 | HY36: 874.3279 | HZ36: 1519.3723 | IA36: 971.35492 | IB36: 1071.3209 | IC36: 2048.2628 | ID36: 953.61949 | IE36: 1009.324 | IF36: 1358.673 | IG36: 1443.7167 | IH36: 1150.7026 | II36: 3031.832 | IJ36: 1488.6462 | IK36: 1176.7035 | IL36: 3227.11 | IM36: 1052.2112 | IN36: 1340.4377 | IO36: 2927.5332 | IP36: 1119.24 | IQ36: 1174.1311 | IR36: 3127.7927 | IS36: 1368.4249 | IT36: 1421.5671 | IU36: 4247.1695 | IV36: 1753.5414 | IW36: 1421.811 | IX36: 4938.3023 | IY36: 1547.7127 | IZ36: 2049.9041 | JA36: 5953.4243 | JB36: 1910.5103 | JC36: 1709.7427 | JD36: 6610.8452 | JE36: 2405.5859 | JF36: 1737.9625
A37: II.5 CIDE - Fuels | B37: 0 | C37: 0 | D37: 0 | E37: 0 | F37: 0 | G37: 0 | H37: 0 | I37: 0 | J37: 0 | K37: 0 | L37: 0 | M37: 0 | N37: 0 | O37: 0 | P37: 0 | Q37: 0 | R37: 0 | S37: 0 | T37: 0 | U37: 0 | V37: 0 | W37: 0 | X37: 0 | Y37: 0 | Z37: 0 | AA37: 0 | AB37: 0 | AC37: 0 | AD37: 0 | AE37: 0 | AF37: 0 | AG37: 0 | AH37: 0 | AI37: 0 | AJ37: 0 | AK37: 0 | AL37: 0 | AM37: 0 | AN37: 0 | AO37: 0 | AP37: 0 | AQ37: 0 | AR37: 0 | AS37: 0 | AT37: 0 | AU37: 0 | AV37: 0 | AW37: 0 | AX37: 0 | AY37: 0 | AZ37: 0 | BA37: 0 | BB37: 0 | BC37: 0 | BD37: 0 | BE37: 0 | BF37: 0 | BG37: 0 | BH37: 0 | BI37: 0 | BJ37: 0 | BK37: 0 | BL37: 0 | BM37: 0 | BN37: 0 | BO37: 0 | BP37: 0 | BQ37: 0 | BR37: 0 | BS37: 0 | BT37: 0 | BU37: 0 | BV37: 0 | BW37: 0 | BX37: 0 | BY37: 0 | BZ37: 0 | CA37: 0 | CB37: 0 | CC37: 0 | CD37: 0 | CE37: 0 | CF37: 0 | CG37: 0 | CH37: 0 | CI37: 0 | CJ37: 0 | CK37: 404.1526 | CL37: 1.1156741 | CM37: 8.7424383 | CN37: 254.84308 | CO37: 2.6131859 | CP37: 3.2244913 | CQ37: 434.47561 | CR37: 0 | CS37: 0 | CT37: 439.93708 | CU37: 0 | CV37: 0 | CW37: 430.0928 | CX37: 0 | CY37: 0 | CZ37: 453.47455 | DA37: 0 | DB37: 0 | DC37: 452.54952 | DD37: 0 | DE37: 0 | DF37: 446.5755 | DG37: 0 | DH37: 0 | DI37: 414.88683 | DJ37: 0 | DK37: 0 | DL37: 462.03298 | DM37: 0 | DN37: 0 | DO37: 457.8282 | DP37: 0 | DQ37: 0 | DR37: 479.05919 | DS37: 0 | DT37: 0 | DU37: 434.48459 | DV37: 0 | DW37: 0 | DX37: 465.94718 | DY37: 0 | DZ37: 0 | EA37: 470.75697 | EB37: 0 | EC37: 0 | ED37: 471.58337 | EE37: 0 | EF37: 0 | EG37: 460.40534 | EH37: 0 | EI37: 0 | EJ37: 370.67812 | EK37: 0 | EL37: 0 | EM37: 276.21271 | EN37: 0 | EO37: 0 | EP37: 273.88881 | EQ37: 0 | ER37: 0 | ES37: 28.169641 | ET37: 0 | EU37: 0 | EV37: 253.95474 | EW37: 0 | EX37: 0 | EY37: 406.40037 | EZ37: 0 | FA37: 0 | FB37: 453.10036 | FC37: 0 | FD37: 0 | FE37: 454.70691 | FF37: 0 | FG37: 0 | FH37: 388.65082 | FI37: 0 | FJ37: 0 | FK37: 479.26859 | FL37: 0 | FM37: 0 | FN37: 477.41079 | FO37: 0 | FP37: 0 | FQ37: 477.58936 | FR37: 0 | FS37: 0 | FT37: 565.08634 | FU37: 0 | FV37: 0 | FW37: 589.61977 | FX37: 0 | FY37: 0 | FZ37: 447.93188 | GA37: 0 | GB37: 0 | GC37: 292.18296 | GD37: 0 | GE37: 0 | GF37: 320.79039 | GG37: 0 | GH37: 0 | GI37: 56.977183 | GJ37: 0 | GK37: 0 | GL37: 1.738121 | GM37: 0 | GN37: 0 | GO37: 55.581048 | GP37: 0 | GQ37: 0 | GR37: 0 | GS37: 0 | GT37: 0 | GU37: 0 | GV37: 0 | GW37: 0 | GX37: 116.0825 | GY37: 0 | GZ37: 0 | HA37: 0 | HB37: 0 | HC37: 0 | HD37: 0 | HE37: 0 | HF37: 0 | HG37: 0 | HH37: 0 | HI37: 0 | HJ37: 2.248123 | HK37: 5.597136 | HL37: 0 | HM37: 0 | HN37: 0 | HO37: 0 | HP37: 112.75699 | HQ37: 0 | HR37: 0 | HS37: 327.35612 | HT37: 0 | HU37: 0 | HV37: 321.82686 | HW37: 0 | HX37: 0 | HY37: 413.21714 | HZ37: 0 | IA37: 0 | IB37: 501.74841 | IC37: 0 | ID37: 0 | IE37: 2.4888832 | IF37: 0 | IG37: 0 | IH37: 433.47614 | II37: 0 | IJ37: 0 | IK37: 396.3836 | IL37: 0 | IM37: 0 | IN37: 424.61917 | IO37: 0 | IP37: 0 | IQ37: 444.23533 | IR37: 0 | IS37: 0 | IT37: 424.68242 | IU37: 0 | IV37: 0 | IW37: 372.73878 | IX37: 0 | IY37: 0 | IZ37: 371.75429 | JA37: 0 | JB37: 0 | JC37: 187.58594 | JD37: 0 | JE37: 0 | JF37: 217.30425
A38: II.6 Other | B38: 22.529 | C38: 6.698169 | D38: 5.3353654 | E38: 1.8849774 | F38: 1.213478 | G38: 0.73162925 | H38: 3.2287846 | I38: 3.318138 | J38: 2.3238074 | K38: 2.9681121 | L38: 1.8256765 | M38: 1.9916263 | N38: 38.696289 | O38: 1.3024353 | P38: 10.311302 | Q38: 9.4085567 | R38: 1.492901 | S38: 0.06117073 | T38: 21.696935 | U38: 1.0198102 | V38: 10.038099 | W38: 12.573795 | X38: -1.8888795 | Y38: 32.973535 | Z38: 26.645 | AA38: 8.603 | AB38: 54.036 | AC38: 23.496 | AD38: 25.875 | AE38: 32.745191 | AF38: 35.906 | AG38: 36.221 | AH38: 31.729 | AI38: 72.396 | AJ38: 52.348 | AK38: 38.35 | AL38: 49.117241 | AM38: 37.220971 | AN38: 57.126591 | AO38: 57.250294 | AP38: 62.376037 | AQ38: 62.309016 | AR38: 451.5447 | AS38: 76.431816 | AT38: 66.802199 | AU38: 63.937192 | AV38: 124.85157 | AW38: 79.427264 | AX38: 72.032881 | AY38: 67.776162 | AZ38: 64.638203 | BA38: 84.74296 | BB38: 84.405894 | BC38: 90.480452 | BD38: 118.98332 | BE38: 52.432879 | BF38: 103.99545 | BG38: 93.609585 | BH38: 280.14099 | BI38: 193.99499 | BJ38: 110.65817 | BK38: 79.933124 | BL38: 81.620687 | BM38: 46.041918 | BN38: 115.62519 | BO38: 92.19053 | BP38: 132.98364 | BQ38: 94.120089 | BR38: 149.52263 | BS38: 149.00324 | BT38: 107.23277 | BU38: 295.95415 | BV38: 511.84843 | BW38: 87.693789 | BX38: 67.221311 | BY38: 166.51189 | BZ38: 91.23471 | CA38: 58.395187 | CB38: 160.31485 | CC38: 94.103696 | CD38: 61.26974 | CE38: 213.41093 | CF38: 35.916023 | CG38: 119.61655 | CH38: 22.238188 | CI38: 2.5772275 | CJ38: 2.7230261 | CK38: 2.5915113 | CL38: 6.0316089 | CM38: 6.9154674 | CN38: 8.6427912 | CO38: 7.7148514 | CP38: 8.0832934 | CQ38: 73.978492 | CR38: 18.345463 | CS38: 21.95922 | CT38: 35.653093 | CU38: 5.9877624 | CV38: 1.9519463 | CW38: 5.8496758 | CX38: 5.7525857 | CY38: 6.6942313 | CZ38: 6.68164 | DA38: 8.2042318 | DB38: 8.0939272 | DC38: 82.938888 | DD38: 19.047342 | DE38: 15.801617 | DF38: 14.905392 | DG38: 6.8075268 | DH38: 6.1795156 | DI38: 6.1421844 | DJ38: 5.9742085 | DK38: 7.8900308 | DL38: 5.9695188 | DM38: 6.3489833 | DN38: 8.0640501 | DO38: 94.639593 | DP38: 21.459081 | DQ38: 21.009551 | DR38: 13.041428 | DS38: 9.0323405 | DT38: 6.7696151 | DU38: 7.2780636 | DV38: 8.589 | DW38: 8.1684548 | DX38: 7.3492538 | DY38: 8.6070953 | DZ38: 7.3663953 | EA38: 109.84669 | EB38: 23.628194 | EC38: 22.398313 | ED38: 12.123089 | EE38: 6.1759496 | EF38: 11.623164 | EG38: 7.6534066 | EH38: 7.6084892 | EI38: 6.4716418 | EJ38: 10.684676 | EK38: 10.789811 | EL38: 11.091816 | EM38: 122.48617 | EN38: 27.55423 | EO38: 23.177814 | EP38: 19.610165 | EQ38: 6.4705431 | ER38: 15.210226 | ES38: 12.780735 | ET38: 10.035442 | EU38: 11.690079 | EV38: 11.400819 | EW38: 12.053468 | EX38: 16.935335 | EY38: 208.21294 | EZ38: 23.353843 | FA38: 22.109832 | FB38: 21.622057 | FC38: 10.698351 | FD38: 12.671608 | FE38: 68.827377 | FF38: 12.653375 | FG38: 11.678733 | FH38: 10.014762 | FI38: 11.169952 | FJ38: 17.990648 | FK38: 283.45145 | FL38: 48.363009 | FM38: 44.570694 | FN38: 56.927234 | FO38: 13.032906 | FP38: 14.349295 | FQ38: 14.700046 | FR38: 14.445746 | FS38: 14.287518 | FT38: 20.182144 | FU38: 16.127079 | FV38: 40.963921 | FW38: 284.55 | FX38: 65.328619 | FY38: 52.935607 | FZ38: 51.700842 | GA38: 17.495477 | GB38: 16.56086 | GC38: 17.338795 | GD38: 15.939386 | GE38: 15.841862 | GF38: 18.500429 | GG38: 16.507941 | GH38: 52.514931 | GI38: 327.0708 | GJ38: 64.253472 | GK38: 58.880778 | GL38: 52.088595 | GM38: 15.928002 | GN38: 14.164809 | GO38: 21.445481 | GP38: 21.40297 | GQ38: 27.067727 | GR38: 18.895644 | GS38: 23.003261 | GT38: 64.459466 | GU38: 403.48232 | GV38: 77.428656 | GW38: 60.945 | GX38: 62.018521 | GY38: 36.568341 | GZ38: 21.087781 | HA38: 19.079168 | HB38: 17.700909 | HC38: 16.77351 | HD38: 16.919713 | HE38: 27.338747 | HF38: 67.555746 | HG38: 529.61683 | HH38: 104.60007 | HI38: 95.657195 | HJ38: 55.960308 | HK38: 43.213528 | HL38: 21.810298 | HM38: 25.881443 | HN38: 30.345296 | HO38: 24.107227 | HP38: 29.089845 | HQ38: 35.083517 | HR38: 63.774337 | HS38: 659.3869 | HT38: 123.39553 | HU38: 123.67044 | HV38: 98.888206 | HW38: 36.249302 | HX38: 25.873407 | HY38: 28.267039 | HZ38: 25.172618 | IA38: 23.215385 | IB38: 25.27476 | IC38: 19.486019 | ID38: 50.824315 | IE38: 714.19113 | IF38: 110.5002 | IG38: 132.80574 | IH38: 176.94872 | II38: 26.335816 | IJ38: 21.308713 | IK38: 19.294567 | IL38: 37.321827 | IM38: 14.500917 | IN38: 29.565278 | IO38: 30.914809 | IP38: 82.553828 | IQ38: 771.77163 | IR38: 135.04403 | IS38: 125.90595 | IT38: 180.17039 | IU38: 10.58801 | IV38: 37.102992 | IW38: 18.143322 | IX38: 17.043271 | IY38: 18.329485 | IZ38: 31.16218 | JA38: 17.206962 | JB38: 104.77252 | JC38: 824.8517 | JD38: 148.92226 | JE38: 130.53722 | JF38: 178.58637
A39: III. NET REVENUE (I-II) | B39: 9789.2069 | C39: 9664.3786 | D39: 11298.622 | E39: 11223.963 | F39: 10304.622 | G39: 10136.096 | H39: 11417.355 | I39: 11496.621 | J39: 10813.389 | K39: 11502.865 | L39: 10782.737 | M39: 16338.898 | N39: 12678.147 | O39: 11366.985 | P39: 15103.527 | Q39: 13121.376 | R39: 11113.732 | S39: 10674.841 | T39: 11742.2 | U39: 18014.006 | V39: 11142.029 | W39: 11114.474 | X39: 12457.895 | Y39: 17830.685 | Z39: 12131.854 | AA39: 13408.241 | AB39: 16807.264 | AC39: 13696.089 | AD39: 11670.356 | AE39: 15728.87 | AF39: 15883.637 | AG39: 15290.588 | AH39: 15801.697 | AI39: 13798.495 | AJ39: 14504.573 | AK39: 20122.437 | AL39: 15244.294 | AM39: 14092.505 | AN39: 16872.267 | AO39: 15837.032 | AP39: 15976.622 | AQ39: 15504.222 | AR39: 15558.314 | AS39: 17880.992 | AT39: 15891.138 | AU39: 17026.883 | AV39: 16536.05 | AW39: 21933.947 | AX39: 18388.333 | AY39: 14778.604 | AZ39: 18454.49 | BA39: 21069.935 | BB39: 19281.559 | BC39: 17316.664 | BD39: 18605.307 | BE39: 19091.062 | BF39: 17482.017 | BG39: 20107.181 | BH39: 18187.038 | BI39: 24618.089 | BJ39: 24480.077 | BK39: 18869.619 | BL39: 19302.769 | BM39: 22681.135 | BN39: 19736.056 | BO39: 18929.004 | BP39: 23150.182 | BQ39: 20106 | BR39: 24846.32 | BS39: 24846.837 | BT39: 21685.098 | BU39: 29405.175 | BV39: 27170.126 | BW39: 21997.948 | BX39: 21584.133 | BY39: 27666.657 | BZ39: 22941.454 | CA39: 20973.638 | CB39: 25722.442 | CC39: 23249.934 | CD39: 23930.495 | CE39: 27398.722 | CF39: 24439.298 | CG39: 32127.598 | CH39: 29362.557 | CI39: 25384.791 | CJ39: 28156.646 | CK39: 29614.284 | CL39: 26329.529 | CM39: 29415.974 | CN39: 30261.874 | CO39: 27704.72 | CP39: 29545.12 | CQ39: 30352.259 | CR39: 27402.318 | CS39: 41422.012 | CT39: 34211.826 | CU39: 28715.29 | CV39: 32350.255 | CW39: 36486.335 | CX39: 29201.237 | CY39: 34203.67 | CZ39: 33965.181 | DA39: 32726.262 | DB39: 31487.014 | DC39: 35270.564 | DD39: 31764.838 | DE39: 47216.075 | DF39: 37123.579 | DG39: 31206.511 | DH39: 34934.207 | DI39: 41601.911 | DJ39: 33464.854 | DK39: 37252.005 | DL39: 37479.415 | DM39: 37555.161 | DN39: 37960.017 | DO39: 40376.592 | DP39: 34288.254 | DQ39: 49244.115 | DR39: 43776.204 | DS39: 34134.979 | DT39: 41075.784 | DU39: 46342.837 | DV39: 38864.301 | DW39: 40772.505 | DX39: 43417.726 | DY39: 40508.803 | DZ39: 41674.839 | EA39: 46721.141 | EB39: 43325.32 | EC39: 55820.997 | ED39: 54297.314 | EE39: 38798.69 | EF39: 46124.918 | EG39: 53108.398 | EH39: 43140.098 | EI39: 46908.352 | EJ39: 53819.733 | EK39: 46439.235 | EL39: 50713.788 | EM39: 56448.656 | EN39: 42445.058 | EO39: 56012.642 | EP39: 52172.63 | EQ39: 37480.478 | ER39: 47930.216 | ES39: 53657.283 | ET39: 44678.94 | EU39: 45544.73 | EV39: 52512.287 | EW39: 51109.827 | EX39: 45529.498 | EY39: 59813.907 | EZ39: 62084.249 | FA39: 65931.828 | FB39: 64097.675 | FC39: 44386.669 | FD39: 53821.351 | FE39: 67987.954 | FF39: 52127.311 | FG39: 50748.618 | FH39: 59876.165 | FI39: 58059.407 | FJ39: 130105.36 | FK39: 63649.981 | FL39: 58691.609 | FM39: 81608.976 | FN39: 77043.645 | FO39: 50804.016 | FP39: 63154.926 | FQ39: 76150.999 | FR39: 59406.137 | FS39: 70342.295 | FT39: 78085.573 | FU39: 61069.552 | FV39: 68534.277 | FW39: 73261.332 | FX39: 64852.853 | FY39: 82528.802 | FZ39: 88210.205 | GA39: 59220.41 | GB39: 71155.433 | GC39: 82266.022 | GD39: 63803.172 | GE39: 66105.826 | GF39: 77154.358 | GG39: 67870.195 | GH39: 70879.396 | GI39: 79220.858 | GJ39: 67000.217 | GK39: 95608.889 | GL39: 102452.37 | GM39: 54447.844 | GN39: 67856.692 | GO39: 91775.888 | GP39: 73511.909 | GQ39: 75629.025 | GR39: 86079.943 | GS39: 73373.184 | GT39: 74708.747 | GU39: 87737.441 | GV39: 108469.29 | GW39: 101045.94 | GX39: 105188.3 | GY39: 66555.135 | GZ39: 80204.008 | HA39: 97591.633 | HB39: 70441.586 | HC39: 78499.231 | HD39: 88462.975 | HE39: 82829.899 | HF39: 78000.062 | HG39: 91812.718 | HH39: 84068.084 | HI39: 99359.001 | HJ39: 105386.72 | HK39: 70171.121 | HL39: 82792.528 | HM39: 101810.96 | HN39: 77426.595 | HO39: 81248.524 | HP39: 91168.527 | HQ39: 79199.683 | HR39: 82693.76 | HS39: 87866.946 | HT39: 75038.926 | HU39: 108300.8 | HV39: 124029.58 | HW39: 67460.635 | HX39: 84821.356 | HY39: 103682.79 | HZ39: 76288.759 | IA39: 83752.417 | IB39: 91816.475 | IC39: 75023.027 | ID39: 80763.076 | IE39: 132023.41 | IF39: 74538.407 | IG39: 93917.635 | IH39: 118792.18 | II39: 68999.984 | IJ39: 87502.497 | IK39: 108028.01 | IL39: 77726.097 | IM39: 86637.544 | IN39: 89117.569 | IO39: 91562.298 | IP39: 89716.734 | IQ39: 103225.47 | IR39: 106620.02 | IS39: 126817.89 | IT39: 136199.77 | IU39: 78261.887 | IV39: 89627.668 | IW39: 120737.73 | IX39: 87777.72 | IY39: 88393.781 | IZ39: 106473.44 | JA39: 92561.455 | JB39: 96607.868 | JC39: 114825.06 | JD39: 99371.715 | JE39: 116676.37 | JF39: 137049.14
A40: IV. TOTAL EXPENDITURE | B40: 10766.914 | C40: 9016.4202 | D40: 9673.7177 | E40: 9699.8646 | F40: 10113.926 | G40: 10033.534 | H40: 11525.297 | I40: 9909.3463 | J40: 11509.889 | K40: 12272.174 | L40: 10506.398 | M40: 17940.521 | N40: 12127.416 | O40: 11087.963 | P40: 12759.737 | Q40: 11333.65 | R40: 11171.628 | S40: 12516.831 | T40: 11768.508 | U40: 12266.097 | V40: 11879.783 | W40: 12581.948 | X40: 13616.529 | Y40: 15672.789 | Z40: 11372.024 | AA40: 11837.489 | AB40: 12300.183 | AC40: 11186.268 | AD40: 12321.133 | AE40: 11915.988 | AF40: 13726.296 | AG40: 12647.174 | AH40: 12283.653 | AI40: 13292.626 | AJ40: 13719.173 | AK40: 22077.802 | AL40: 13763.632 | AM40: 12616.188 | AN40: 12858.24 | AO40: 11899.724 | AP40: 13094.662 | AQ40: 13862.986 | AR40: 15202.448 | AS40: 14609.1 | AT40: 14298.014 | AU40: 16001.728 | AV40: 15245.268 | AW40: 23920.072 | AX40: 15831.962 | AY40: 14209.59 | AZ40: 14871.148 | BA40: 14565.547 | BB40: 15783.05 | BC40: 15753.036 | BD40: 17416.602 | BE40: 16701.739 | BF40: 15921.288 | BG40: 17726.14 | BH40: 17402.2 | BI40: 29460.876 | BJ40: 18450.323 | BK40: 16343.943 | BL40: 17297.971 | BM40: 16954.917 | BN40: 17904.749 | BO40: 17157.237 | BP40: 21368.857 | BQ40: 18781.882 | BR40: 17890.041 | BS40: 21049.556 | BT40: 20657.75 | BU40: 32603.842 | BV40: 19998.791 | BW40: 18164.574 | BX40: 17456.521 | BY40: 17994.937 | BZ40: 19216.825 | CA40: 20213.247 | CB40: 22914.499 | CC40: 20762.421 | CD40: 20166.424 | CE40: 23071.226 | CF40: 22077.233 | CG40: 38085.697 | CH40: 22119.544 | CI40: 21101.811 | CJ40: 22411.763 | CK40: 22485.74 | CL40: 22558.609 | CM40: 23755.707 | CN40: 26639.987 | CO40: 24244.576 | CP40: 24839.444 | CQ40: 25610.367 | CR40: 25645.192 | CS40: 44197.919 | CT40: 25834.32 | CU40: 26699.267 | CV40: 25777.343 | CW40: 23773.353 | CX40: 26421.734 | CY40: 28437.491 | CZ40: 29207.741 | DA40: 28944.519 | DB40: 28700.137 | DC40: 29417.398 | DD40: 30486.794 | DE40: 51225.28 | DF40: 33068.603 | DG40: 27598.782 | DH40: 27644.136 | DI40: 26916.376 | DJ40: 30802.639 | DK40: 31201.638 | DL40: 34452.291 | DM40: 31283.651 | DN40: 37584.625 | DO40: 33526.161 | DP40: 34624.923 | DQ40: 55034.566 | DR40: 32219.909 | DS40: 30635.481 | DT40: 37211.398 | DU40: 32247.773 | DV40: 34622.184 | DW40: 35574.075 | DX40: 38255.073 | DY40: 36845.286 | DZ40: 41636.131 | EA40: 36843.154 | EB40: 38821.174 | EC40: 63873.41 | ED40: 38934.806 | EE40: 33581.386 | EF40: 35518.187 | EG40: 36387.728 | EH40: 37589.627 | EI40: 38987.653 | EJ40: 46615.164 | EK40: 40171.661 | EL40: 44579.737 | EM40: 41581.356 | EN40: 46864.101 | EO40: 61763.089 | EP40: 48194.785 | EQ40: 38591.802 | ER40: 41303.705 | ES40: 43625.882 | ET40: 45045.85 | EU40: 46162.881 | EV40: 51002.648 | EW40: 47727.113 | EX40: 53343.188 | EY40: 48579.044 | EZ40: 51421.443 | FA40: 64011.115 | FB40: 50288.819 | FC40: 45567.84 | FD40: 58386.999 | FE40: 51507.391 | FF40: 52709.798 | FG40: 50134.263 | FH40: 59150.178 | FI40: 54196.26 | FJ40: 104159.31 | FK40: 55932.292 | FL40: 57806.689 | FM40: 67430.072 | FN40: 62969.899 | FO40: 48276.517 | FP40: 54266.934 | FQ40: 60659.611 | FR40: 55363.608 | FS40: 59934.673 | FT40: 66982.439 | FU40: 58532.21 | FV40: 63233.632 | FW40: 61855.244 | FX40: 60223.165 | FY40: 81045.445 | FZ40: 67588.313 | GA40: 53847.423 | GB40: 63747.693 | GC40: 71425.39 | GD40: 62327.549 | GE40: 65410.396 | GF40: 73384.532 | GG40: 66484.9 | GH40: 69811.506 | GI40: 69800.22 | GJ40: 71802.913 | GK40: 80276.18 | GL40: 76329.504 | GM40: 61132.227 | GN40: 68276.807 | GO40: 85084.117 | GP40: 67954.225 | GQ40: 74815.105 | GR40: 82662.011 | GS40: 73708.526 | GT40: 85389.294 | GU40: 82809.037 | GV40: 80119.615 | GW40: 86648.663 | GX40: 92948.235 | GY40: 69869.785 | GZ40: 77279.786 | HA40: 81433.702 | HB40: 81923.339 | HC40: 81181.237 | HD40: 91086.668 | HE40: 93477.222 | HF40: 98838.378 | HG40: 88791.306 | HH40: 91259.797 | HI40: 98405.58 | HJ40: 95398.41 | HK40: 77600.604 | HL40: 81672.471 | HM40: 91908.656 | HN40: 85980.33 | HO40: 90189.044 | HP40: 98930.916 | HQ40: 84906.004 | HR40: 89876.186 | HS40: 101056.76 | HT40: 96319.536 | HU40: 170623.39 | HV40: 109340.83 | HW40: 92872.36 | HX40: 92650.975 | HY40: 94865.796 | HZ40: 93275.854 | IA40: 93496.007 | IB40: 111043.01 | IC40: 95325.326 | ID40: 106002.18 | IE40: 91151.297 | IF40: 113005.14 | IG40: 156364.41 | IH40: 100787.47 | II40: 95336.395 | IJ40: 98733.899 | IK40: 95712.131 | IL40: 107113.43 | IM40: 106481.73 | IN40: 109272.07 | IO40: 101673.27 | IP40: 112538.79 | IQ40: 98152.196 | IR40: 105359.44 | IS40: 147846.94 | IT40: 105357.4 | IU40: 97480.117 | IV40: 114122.6 | IW40: 112053.55 | IX40: 102304.53 | IY40: 105294.72 | IZ40: 113961.5 | JA40: 112218.81 | JB40: 119633.62 | JC40: 105316.31 | JD40: 115589.83 | JE40: 148423.72 | JF40: 106811.05
A41: IV.1 Social Security Benefits | B41: 3402.2 | C41: 3328.6 | D41: 3436.8 | E41: 3364.6 | F41: 3509 | G41: 3539.4 | H41: 3729.8154 | I41: 3762.041 | J41: 3821.9395 | K41: 3835.8107 | L41: 4208.0884 | M41: 7112.1691 | N41: 3898.057 | O41: 3870.363 | P41: 3895.354 | Q41: 3955.098 | R41: 3951.118 | S41: 4064.329 | T41: 4237.24 | U41: 4267.533 | V41: 4294.836 | W41: 4311.2002 | X41: 4743.5561 | Y41: 7886.9662 | Z41: 4320.7762 | AA41: 4267.7086 | AB41: 4324.852 | AC41: 4349.778 | AD41: 4374.053 | AE41: 4442.3037 | AF41: 4631.1653 | AG41: 4621.4422 | AH41: 4623.4875 | AI41: 4727.1274 | AJ41: 5153.6625 | AK41: 8703.6663 | AL41: 4671.8143 | AM41: 4670.6705 | AN41: 4781.3361 | AO41: 4810.7297 | AP41: 4995.4257 | AQ41: 5056.695 | AR41: 5199.7011 | AS41: 5260.4658 | AT41: 5334.2385 | AU41: 5405.5352 | AV41: 5885.4926 | AW41: 9714.9753 | AX41: 5260.0306 | AY41: 5301.7915 | AZ41: 5448.0514 | BA41: 5464.7566 | BB41: 5798.0671 | BC41: 5835.7441 | BD41: 6120.5858 | BE41: 6092.5 | BF41: 6019.1474 | BG41: 6026.7389 | BH41: 6676.8687 | BI41: 11283.824 | BJ41: 6157.9278 | BK41: 6254.6552 | BL41: 6316.6641 | BM41: 6413.805 | BN41: 6608.6237 | BO41: 6733.8786 | BP41: 7091.4999 | BQ41: 7117.1687 | BR41: 7167.141 | BS41: 7229.9944 | BT41: 7864.4835 | BU41: 13070.817 | BV41: 7203.9998 | BW41: 7195.1598 | BX41: 7248.9697 | BY41: 7404.7944 | BZ41: 7856.8099 | CA41: 8062.994 | CB41: 8877.1011 | CC41: 9069.7453 | CD41: 8906.1487 | CE41: 8966.1391 | CF41: 9790.1729 | CG41: 16552.771 | CH41: 8856.7578 | CI41: 9090.0949 | CJ41: 8628.4354 | CK41: 9286.5368 | CL41: 9418.9089 | CM41: 9940.1209 | CN41: 9920.0806 | CO41: 10153.988 | CP41: 10077.677 | CQ41: 10314.096 | CR41: 10141.818 | CS41: 19922.25 | CT41: 10497.608 | CU41: 11169.293 | CV41: 10573.283 | CW41: 10611.627 | CX41: 10530.932 | CY41: 11735.879 | CZ41: 11561.268 | DA41: 11560.661 | DB41: 11461.281 | DC41: 11836.401 | DD41: 12071.41 | DE41: 22400.486 | DF41: 13047.787 | DG41: 11759.402 | DH41: 11806.314 | DI41: 11890.59 | DJ41: 12884.764 | DK41: 12812.383 | DL41: 13171.86 | DM41: 13120.728 | DN41: 18986.451 | DO41: 13357.825 | DP41: 13301.232 | DQ41: 19445.961 | DR41: 13173.249 | DS41: 13232.337 | DT41: 15225.39 | DU41: 13486.673 | DV41: 14187.277 | DW41: 14315.282 | DX41: 14407.944 | DY41: 14270.395 | DZ41: 20550.351 | EA41: 14406.287 | EB41: 14324.07 | EC41: 23714.185 | ED41: 16295.848 | EE41: 13954.806 | EF41: 14769.878 | EG41: 15428.788 | EH41: 15403.511 | EI41: 15806.073 | EJ41: 15407.523 | EK41: 17253.536 | EL41: 20846.519 | EM41: 15384.906 | EN41: 17783.915 | EO41: 21226.707 | EP41: 18369.54 | EQ41: 15756.406 | ER41: 17340.268 | ES41: 17189.101 | ET41: 17140.528 | EU41: 17445.297 | EV41: 17380.848 | EW41: 19591.714 | EX41: 23263.809 | EY41: 17639.125 | EZ41: 19924.726 | FA41: 23835.006 | FB41: 17784.426 | FC41: 18988.399 | FD41: 22609.331 | FE41: 19341.869 | FF41: 19171.241 | FG41: 19358.611 | FH41: 19410.064 | FI41: 22746.234 | FJ41: 26318.676 | FK41: 19736.208 | FL41: 22344.557 | FM41: 27048.937 | FN41: 20137.695 | FO41: 21093.232 | FP41: 21155.702 | FQ41: 24275.65 | FR41: 21459.617 | FS41: 21515.915 | FT41: 21840.891 | FU41: 24376.916 | FV41: 29143.824 | FW41: 21849.774 | FX41: 24775.694 | FY41: 29813.31 | FZ41: 22603.118 | GA41: 23945.765 | GB41: 23985.884 | GC41: 27081.243 | GD41: 24393.984 | GE41: 24389.166 | GF41: 24864.976 | GG41: 27470.784 | GH41: 32731.71 | GI41: 25199.977 | GJ41: 27859.055 | GK41: 32063.846 | GL41: 27586.827 | GM41: 25376.648 | GN41: 27687.443 | GO41: 31448.318 | GP41: 27380.963 | GQ41: 27260.585 | GR41: 27755.467 | GS41: 30614.499 | GT41: 36788.413 | GU41: 28155.988 | GV41: 30657.963 | GW41: 36290.01 | GX41: 29125.085 | GY41: 27898.617 | GZ41: 29558.887 | HA41: 29870.463 | HB41: 30483.765 | HC41: 31386.672 | HD41: 31812.495 | HE41: 33736.804 | HF41: 41168.774 | HG41: 30481.255 | HH41: 36730.243 | HI41: 41948.191 | HJ41: 31567.795 | HK41: 32865.002 | HL41: 33560.851 | HM41: 33564.018 | HN41: 34631.297 | HO41: 33866.498 | HP41: 33664.018 | HQ41: 33119.213 | HR41: 36998.132 | HS41: 45848.74 | HT41: 40750.941 | HU41: 45653.595 | HV41: 35572.124 | HW41: 38277.639 | HX41: 38782.015 | HY41: 38944.496 | HZ41: 40487.701 | IA41: 39197.795 | IB41: 39286.606 | IC41: 43841.238 | ID41: 52767.42 | IE41: 39503.008 | IF41: 47529.79 | IG41: 53681.445 | IH41: 40269.6 | II41: 41950.017 | IJ41: 42095.146 | IK41: 43125.183 | IL41: 47574.426 | IM41: 42622.92 | IN41: 43154.173 | IO41: 47186.054 | IP41: 58266.247 | IQ41: 43989.438 | IR41: 48150.674 | IS41: 58850.95 | IT41: 43366.23 | IU41: 44404.831 | IV41: 49581.064 | IW41: 44964.764 | IX41: 45530.162 | IY41: 44862.738 | IZ41: 45276.24 | JA41: 49348.23 | JB41: 61490.986 | JC41: 45259.594 | JD41: 49901.653 | JE41: 62392.262 | JF41: 46110.311
A42: IV.2 Payroll | B42: 3644.4787 | C42: 3135.3513 | D42: 2910.5101 | E42: 2983.078 | F42: 3131.0728 | G42: 3148.2728 | H42: 4011.1948 | I42: 2917.1595 | J42: 3034.2275 | K42: 3072.6938 | L42: 3128.7369 | M42: 5015.3536 | N42: 4193.0578 | O42: 3441.8555 | P42: 4706.3215 | Q42: 3322.808 | R42: 3230.0039 | S42: 4452.6324 | T42: 3421.6399 | U42: 3530.4089 | V42: 3464.9272 | W42: 3517.7621 | X42: 4804.1738 | Y42: 2579.1172 | Z42: 3644.1791 | AA42: 4211.738 | AB42: 3389.6106 | AC42: 3717.6473 | AD42: 3624.1228 | AE42: 3964.1367 | AF42: 4850.7733 | AG42: 3709.1415 | AH42: 3589.1347 | AI42: 3818.3486 | AJ42: 3937.8396 | AK42: 5804.5863 | AL42: 5247.3193 | AM42: 4206.4114 | AN42: 4099.9631 | AO42: 3990.9183 | AP42: 4112.1879 | AQ42: 4414.3624 | AR42: 5059.7318 | AS42: 4093.6744 | AT42: 4136.5426 | AU42: 4266.802 | AV42: 4348.1716 | AW42: 6539.6537 | AX42: 5839.7482 | AY42: 4834.2291 | AZ42: 4693.2124 | BA42: 4806.8143 | BB42: 4683.6119 | BC42: 5201.813 | BD42: 6172.6367 | BE42: 4707.8543 | BF42: 4760.4933 | BG42: 4699.4092 | BH42: 5087.387 | BI42: 7730.7143 | BJ42: 7100.7618 | BK42: 5376.8125 | BL42: 5187.8429 | BM42: 5253.6312 | BN42: 5200.1916 | BO42: 5800.9304 | BP42: 6945.5054 | BQ42: 5427.6164 | BR42: 5165.2034 | BS42: 5566.2655 | BT42: 6245.4914 | BU42: 8586.0234 | BV42: 7363.6381 | BW42: 5824.6275 | BX42: 5530.5727 | BY42: 5558.1261 | BZ42: 5792.9678 | CA42: 6339.3637 | CB42: 7593.2787 | CC42: 5724.486 | CD42: 5842.4859 | CE42: 5815.9797 | CF42: 6314.9775 | CG42: 8917.4916 | CH42: 7464.2917 | CI42: 6325.5959 | CJ42: 6516.1759 | CK42: 5988.7217 | CL42: 6182.8871 | CM42: 6667.1959 | CN42: 7677.9024 | CO42: 6354.0213 | CP42: 6743.6864 | CQ42: 6708.1241 | CR42: 7524.622 | CS42: 10441.389 | CT42: 8249.144 | CU42: 7776.7452 | CV42: 6929.8481 | CW42: 6663.1962 | CX42: 6826.7005 | CY42: 7644.8652 | CZ42: 8701.4032 | DA42: 7115.5439 | DB42: 7212.6599 | DC42: 6945.1891 | DD42: 8171.1431 | DE42: 10970.493 | DF42: 10098.302 | DG42: 8170.4866 | DH42: 8015.4809 | DI42: 7386.919 | DJ42: 7575.1531 | DK42: 7970.0554 | DL42: 9710.9786 | DM42: 7960.9644 | DN42: 8631.9033 | DO42: 8568.3157 | DP42: 9393.6028 | DQ42: 13152.138 | DR42: 10493.231 | DS42: 9037.3171 | DT42: 9938.3856 | DU42: 8583.0632 | DV42: 8740.0562 | DW42: 9137.724 | DX42: 11194.21 | DY42: 8770.3364 | DZ42: 9051.4211 | EA42: 9104.0599 | EB42: 10157.382 | EC42: 13378.553 | ED42: 12697.107 | EE42: 9602.338 | EF42: 9127.6294 | EG42: 9195.431 | EH42: 9487.1895 | EI42: 10126.391 | EJ42: 13112.642 | EK42: 9619.965 | EL42: 10213.747 | EM42: 10548.166 | EN42: 12641.693 | EO42: 16024.388 | EP42: 16631.369 | EQ42: 11302.759 | ER42: 11269.331 | ES42: 11259.362 | ET42: 10991.426 | EU42: 11483.653 | EV42: 14515.852 | EW42: 11559.555 | EX42: 11840.577 | EY42: 11884.977 | EZ42: 13617.824 | FA42: 17046.955 | FB42: 14378.936 | FC42: 12283.016 | FD42: 15305.306 | FE42: 12158.448 | FF42: 12559.991 | FG42: 12432.715 | FH42: 15941.969 | FI42: 13062.103 | FJ42: 13072.883 | FK42: 13150.205 | FL42: 15151.392 | FM42: 18907.721 | FN42: 15888.731 | FO42: 13679.43 | FP42: 13932.161 | FQ42: 16600.126 | FR42: 14028.378 | FS42: 13949.492 | FT42: 17531.036 | FU42: 13679.94 | FV42: 13885.621 | FW42: 13709.514 | FX42: 15511.012 | FY42: 19044.057 | FZ42: 16511.853 | GA42: 14407.722 | GB42: 14069.754 | GC42: 16212.892 | GD42: 14535.185 | GE42: 14949.361 | GF42: 18384.007 | GG42: 14291.608 | GH42: 14222.182 | GI42: 14362.8 | GJ42: 16819.101 | GK42: 19628.018 | GL42: 16709.129 | GM42: 15106.834 | GN42: 15035.374 | GO42: 18291.305 | GP42: 15958.595 | GQ42: 16443.73 | GR42: 20419.181 | GS42: 15809.125 | GT42: 15541.408 | GU42: 15892.062 | GV42: 18321.09 | GW42: 21625.081 | GX42: 19410.303 | GY42: 16671.978 | GZ42: 16524.735 | HA42: 16939.256 | HB42: 16923.916 | HC42: 17289.114 | HD42: 22097.915 | HE42: 17117.168 | HF42: 17149.912 | HG42: 17307.959 | HH42: 21634.64 | HI42: 23308.543 | HJ42: 20294.85 | HK42: 17772.27 | HL42: 17493.661 | HM42: 18189.538 | HN42: 18222.768 | HO42: 18675.81 | HP42: 23726.17 | HQ42: 18164.942 | HR42: 18116.419 | HS42: 18427.235 | HT42: 24097.794 | HU42: 25317.568 | HV42: 21723.159 | HW42: 19271.517 | HX42: 18975.354 | HY42: 19156.784 | HZ42: 19054.742 | IA42: 19606.466 | IB42: 24720.612 | IC42: 19301.979 | ID42: 19717.86 | IE42: 19920.984 | IF42: 27934.106 | IG42: 28488.272 | IH42: 24213.787 | II42: 21886.763 | IJ42: 21313.782 | IK42: 21483.061 | IL42: 25781.959 | IM42: 21967.487 | IN42: 27688.206 | IO42: 21594.081 | IP42: 21701.226 | IQ42: 21257.707 | IR42: 25189.781 | IS42: 29963.261 | IT42: 25614.86 | IU42: 22577.781 | IV42: 25906.776 | IW42: 22469.219 | IX42: 22580.578 | IY42: 22699.293 | IZ42: 29013.176 | JA42: 23489.471 | JB42: 22497.711 | JC42: 22585.577 | JD42: 26305.138 | JE42: 32281.318 | JF42: 26089.792
A43: IV.3 Other Compulsory Expenses | B43: 673.45274 | C43: 400.11219 | D43: 676.84387 | E43: 456.97571 | F43: 601.06213 | G43: 607.2779 | H43: 586.99234 | I43: 498.26678 | J43: 1398.014 | K43: 1896.9342 | L43: -9.2551944 | M43: 809.24835 | N43: 542.0521 | O43: 868.83398 | P43: 514.54826 | Q43: 607.18161 | R43: 654.16632 | S43: 643.44566 | T43: 499.52374 | U43: 1030.7246 | V43: 612.48542 | W43: 1214.9194 | X43: 634.42378 | Y43: 1103.9049 | Z43: 789.94774 | AA43: 1094.3248 | AB43: 1279.1025 | AC43: 789.79058 | AD43: 1057.831 | AE43: 715.2481 | AF43: 1203.4642 | AG43: 1055.6431 | AH43: 981.50272 | AI43: 1189.3312 | AJ43: 822.65966 | AK43: 1086.5894 | AL43: 643.07763 | AM43: 770.48605 | AN43: 847.68111 | AO43: 554.43185 | AP43: 1090.6663 | AQ43: 736.42 | AR43: 977.33529 | AS43: 1455.402 | AT43: 1144.6482 | AU43: 2214.0478 | AV43: 701.87159 | AW43: 996.20639 | AX43: 784.49113 | AY43: 892.5965 | AZ43: 1104.3057 | BA43: 652.75266 | BB43: 1221.5272 | BC43: 751.51532 | BD43: 1118.8317 | BE43: 1664.9496 | BF43: 894.43976 | BG43: 2075.3311 | BH43: 934.97678 | BI43: 1387.6231 | BJ43: 654.05806 | BK43: 1057.6434 | BL43: 831.10439 | BM43: 799.01814 | BN43: 1171.3789 | BO43: 482.92034 | BP43: 1821.9158 | BQ43: 1317.1675 | BR43: 1082.2857 | BS43: 2622.8944 | BT43: 746.65825 | BU43: 1292.5711 | BV43: 1507.8179 | BW43: 1482.5519 | BX43: 1089.9691 | BY43: 1199.9693 | BZ43: 1604.379 | CA43: 1388.372 | CB43: 2050.3577 | CC43: 2247.6794 | CD43: 1343.6556 | CE43: 3338.5536 | CF43: 1233.9958 | CG43: 3891.5756 | CH43: 1505.5449 | CI43: 1742.7066 | CJ43: 2209.8865 | CK43: 1549.5304 | CL43: 1761.0804 | CM43: 1670.1533 | CN43: 3011.8533 | CO43: 2417.7177 | CP43: 2250.7105 | CQ43: 2284.3471 | CR43: 1996.5332 | CS43: 4166.7898 | CT43: 1584.432 | CU43: 2978.0149 | CV43: 3374.7026 | CW43: 1733.6026 | CX43: 2508.6427 | CY43: 2680.8426 | CZ43: 3037.3083 | DA43: 3411.7032 | DB43: 4162.4134 | DC43: 3965.0184 | DD43: 3315.6986 | DE43: 6489.2164 | DF43: 4117.5994 | DG43: 2616.2427 | DH43: 1954.8071 | DI43: 2135.2472 | DJ43: 3018.6276 | DK43: 3775.2872 | DL43: 4293.4789 | DM43: 3444.8496 | DN43: 2789.1672 | DO43: 4001.7661 | DP43: 4795.8411 | DQ43: 9178.0243 | DR43: 2618.615 | DS43: 2391.0887 | DT43: 5191.2725 | DU43: 3104.6114 | DV43: 3748.4665 | DW43: 4767.6117 | DX43: 4789.684 | DY43: 4996.0513 | DZ43: 3809.6189 | EA43: 5837.5983 | EB43: 6103.4195 | EC43: 9274.3215 | ED43: 5139.8163 | EE43: 3464.4948 | EF43: 4452.0346 | EG43: 3947.5801 | EH43: 4159.1675 | EI43: 4471.0148 | EJ43: 7432.9441 | EK43: 3664.4243 | EL43: 4812.7299 | EM43: 6374.4473 | EN43: 6415.5152 | EO43: 7396.681 | EP43: 5820.8838 | EQ43: 4235.5679 | ER43: 3235.7898 | ES43: 5028.6164 | ET43: 6258.7698 | EU43: 7014.0246 | EV43: 8303.7275 | EW43: 6725.3898 | EX43: 6011.0106 | EY43: 7719.1028 | EZ43: 5437.7184 | FA43: 5684.2863 | FB43: 6187.6161 | FC43: 5472.5126 | FD43: 6737.34 | FE43: 8903.9115 | FF43: 8088.0819 | FG43: 6245.2808 | FH43: 9217.9168 | FI43: 7693.4107 | FJ43: 7527.7033 | FK43: 8698.3288 | FL43: 7315.617 | FM43: 7490.2698 | FN43: 9540.3634 | FO43: 4484.1599 | FP43: 6698.3943 | FQ43: 7114.3603 | FR43: 7325.3149 | FS43: 9139.2134 | FT43: 12754.859 | FU43: 7310.1605 | FV43: 6888.5154 | FW43: 11122.744 | FX43: 6660.4183 | FY43: 9829.1878 | FZ43: 10965.351 | GA43: 5151.5199 | GB43: 8489.7161 | GC43: 10282.768 | GD43: 9058.3534 | GE43: 8890.6589 | GF43: 13161.501 | GG43: 8705.7684 | GH43: 8085.5422 | GI43: 10718.934 | GJ43: 10480.396 | GK43: 10135.109 | GL43: 10393.168 | GM43: 7038.5572 | GN43: 9123.8077 | GO43: 15126.794 | GP43: 7981.8523 | GQ43: 11154.583 | GR43: 14883.08 | GS43: 12320.938 | GT43: 15869.123 | GU43: 16771.312 | GV43: 12053.335 | GW43: 9388.1193 | GX43: 16307.004 | GY43: 8821.2667 | GZ43: 11620.948 | HA43: 13738.228 | HB43: 12659.406 | HC43: 12869.14 | HD43: 14307.974 | HE43: 19183.462 | HF43: 16076.2 | HG43: 17323.54 | HH43: 12378.585 | HI43: 15499.756 | HJ43: 17694.627 | HK43: 11184.659 | HL43: 13382.069 | HM43: 21441.05 | HN43: 14005.471 | HO43: 16863.289 | HP43: 21297.537 | HQ43: 14644.74 | HR43: 14293.8 | HS43: 16182.335 | HT43: 13013.268 | HU43: 74370.029 | HV43: 29589.737 | HW43: 16548.352 | HX43: 14877.006 | HY43: 15672.578 | HZ43: 15164.106 | IA43: 14159.616 | IB43: 26091.296 | IC43: 13291.366 | ID43: 13113.201 | IE43: 12315.986 | IF43: 13999.29 | IG43: 28131.284 | IH43: 24720.475 | II43: 13843.143 | IJ43: 16124.395 | IK43: 13841.759 | IL43: 12937.74 | IM43: 22048.828 | IN43: 20989.108 | IO43: 13687.779 | IP43: 13610.857 | IQ43: 14313.049 | IR43: 12124.362 | IS43: 19009.318 | IT43: 21866.204 | IU43: 14388.355 | IV43: 16264.711 | IW43: 25018.29 | IX43: 13177.639 | IY43: 13210.764 | IZ43: 18982.172 | JA43: 16043.141 | JB43: 14860.538 | JC43: 14393.562 | JD43: 15703.432 | JE43: 17429.225 | JF43: 21632.371
A44: IV.3.1 Salary Allowance and Unemployment Benefit | B44: 445.67681 | C44: 190.31104 | D44: 380.28194 | E44: 264.75863 | F44: 402.02894 | G44: 369.54721 | H44: 292.20909 | I44: 291.8987 | J44: 631.19167 | K44: 299.36037 | L44: 441.07062 | M44: 308.74178 | N44: 275.36478 | O44: 413.45588 | P44: 320.85391 | Q44: 327.5487 | R44: 404.13575 | S44: 392.06812 | T44: 259.55976 | U44: 590.22883 | V44: 338.78103 | W44: 425.03978 | X44: 337.9098 | Y44: 373.61729 | Z44: 339.661 | AA44: 378.528 | AB44: 584.07 | AC44: 251.37 | AD44: 483.1 | AE44: 347.19 | AF44: 378.63525 | AG44: 480.45836 | AH44: 529.41 | AI44: 274.83 | AJ44: 294.29 | AK44: 501.54 | AL44: 291.62 | AM44: 390.81 | AN44: 361.5 | AO44: 158.49 | AP44: 604.45 | AQ44: 337.55 | AR44: 462.04 | AS44: 502.12 | AT44: 436.98068 | AU44: 482.54 | AV44: 226.34 | AW44: 381.68 | AX44: 380.72988 | AY44: 269.78414 | AZ44: 473.26734 | BA44: 178.91397 | BB44: 583.72592 | BC44: 280.89544 | BD44: 650.76358 | BE44: 760.79137 | BF44: 483.42258 | BG44: 540.66599 | BH44: 556.56625 | BI44: 475.25736 | BJ44: 311.39883 | BK44: 584.01292 | BL44: 370.67067 | BM44: 361.61815 | BN44: 735.25853 | BO44: 60.937829 | BP44: 1330.9003 | BQ44: 821.16243 | BR44: 747.31042 | BS44: 829.78001 | BT44: 429.84501 | BU44: 615.1893 | BV44: 539.03701 | BW44: 384.32594 | BX44: 395.67161 | BY44: 549.58183 | BZ44: 823.95936 | CA44: 399.3098 | CB44: 942.19601 | CC44: 1388.8749 | CD44: 412.06562 | CE44: 1371.6431 | CF44: 426.59818 | CG44: 649.51154 | CH44: 601.32168 | CI44: 593.07219 | CJ44: 676.87127 | CK44: 569.5763 | CL44: 780.59614 | CM44: 621.36073 | CN44: 1171.9025 | CO44: 962.0189 | CP44: 1015.5288 | CQ44: 946.14312 | CR44: 579.29365 | CS44: 1022.5449 | CT44: 611.50522 | CU44: 566.85905 | CV44: 830.36446 | CW44: 635.75825 | CX44: 845.03549 | CY44: 883.73547 | CZ44: 1271.8314 | DA44: 1673.9308 | DB44: 1224.8622 | DC44: 1041.0169 | DD44: 1170.8985 | DE44: 728.77399 | DF44: 926.7761 | DG44: 515.62635 | DH44: 973.90969 | DI44: 904.28527 | DJ44: 1108.9937 | DK44: 1158.6114 | DL44: 1835 | DM44: 1798.4523 | DN44: 1417.3376 | DO44: 1563.7274 | DP44: 890.32036 | DQ44: 1664.5577 | DR44: 842.64745 | DS44: 804.70452 | DT44: 1120.7214 | DU44: 1182.0064 | DV44: 1175.1864 | DW44: 1368.2733 | DX44: 2584.0768 | DY44: 2271.9054 | DZ44: 1555.1962 | EA44: 1917.5712 | EB44: 1710.5396 | EC44: 1460.5187 | ED44: 1040.9468 | EE44: 1354.2458 | EF44: 1168.0325 | EG44: 1147.0609 | EH44: 1416.6439 | EI44: 1196.9993 | EJ44: 3286.2235 | EK44: 2610.2286 | EL44: 1866.7793 | EM44: 2221.1411 | EN44: 1513.0893 | EO44: 1589.9784 | EP44: 1424.2897 | EQ44: 1511.5649 | ER44: 2012.8987 | ES44: 1667.3532 | ET44: 1882.9078 | EU44: 1898.48 | EV44: 4896.7002 | EW44: 2768.0535 | EX44: 2312.4561 | EY44: 2409.1219 | EZ44: 2049.777 | FA44: 2093.4739 | FB44: 1402.4544 | FC44: 1741.6622 | FD44: 2027.4951 | FE44: 1932.1119 | FF44: 1979.01 | FG44: 1681.4895 | FH44: 5270.1755 | FI44: 3284.8427 | FJ44: 2698.5503 | FK44: 2744.4369 | FL44: 2642.7914 | FM44: 2403.66 | FN44: 2020.1321 | FO44: 1526.0848 | FP44: 2301.1591 | FQ44: 1805.4212 | FR44: 2146.3787 | FS44: 1995.2785 | FT44: 7536.7466 | FU44: 3059.5717 | FV44: 3216.0015 | FW44: 3410.3269 | FX44: 2371.4103 | FY44: 2784.937 | FZ44: 2315.6136 | GA44: 1507.1805 | GB44: 2729.8937 | GC44: 2155.2851 | GD44: 2489.078 | GE44: 2810.1832 | GF44: 7775.4335 | GG44: 4276.7548 | GH44: 3203.8801 | GI44: 4274.117 | GJ44: 2899.7845 | GK44: 2441.6925 | GL44: 3547.2404 | GM44: 2363.5376 | GN44: 2563.2238 | GO44: 3186.144 | GP44: 2305.4522 | GQ44: 3129.8678 | GR44: 7716.9626 | GS44: 4445.2513 | GT44: 5171.31 | GU44: 3563.5299 | GV44: 4700 | GW44: 1543 | GX44: 5620.3812 | GY44: 1432.9292 | GZ44: 3120.3492 | HA44: 2970.085 | HB44: 2022.988 | HC44: 3639.5208 | HD44: 4606.6917 | HE44: 9652.9734 | HF44: 6494.1514 | HG44: 7463.7844 | HH44: 3450 | HI44: 3401 | HJ44: 4756.4389 | HK44: 2494.6644 | HL44: 3545.3481 | HM44: 3834.4592 | HN44: 3287.3616 | HO44: 3585.6376 | HP44: 4923.6899 | HQ44: 4314.7388 | HR44: 4249.3674 | HS44: 4849.4932 | HT44: 4083.6158 | HU44: 3569.7836 | HV44: 6686.7102 | HW44: 6504.674 | HX44: 5679.6443 | HY44: 3442.2296 | HZ44: 3244.5824 | IA44: 3749.6435 | IB44: 4908.6473 | IC44: 5242.2908 | ID44: 4312.3178 | IE44: 4098.9894 | IF44: 4622.8652 | IG44: 3521.1696 | IH44: 5693.3924 | II44: 5534.2065 | IJ44: 6867.5602 | IK44: 3185.864 | IL44: 3284.5053 | IM44: 3584.5009 | IN44: 4368.0106 | IO44: 4720.6144 | IP44: 4301.783 | IQ44: 4730.7459 | IR44: 4050.5238 | IS44: 4186.3676 | IT44: 5517.8435 | IU44: 5808.599 | IV44: 5719.163 | IW44: 3059.0233 | IX44: 3636.7184 | IY44: 3240.0594 | IZ44: 4844.2554 | JA44: 5196.5453 | JB44: 3891.3022 | JC44: 4492.8839 | JD44: 3905.1857 | JE44: 4241.7396 | JF44: 5839.3882
A45: IV.3.2 Amnestied Workers | B45: 0 | C45: 0 | D45: 0 | E45: 0 | F45: 0 | G45: 0 | H45: 0 | I45: 0 | J45: 0 | K45: 0 | L45: 0 | M45: 0 | N45: 0 | O45: 0 | P45: 0 | Q45: 0 | R45: 0 | S45: 0 | T45: 0 | U45: 0 | V45: 0 | W45: 0 | X45: 0 | Y45: 0 | Z45: 0 | AA45: 0 | AB45: 0 | AC45: 0 | AD45: 0 | AE45: 0 | AF45: 0 | AG45: 0 | AH45: 0 | AI45: 0 | AJ45: 0 | AK45: 0 | AL45: 0 | AM45: 0 | AN45: 0 | AO45: 0 | AP45: 0 | AQ45: 0 | AR45: 0 | AS45: 0 | AT45: 0 | AU45: 0 | AV45: 0 | AW45: 0 | AX45: 0 | AY45: 0 | AZ45: 0 | BA45: 0 | BB45: 0 | BC45: 0 | BD45: 0 | BE45: 0 | BF45: 0 | BG45: 0 | BH45: 0 | BI45: 0 | BJ45: 0 | BK45: 0 | BL45: 0 | BM45: 0 | BN45: 0 | BO45: 0 | BP45: 0 | BQ45: 0 | BR45: 0 | BS45: 0 | BT45: 0 | BU45: 0 | BV45: 0 | BW45: 0 | BX45: 0 | BY45: 0 | BZ45: 0 | CA45: 0 | CB45: 0 | CC45: 0 | CD45: 0 | CE45: 0 | CF45: 0 | CG45: 0 | CH45: 0 | CI45: 0 | CJ45: 0 | CK45: 0 | CL45: 0 | CM45: 0 | CN45: 0 | CO45: 0 | CP45: 0 | CQ45: 0 | CR45: 0 | CS45: 0 | CT45: 0 | CU45: 0 | CV45: 0 | CW45: 0 | CX45: 0 | CY45: 0 | CZ45: 0 | DA45: 0 | DB45: 0 | DC45: 0 | DD45: 0 | DE45: 0 | DF45: 0 | DG45: 0 | DH45: 0 | DI45: 0 | DJ45: 0 | DK45: 0 | DL45: 0 | DM45: 0 | DN45: 0 | DO45: 0 | DP45: 0 | DQ45: 0 | DR45: 0 | DS45: 0 | DT45: 0 | DU45: 0 | DV45: 0 | DW45: 0 | DX45: 0 | DY45: 0 | DZ45: 0 | EA45: 0 | EB45: 0 | EC45: 0 | ED45: 0 | EE45: 0 | EF45: 0 | EG45: 0 | EH45: 0 | EI45: 0 | EJ45: 0 | EK45: 0 | EL45: 0 | EM45: 0 | EN45: 0 | EO45: 0 | EP45: 8.32741 | EQ45: 10.98665 | ER45: 11.125714 | ES45: 12.847047 | ET45: 10.94154 | EU45: 9.1520866 | EV45: 14.069152 | EW45: 14.890139 | EX45: 10.860974 | EY45: 9.5921811 | EZ45: 0.30925 | FA45: 15.305822 | FB45: 12.675024 | FC45: 9.2507499 | FD45: 11.785861 | FE45: 11.331127 | FF45: 12.895387 | FG45: 11.038355 | FH45: 15.595616 | FI45: 13.873495 | FJ45: 13.769813 | FK45: 14.462505 | FL45: 15.736861 | FM45: 23.557282 | FN45: 18.289283 | FO45: 17.795697 | FP45: 20.319186 | FQ45: 12.750938 | FR45: 17.470493 | FS45: 14.630191 | FT45: 22.319251 | FU45: 12.697522 | FV45: 12.577003 | FW45: 13.146354 | FX45: 12.153175 | FY45: 17.850485 | FZ45: 12.162404 | GA45: 17.061594 | GB45: 15.46547 | GC45: 13.334722 | GD45: 14.122201 | GE45: 13.49356 | GF45: 16.086118 | GG45: 13.767486 | GH45: 12.821172 | GI45: 13.212025 | GJ45: 12.889421 | GK45: 17.001539 | GL45: 12.680646 | GM45: 22.218457 | GN45: 21.324437 | GO45: 14.769864 | GP45: 16.084186 | GQ45: 15.862943 | GR45: 22.511253 | GS45: 17.677917 | GT45: 16.48681 | GU45: 17.291427 | GV45: 16.91371 | GW45: 18.727463 | GX45: 14.081105 | GY45: 15.543632 | GZ45: 24.848872 | HA45: 14.224929 | HB45: 13.703375 | HC45: 13.456124 | HD45: 20.595251 | HE45: 14.820255 | HF45: 13.473038 | HG45: 14.589846 | HH45: 13.621429 | HI45: 18.174886 | HJ45: 14.468925 | HK45: 16.788575 | HL45: 38.051119 | HM45: 15.96057 | HN45: 12.554613 | HO45: 14.109503 | HP45: 19.974787 | HQ45: 15.071053 | HR45: 15.056342 | HS45: 15.272798 | HT45: 15.297999 | HU45: 19.395501 | HV45: 14.960883 | HW45: 15.371072 | HX45: 29.268759 | HY45: 22.000412 | HZ45: 18.648608 | IA45: 12.887424 | IB45: 17.543984 | IC45: 12.325717 | ID45: 12.848796 | IE45: 13.309528 | IF45: 13.486075 | IG45: 18.716347 | IH45: 12.77152 | II45: 18.092877 | IJ45: 23.01908 | IK45: 13.736849 | IL45: 12.741826 | IM45: 13.265243 | IN45: 17.88996 | IO45: 12.57561 | IP45: 12.621755 | IQ45: 13.136261 | IR45: 12.137437 | IS45: 18.801389 | IT45: 12.254499 | IU45: 21.857894 | IV45: 12.264839 | IW45: 12.583382 | IX45: 12.598925 | IY45: 12.192912 | IZ45: 17.834533 | JA45: 12.649056 | JB45: 12.336143 | JC45: 12.100077 | JD45: 11.928703 | JE45: 17.593765 | JF45: 11.769893
A46: IV.3.3 Financial support to states and Municipalities | B46: 0 | C46: 0 | D46: 0 | E46: 0 | F46: 0 | G46: 0 | H46: 0 | I46: 0 | J46: 0 | K46: 0 | L46: 0 | M46: 0 | N46: 0 | O46: 0 | P46: 0 | Q46: 0 | R46: 0 | S46: 0 | T46: 0 | U46: 0 | V46: 0 | W46: 0 | X46: 0 | Y46: 0 | Z46: 0 | AA46: 0 | AB46: 0 | AC46: 0 | AD46: 0 | AE46: 0 | AF46: 0 | AG46: 0 | AH46: 0 | AI46: 0 | AJ46: 0 | AK46: 0 | AL46: 0 | AM46: 0 | AN46: 0 | AO46: 0 | AP46: 0 | AQ46: 0 | AR46: 0 | AS46: 0 | AT46: 0 | AU46: 0 | AV46: 0 | AW46: 0 | AX46: 0 | AY46: 0 | AZ46: 0 | BA46: 0 | BB46: 0 | BC46: 0 | BD46: 0 | BE46: 0 | BF46: 0 | BG46: 0 | BH46: 0 | BI46: 0 | BJ46: 0 | BK46: 0 | BL46: 0 | BM46: 0 | BN46: 0 | BO46: 0 | BP46: 0 | BQ46: 0 | BR46: 0 | BS46: 0 | BT46: 0 | BU46: 0 | BV46: 0 | BW46: 0 | BX46: 0 | BY46: 0 | BZ46: 0 | CA46: 0 | CB46: 0 | CC46: 0 | CD46: 0 | CE46: 0 | CF46: 0 | CG46: 0 | CH46: 0 | CI46: 0 | CJ46: 0 | CK46: 0 | CL46: 0 | CM46: 0 | CN46: 0 | CO46: 0 | CP46: 0 | CQ46: 0 | CR46: 0 | CS46: 0 | CT46: 0 | CU46: 0 | CV46: 0 | CW46: 0 | CX46: 0 | CY46: 0 | CZ46: 0 | DA46: 0 | DB46: 0 | DC46: 0 | DD46: 0 | DE46: 0 | DF46: 0 | DG46: 0 | DH46: 0 | DI46: 0 | DJ46: 0 | DK46: 0 | DL46: 0 | DM46: 0 | DN46: 0 | DO46: 0 | DP46: 0 | DQ46: 0 | DR46: 0 | DS46: 0 | DT46: 0 | DU46: 0 | DV46: 0 | DW46: 0 | DX46: 0 | DY46: 0 | DZ46: 0 | EA46: 0 | EB46: 0 | EC46: 0 | ED46: 0 | EE46: 0 | EF46: 0 | EG46: 0 | EH46: 0 | EI46: 0 | EJ46: 0 | EK46: 0 | EL46: 0 | EM46: 0 | EN46: 0 | EO46: 0 | EP46: 0 | EQ46: 0 | ER46: 0 | ES46: 0 | ET46: 755.00828 | EU46: 197.82785 | EV46: 9.7345492 | EW46: 0 | EX46: 0 | EY46: 904.92574 | EZ46: 0 | FA46: 0 | FB46: 516.60966 | FC46: 0 | FD46: 0 | FE46: 800 | FF46: 0 | FG46: 0 | FH46: 0 | FI46: 0 | FJ46: 0 | FK46: 0 | FL46: 0 | FM46: 0 | FN46: 0 | FO46: 0 | FP46: 0 | FQ46: 0 | FR46: 0 | FS46: 0 | FT46: 0 | FU46: 0 | FV46: 0 | FW46: 0 | FX46: 0 | FY46: 0 | FZ46: 0 | GA46: 0 | GB46: 0 | GC46: 0 | GD46: 0 | GE46: 0 | GF46: 0 | GG46: 0 | GH46: 0 | GI46: 0 | GJ46: 0 | GK46: 0 | GL46: 0 | GM46: 0 | GN46: 0 | GO46: 0 | GP46: 0 | GQ46: 0 | GR46: 0 | GS46: 0 | GT46: 1500 | GU46: 0 | GV46: 0 | GW46: 0 | GX46: 0 | GY46: 0 | GZ46: 0 | HA46: 1500 | HB46: 0 | HC46: 0 | HD46: 0 | HE46: 0 | HF46: 0 | HG46: 0 | HH46: 0 | HI46: 0 | HJ46: 0 | HK46: 0 | HL46: 0 | HM46: 0 | HN46: 0 | HO46: 0 | HP46: 0 | HQ46: 0 | HR46: 0 | HS46: 0 | HT46: 0 | HU46: 0 | HV46: 0 | HW46: 0 | HX46: 0 | HY46: 0 | HZ46: 0 | IA46: 0 | IB46: 2900 | IC46: 0 | ID46: 0 | IE46: 0 | IF46: 0 | IG46: 0 | IH46: 0 | II46: 0 | IJ46: 0 | IK46: 0 | IL46: 0 | IM46: 0 | IN46: 0 | IO46: 0 | IP46: 0 | IQ46: 0 | IR46: 0 | IS46: 0 | IT46: 0 | IU46: 0 | IV46: 0 | IW46: 0 | IX46: 0 | IY46: 0 | IZ46: 0 | JA46: 0 | JB46: 0 | JC46: 0 | JD46: 0 | JE46: 0 | JF46: 0
... A69: IV.4 Executive Branch Expenses Subject to Financial Programming | B69: 3046.7825 | C69: 2152.3567 | D69: 2649.5637 | E69: 2895.2109 | F69: 2872.7914 | G69: 2738.583 | H69: 3197.294 | I69: 2731.879 | J69: 3255.7078 | K69: 3466.7357 | L69: 3178.8279 | M69: 5003.75 | N69: 3494.2491 | O69: 2906.9101 | P69: 3643.5134 | Q69: 3448.5626 | R69: 3336.3396 | S69: 3356.4237 | T69: 3610.1041 | U69: 3437.4302 | V69: 3507.5346 | W69: 3538.0664 | X69: 3434.3753 | Y69: 4102.801 | Z69: 2617.1205 | AA69: 2263.7177 | AB69: 3306.6178 | AC69: 2329.0522 | AD69: 3265.126 | AE69: 2794.2998 | AF69: 3040.8937 | AG69: 3260.9468 | AH69: 3089.5277 | AI69: 3557.8183 | AJ69: 3805.0116 | AK69: 6482.9604 | AL69: 3201.4211 | AM69: 2968.6201 | AN69: 3129.26 | AO69: 2543.6446 | AP69: 2896.3817 | AQ69: 3655.5083 | AR69: 3965.6796 | AS69: 3799.5575 | AT69: 3682.585 | AU69: 4115.3432 | AV69: 4309.7326 | AW69: 6669.2363 | AX69: 3947.6917 | AY69: 3180.973 | AZ69: 3625.5785 | BA69: 3641.2238 | BB69: 4079.8439 | BC69: 3963.9639 | BD69: 4004.5481 | BE69: 4236.435 | BF69: 4247.2078 | BG69: 4924.6609 | BH69: 4702.9675 | BI69: 9058.7146 | BJ69: 4537.575 | BK69: 3654.8316 | BL69: 4962.3592 | BM69: 4488.4628 | BN69: 4924.5547 | BO69: 4139.5077 | BP69: 5509.9358 | BQ69: 4919.929 | BR69: 4475.4114 | BS69: 5630.4022 | BT69: 5801.1167 | BU69: 9654.4305 | BV69: 3923.3357 | BW69: 3662.2346 | BX69: 3587.0095 | BY69: 3832.0477 | BZ69: 3962.6682 | CA69: 4422.5168 | CB69: 4393.7614 | CC69: 3720.5104 | CD69: 4074.1339 | CE69: 4950.554 | CF69: 4738.0865 | CG69: 8723.8595 | CH69: 4292.9495 | CI69: 3943.4132 | CJ69: 5057.2654 | CK69: 5660.9507 | CL69: 5195.7322 | CM69: 5478.2366 | CN69: 6030.1504 | CO69: 5318.8487 | CP69: 5767.3706 | CQ69: 6303.7998 | CR69: 5982.2197 | CS69: 9667.4904 | CT69: 5503.1358 | CU69: 4775.2143 | CV69: 4899.5093 | CW69: 4764.9277 | CX69: 6555.4582 | CY69: 6375.9043 | CZ69: 5907.7612 | DA69: 6856.6109 | DB69: 5863.7831 | DC69: 6670.7898 | DD69: 6928.5424 | DE69: 11365.085 | DF69: 5804.914 | DG69: 5052.6509 | DH69: 5867.5339 | DI69: 5503.6195 | DJ69: 7324.0938 | DK69: 6643.9115 | DL69: 7275.9737 | DM69: 6757.1086 | DN69: 7177.1033 | DO69: 7598.2544 | DP69: 7134.247 | DQ69: 13258.442 | DR69: 5934.8147 | DS69: 5974.7379 | DT69: 6856.3505 | DU69: 7073.4248 | DV69: 7946.3842 | DW69: 7353.4568 | DX69: 7863.2347 | DY69: 8808.5027 | DZ69: 8224.7402 | EA69: 7495.2088 | EB69: 8236.3021 | EC69: 17506.35 | ED69: 4802.0342 | EE69: 6559.7468 | EF69: 7168.6443 | EG69: 7815.9291 | EH69: 8539.7593 | EI69: 8584.174 | EJ69: 10662.054 | EK69: 9633.736 | EL69: 8706.7408 | EM69: 9273.8368 | EN69: 10022.977 | EO69: 17115.314 | EP69: 7372.992 | EQ69: 7297.069 | ER69: 9458.3164 | ES69: 10148.802 | ET69: 10655.126 | EU69: 10219.907 | EV69: 10802.22 | EW69: 9850.4543 | EX69: 12227.791 | EY69: 11335.838 | EZ69: 12441.174 | FA69: 17444.869 | FB69: 11937.841 | FC69: 8823.9128 | FD69: 13735.022 | FE69: 11103.163 | FF69: 12890.484 | FG69: 12097.656 | FH69: 14580.228 | FI69: 10694.513 | FJ69: 57240.048 | FK69: 14347.549 | FL69: 12995.122 | FM69: 13983.144 | FN69: 17403.109 | FO69: 9019.6958 | FP69: 12480.676 | FQ69: 12669.475 | FR69: 12550.298 | FS69: 15330.052 | FT69: 14855.654 | FU69: 13165.195 | FV69: 13315.671 | FW69: 15173.212 | FX69: 13276.041 | FY69: 22358.891 | FZ69: 17507.992 | GA69: 10342.416 | GB69: 17202.339 | GC69: 17848.487 | GD69: 14340.026 | GE69: 17181.21 | GF69: 16974.049 | GG69: 16016.74 | GH69: 14772.072 | GI69: 19518.509 | GJ69: 16644.361 | GK69: 18449.207 | GL69: 21640.38 | GM69: 13610.188 | GN69: 16430.183 | GO69: 20217.701 | GP69: 16632.815 | GQ69: 19956.207 | GR69: 19604.284 | GS69: 14963.963 | GT69: 17190.351 | GU69: 21989.675 | GV69: 19087.227 | GW69: 19345.453 | GX69: 28105.844 | GY69: 16477.925 | GZ69: 19575.217 | HA69: 20885.754 | HB69: 21856.252 | HC69: 19636.312 | HD69: 22868.284 | HE69: 23439.788 | HF69: 24443.492 | HG69: 23678.551 | HH69: 20516.329 | HI69: 17649.09 | HJ69: 25841.138 | HK69: 15778.673 | HL69: 17235.891 | HM69: 18714.05 | HN69: 19120.794 | HO69: 20783.446 | HP69: 20243.191 | HQ69: 18977.109 | HR69: 20467.836 | HS69: 20598.453 | HT69: 18457.533 | HU69: 25282.201 | HV69: 22455.807 | HW69: 18774.853 | HX69: 20016.6 | HY69: 21091.939 | HZ69: 18569.304 | IA69: 20532.13 | IB69: 20944.5 | IC69: 18890.743 | ID69: 20403.699 | IE69: 19411.32 | IF69: 23541.952 | IG69: 46063.413 | IH69: 11583.612 | II69: 17656.472 | IJ69: 19200.577 | IK69: 17262.128 | IL69: 20819.306 | IM69: 19842.499 | IN69: 17440.586 | IO69: 19205.354 | IP69: 18960.458 | IQ69: 18592.003 | IR69: 19894.623 | IS69: 40023.408 | IT69: 14510.106 | IU69: 16109.15 | IV69: 22370.054 | IW69: 19601.275 | IX69: 21016.149 | IY69: 24521.926 | IZ69: 20689.915 | JA69: 23337.967 | JB69: 20784.39 | JC69: 23077.577 | JD69: 23679.609 | JE69: 36320.917 | JF69: 12978.578
A70: IV.4.1 Compulsory Expenses with Cash Control | B70: n.d. | C70: n.d. | D70: n.d. | E70: n.d. | F70: n.d. | G70: n.d. | H70: n.d. | I70: n.d. | J70: n.d. | K70: n.d. | L70: n.d. | M70: n.d. | N70: n.d. | O70: n.d. | P70: n.d. | Q70: n.d. | R70: n.d. | S70: n.d. | T70: n.d. | U70: n.d. | V70: n.d. | W70: n.d. | X70: n.d. | Y70: n.d. | Z70: n.d. | AA70: n.d. | AB70: n.d. | AC70: n.d. | AD70: n.d. | AE70: n.d. | AF70: n.d. | AG70: n.d. | AH70: n.d. | AI70: n.d. | AJ70: n.d. | AK70: n.d. | AL70: n.d. | AM70: n.d. | AN70: n.d. | AO70: n.d. | AP70: n.d. | AQ70: n.d. | AR70: n.d. | AS70: n.d. | AT70: n.d. | AU70: n.d. | AV70: n.d. | AW70: n.d. | AX70: n.d. | AY70: n.d. | AZ70: n.d. | BA70: n.d. | BB70: n.d. | BC70: n.d. | BD70: n.d. | BE70: n.d. | BF70: n.d. | BG70: n.d. | BH70: n.d. | BI70: n.d. | BJ70: n.d. | BK70: n.d. | BL70: n.d. | BM70: n.d. | BN70: n.d. | BO70: n.d. | BP70: n.d. | BQ70: n.d. | BR70: n.d. | BS70: n.d. | BT70: n.d. | BU70: n.d. | BV70: n.d. | BW70: n.d. | BX70: n.d. | BY70: n.d. | BZ70: n.d. | CA70: n.d. | CB70: n.d. | CC70: n.d. | CD70: n.d. | CE70: n.d. | CF70: n.d. | CG70: n.d. | CH70: n.d. | CI70: n.d. | CJ70: n.d. | CK70: n.d. | CL70: n.d. | CM70: n.d. | CN70: n.d. | CO70: n.d. | CP70: n.d. | CQ70: n.d. | CR70: n.d. | CS70: n.d. | CT70: n.d. | CU70: n.d. | CV70: n.d. | CW70: n.d. | CX70: n.d. | CY70: n.d. | CZ70: n.d. | DA70: n.d. | DB70: n.d. | DC70: n.d. | DD70: n.d. | DE70: n.d. | DF70: n.d. | DG70: n.d. | DH70: n.d. | DI70: n.d. | DJ70: n.d. | DK70: n.d. | DL70: n.d. | DM70: n.d. | DN70: n.d. | DO70: n.d. | DP70: n.d. | DQ70: n.d. | DR70: n.d. | DS70: n.d. | DT70: n.d. | DU70: n.d. | DV70: n.d. | DW70: n.d. | DX70: n.d. | DY70: n.d. | DZ70: n.d. | EA70: n.d. | EB70: n.d. | EC70: n.d. | ED70: n.d. | EE70: n.d. | EF70: n.d. | EG70: n.d. | EH70: n.d. | EI70: n.d. | EJ70: n.d. | EK70: n.d. | EL70: n.d. | EM70: n.d. | EN70: n.d. | EO70: n.d. | EP70: n.d. | EQ70: n.d. | ER70: n.d. | ES70: n.d. | ET70: n.d. | EU70: n.d. | EV70: n.d. | EW70: n.d. | EX70: n.d. | EY70: n.d. | EZ70: n.d. | FA70: n.d. | FB70: 6250.4746 | FC70: 4483.9614 | FD70: 5956.591 | FE70: 4962.1274 | FF70: 5866.6978 | FG70: 5226.5617 | FH70: 6482.2958 | FI70: 5294.3119 | FJ70: 5987.793 | FK70: 6011.0263 | FL70: 5441.007 | FM70: 4180.5041 | FN70: 7404.5907 | FO70: 5344.6649 | FP70: 5847.2729 | FQ70: 5876.5574 | FR70: 6092.4827 | FS70: 6710.8218 | FT70: 7090.7088 | FU70: 6229.8262 | FV70: 6957.9336 | FW70: 6877.0512 | FX70: 6275.951 | FY70: 7597.562 | FZ70: 6298.8198 | GA70: 5859.1599 | GB70: 7465.4512 | GC70: 8081.6329 | GD70: 6662.4027 | GE70: 5840.4415 | GF70: 7535.1505 | GG70: 8093.6646 | GH70: 8273.7989 | GI70: 8579.4492 | GJ70: 7959.5482 | GK70: 8371.201 | GL70: 5972.302 | GM70: 7497.5783 | GN70: 8293.9674 | GO70: 8905.0951 | GP70: 7746.0029 | GQ70: 9000.2397 | GR70: 8352.7965 | GS70: 7396.1635 | GT70: 8747.9297 | GU70: 9726.0607 | GV70: 8925.7282 | GW70: 7296.7951 | GX70: 11036.025 | GY70: 7525.2928 | GZ70: 9321.9997 | HA70: 10436.299 | HB70: 8854.4409 | HC70: 9193.9798 | HD70: 10416.098 | HE70: 9491.528 | HF70: 10331.315 | HG70: 10179.789 | HH70: 9970.8745 | HI70: 6962.6588 | HJ70: 13790.237 | HK70: 7919.6235 | HL70: 8753.7812 | HM70: 9961.7141 | HN70: 10093.977 | HO70: 9715.9704 | HP70: 9876.0431 | HQ70: 8507.4907 | HR70: 10064.384 | HS70: 10429.294 | HT70: 9256.28 | HU70: 6646.6713 | HV70: 11571.221 | HW70: 9251.0291 | HX70: 10634.718 | HY70: 9743.3613 | HZ70: 10002.506 | IA70: 10454.328 | IB70: 11327.997 | IC70: 9918.1779 | ID70: 11602.082 | IE70: 10185.262 | IF70: 10419.427 | IG70: 14213.375 | IH70: 7519.0102 | II70: 10614.738 | IJ70: 10435.18 | IK70: 10862.043 | IL70: 11174.598 | IM70: 10597.47 | IN70: 9451.9861 | IO70: 10220.368 | IP70: 10678.662 | IQ70: 9777.9765 | IR70: 10617.949 | IS70: 12123.311 | IT70: 9903.3504 | IU70: 10161.406 | IV70: 11421.254 | IW70: 10236.297 | IX70: 11902.887 | IY70: 10200.71 | IZ70: 11082.481 | JA70: 13822.217 | JB70: 11223.746 | JC70: 11702.656 | JD70: 11764.102 | JE70: 13765.618 | JF70: 8755.5242
A71: IV.4.2 Discretionary | B71: n.d. | C71: n.d. | D71: n.d. | E71: n.d. | F71: n.d. | G71: n.d. | H71: n.d. | I71: n.d. | J71: n.d. | K71: n.d. | L71: n.d. | M71: n.d. | N71: n.d. | O71: n.d. | P71: n.d. | Q71: n.d. | R71: n.d. | S71: n.d. | T71: n.d. | U71: n.d. | V71: n.d. | W71: n.d. | X71: n.d. | Y71: n.d. | Z71: n.d. | AA71: n.d. | AB71: n.d. | AC71: n.d. | AD71: n.d. | AE71: n.d. | AF71: n.d. | AG71: n.d. | AH71: n.d. | AI71: n.d. | AJ71: n.d. | AK71: n.d. | AL71: n.d. | AM71: n.d. | AN71: n.d. | AO71: n.d. | AP71: n.d. | AQ71: n.d. | AR71: n.d. | AS71: n.d. | AT71: n.d. | AU71: n.d. | AV71: n.d. | AW71: n.d. | AX71: n.d. | AY71: n.d. | AZ71: n.d. | BA71: n.d. | BB71: n.d. | BC71: n.d. | BD71: n.d. | BE71: n.d. | BF71: n.d. | BG71: n.d. | BH71: n.d. | BI71: n.d. | BJ71: n.d. | BK71: n.d. | BL71: n.d. | BM71: n.d. | BN71: n.d. | BO71: n.d. | BP71: n.d. | BQ71: n.d. | BR71: n.d. | BS71: n.d. | BT71: n.d. | BU71: n.d. | BV71: n.d. | BW71: n.d. | BX71: n.d. | BY71: n.d. | BZ71: n.d. | CA71: n.d. | CB71: n.d. | CC71: n.d. | CD71: n.d. | CE71: n.d. | CF71: n.d. | CG71: n.d. | CH71: n.d. | CI71: n.d. | CJ71: n.d. | CK71: n.d. | CL71: n.d. | CM71: n.d. | CN71: n.d. | CO71: n.d. | CP71: n.d. | CQ71: n.d. | CR71: n.d. | CS71: n.d. | CT71: n.d. | CU71: n.d. | CV71: n.d. | CW71: n.d. | CX71: n.d. | CY71: n.d. | CZ71: n.d. | DA71: n.d. | DB71: n.d. | DC71: n.d. | DD71: n.d. | DE71: n.d. | DF71: n.d. | DG71: n.d. | DH71: n.d. | DI71: n.d. | DJ71: n.d. | DK71: n.d. | DL71: n.d. | DM71: n.d. | DN71: n.d. | DO71: n.d. | DP71: n.d. | DQ71: n.d. | DR71: n.d. | DS71: n.d. | DT71: n.d. | DU71: n.d. | DV71: n.d. | DW71: n.d. | DX71: n.d. | DY71: n.d. | DZ71: n.d. | EA71: n.d. | EB71: n.d. | EC71: n.d. | ED71: n.d. | EE71: n.d. | EF71: n.d. | EG71: n.d. | EH71: n.d. | EI71: n.d. | EJ71: n.d. | EK71: n.d. | EL71: n.d. | EM71: n.d. | EN71: n.d. | EO71: n.d. | EP71: n.d. | EQ71: n.d. | ER71: n.d. | ES71: n.d. | ET71: n.d. | EU71: n.d. | EV71: n.d. | EW71: n.d. | EX71: n.d. | EY71: n.d. | EZ71: n.d. | FA71: n.d. | FB71: 5687.3661 | FC71: 4339.9514 | FD71: 7778.4307 | FE71: 6141.0353 | FF71: 7023.7857 | FG71: 6871.0946 | FH71: 8097.932 | FI71: 5400.2012 | FJ71: 51252.255 | FK71: 8336.5231 | FL71: 7554.1151 | FM71: 9802.6401 | FN71: 9998.5184 | FO71: 3675.0309 | FP71: 6633.4034 | FQ71: 6792.9177 | FR71: 6457.8153 | FS71: 8619.2305 | FT71: 7764.9447 | FU71: 6935.3683 | FV71: 6357.7377 | FW71: 8296.1604 | FX71: 7000.0898 | FY71: 14761.329 | FZ71: 11209.172 | GA71: 4483.2558 | GB71: 9736.8874 | GC71: 9766.8537 | GD71: 7677.6233 | GE71: 11340.769 | GF71: 9438.8982 | GG71: 7923.0754 | GH71: 6498.2728 | GI71: 10939.06 | GJ71: 8684.8128 | GK71: 10078.006 | GL71: 15668.078 | GM71: 6112.6099 | GN71: 8136.2156 | GO71: 11312.606 | GP71: 8886.8125 | GQ71: 10955.967 | GR71: 11251.487 | GS71: 7567.7998 | GT71: 8442.4211 | GU71: 12263.614 | GV71: 10161.499 | GW71: 12048.658 | GX71: 17069.818 | GY71: 8952.6317 | GZ71: 10253.217 | HA71: 10449.455 | HB71: 13001.811 | HC71: 10442.332 | HD71: 12452.186 | HE71: 13948.26 | HF71: 14112.177 | HG71: 13498.762 | HH71: 10545.454 | HI71: 10686.432 | HJ71: 12050.902 | HK71: 7859.0499 | HL71: 8482.1094 | HM71: 8752.3357 | HN71: 9026.8169 | HO71: 11067.475 | HP71: 10367.148 | HQ71: 10469.619 | HR71: 10403.452 | HS71: 10169.159 | HT71: 9201.2525 | HU71: 18635.53 | HV71: 10884.586 | HW71: 9523.8239 | HX71: 9381.8822 | HY71: 11348.577 | HZ71: 8566.7989 | IA71: 10077.802 | IB71: 9616.5039 | IC71: 8972.5655 | ID71: 8801.6168 | IE71: 9226.058 | IF71: 13122.524 | IG71: 31850.038 | IH71: 4064.6015 | II71: 7041.7342 | IJ71: 8765.3968 | IK71: 6400.0852 | IL71: 9644.708 | IM71: 9245.0286 | IN71: 7988.6003 | IO71: 8984.9858 | IP71: 8281.7965 | IQ71: 8814.0262 | IR71: 9276.6737 | IS71: 27900.096 | IT71: 4606.756 | IU71: 5947.7436 | IV71: 10948.8 | IW71: 9364.9778 | IX71: 9113.2621 | IY71: 14321.216 | IZ71: 9607.4345 | JA71: 9515.75 | JB71: 9560.644 | JC71: 11374.921 | JD71: 11915.508 | JE71: 22555.3 | JF71: 4223.0537
A72: V. SOVEREIGN FUND OF BRAZIL - FSB | B72: 0 | C72: 0 | D72: 0 | E72: 0 | F72: 0 | G72: 0 | H72: 0 | I72: 0 | J72: 0 | K72: 0 | L72: 0 | M72: 0 | N72: 0 | O72: 0 | P72: 0 | Q72: 0 | R72: 0 | S72: 0 | T72: 0 | U72: 0 | V72: 0 | W72: 0 | X72: 0 | Y72: 0 | Z72: 0 | AA72: 0 | AB72: 0 | AC72: 0 | AD72: 0 | AE72: 0 | AF72: 0 | AG72: 0 | AH72: 0 | AI72: 0 | AJ72: 0 | AK72: 0 | AL72: 0 | AM72: 0 | AN72: 0 | AO72: 0 | AP72: 0 | AQ72: 0 | AR72: 0 | AS72: 0 | AT72: 0 | AU72: 0 | AV72: 0 | AW72: 0 | AX72: 0 | AY72: 0 | AZ72: 0 | BA72: 0 | BB72: 0 | BC72: 0 | BD72: 0 | BE72: 0 | BF72: 0 | BG72: 0 | BH72: 0 | BI72: 0 | BJ72: 0 | BK72: 0 | BL72: 0 | BM72: 0 | BN72: 0 | BO72: 0 | BP72: 0 | BQ72: 0 | BR72: 0 | BS72: 0 | BT72: 0 | BU72: 0 | BV72: 0 | BW72: 0 | BX72: 0 | BY72: 0 | BZ72: 0 | CA72: 0 | CB72: 0 | CC72: 0 | CD72: 0 | CE72: 0 | CF72: 0 | CG72: 0 | CH72: 0 | CI72: 0 | CJ72: 0 | CK72: 0 | CL72: 0 | CM72: 0 | CN72: 0 | CO72: 0 | CP72: 0 | CQ72: 0 | CR72: 0 | CS72: 0 | CT72: 0 | CU72: 0 | CV72: 0 | CW72: 0 | CX72: 0 | CY72: 0 | CZ72: 0 | DA72: 0 | DB72: 0 | DC72: 0 | DD72: 0 | DE72: 0 | DF72: 0 | DG72: 0 | DH72: 0 | DI72: 0 | DJ72: 0 | DK72: 0 | DL72: 0 | DM72: 0 | DN72: 0 | DO72: 0 | DP72: 0 | DQ72: 0 | DR72: 0 | DS72: 0 | DT72: 0 | DU72: 0 | DV72: 0 | DW72: 0 | DX72: 0 | DY72: 0 | DZ72: 0 | EA72: 0 | EB72: 0 | EC72: 0 | ED72: 0 | EE72: 0 | EF72: 0 | EG72: 0 | EH72: 0 | EI72: 0 | EJ72: 0 | EK72: 0 | EL72: 0 | EM72: 0 | EN72: 0 | EO72: 0 | EP72: 0 | EQ72: 0 | ER72: 0 | ES72: 0 | ET72: 0 | EU72: 0 | EV72: 0 | EW72: 0 | EX72: 0 | EY72: 0 | EZ72: 0 | FA72: 0 | FB72: 0 | FC72: 0 | FD72: 0 | FE72: 0 | FF72: 0 | FG72: 0 | FH72: 0 | FI72: 0 | FJ72: 0 | FK72: 0 | FL72: 0 | FM72: 0 | FN72: 0 | FO72: 0 | FP72: 0 | FQ72: 0 | FR72: 0 | FS72: 0 | FT72: 0 | FU72: 0 | FV72: 0 | FW72: 0 | FX72: 0 | FY72: 0 | FZ72: 0 | GA72: 0 | GB72: 0 | GC72: 0 | GD72: 0 | GE72: 0 | GF72: 0 | GG72: 0 | GH72: 0 | GI72: 0 | GJ72: 0 | GK72: 0 | GL72: 0 | GM72: 0 | GN72: 0 | GO72: 0 | GP72: 0 | GQ72: 0 | GR72: 0 | GS72: 0 | GT72: 0 | GU72: 0 | GV72: 0 | GW72: 0 | GX72: 0 | GY72: 0 | GZ72: 0 | HA72: 0 | HB72: 0 | HC72: 0 | HD72: 0 | HE72: 0 | HF72: 0 | HG72: 0 | HH72: 0 | HI72: 0 | HJ72: 0 | HK72: 0 | HL72: 0 | HM72: 0 | HN72: 0 | HO72: 0 | HP72: 0 | HQ72: 0 | HR72: 0 | HS72: 0 | HT72: 0 | HU72: 0 | HV72: 7719.9 | HW72: -1127.7 | HX72: -1445.8 | HY72: -1429.9 | HZ72: -1455.6 | IA72: -1596 | IB72: 7016 | IC72: -1798 | ID72: -1486.2 | IE72: -1424 | IF72: -1435 | IG72: -1376 | IH72: 7067.2619 | II72: -1045.9296 | IJ72: -1171.6735 | IK72: -1035.4026 | IL72: -1097.995 | IM72: -1038.5927 | IN72: 5795.9274 | IO72: -932.30865 | IP72: -902.39921 | IQ72: -894.01759 | IR72: -899.4336 | IS72: -729.79171 | IT72: 4665.9693 | IU72: -690.53007 | IV72: -713.44549 | IW72: -664.67733 | IX72: -666.0407 | IY72: -611.61006 | IZ72: 3568.4151 | JA72: -615.24451 | JB72: -612.2169 | JC72: -629.77623 | JD72: -656.33072 | JE72: -660.61883 | JF72: 0
A73: VI. CENTRAL GOVERNMENT PRIMARY BALANCE | B73: -977.70698 | C73: 647.95842 | D73: 1624.9047 | E73: 1524.0985 | F73: 190.69542 | G73: 102.56238 | H73: -107.94171 | I73: 1587.2745 | J73: -696.4993 | K73: -769.30946 | L73: 276.33906 | M73: -1601.6232 | N73: 550.73054 | O73: 279.02226 | P73: 2343.79 | Q73: 1787.7253 | R73: -57.896041 | S73: -1841.9901 | T73: -26.307777 | U73: 5747.9097 | V73: -737.75391 | W73: -1467.474 | X73: -1158.6336 | Y73: 2157.8952 | Z73: 759.83052 | AA73: 1570.7523 | AB73: 4507.0814 | AC73: 2509.8214 | AD73: -650.77659 | AE73: 3812.8818 | AF73: 2157.3406 | AG73: 2643.4142 | AH73: 3518.0443 | AI73: 505.86959 | AJ73: 785.39924 | AK73: -1955.3658 | AL73: 1480.6618 | AM73: 1476.3165 | AN73: 4014.0272 | AO73: 3937.3072 | AP73: 2881.96 | AQ73: 1641.2367 | AR73: 355.86663 | AS73: 3271.8921 | AT73: 1593.1241 | AU73: 1025.1553 | AV73: 1290.7816 | AW73: -1986.125 | AX73: 2556.3716 | AY73: 569.01395 | AZ73: 3583.3419 | BA73: 6504.3875 | BB73: 3498.5088 | BC73: 1563.6277 | BD73: 1188.7046 | BE73: 2389.3233 | BF73: 1560.7289 | BG73: 2381.0413 | BH73: 784.838 | BI73: -4842.7872 | BJ73: 6029.7541 | BK73: 2525.6767 | BL73: 2004.7984 | BM73: 5726.2177 | BN73: 1831.3069 | BO73: 1771.7674 | BP73: 1781.3252 | BQ73: 1324.1184 | BR73: 6956.2783 | BS73: 3797.2801 | BT73: 1027.3481 | BU73: -3198.6667 | BV73: 7171.3345 | BW73: 3833.3738 | BX73: 4127.6115 | BY73: 9671.7194 | BZ73: 3724.6287 | CA73: 760.39166 | CB73: 2807.9435 | CC73: 2487.5126 | CD73: 3764.0709 | CE73: 4327.4961 | CF73: 2362.0655 | CG73: -5958.0998 | CH73: 7243.0129 | CI73: 4282.98 | CJ73: 5744.8827 | CK73: 7128.5449 | CL73: 3770.9204 | CM73: 5660.2675 | CN73: 3621.8875 | CO73: 3460.1443 | CP73: 4705.6753 | CQ73: 4741.8916 | CR73: 1757.1255 | CS73: -2775.9074 | CT73: 8377.5062 | CU73: 2016.0226 | CV73: 6572.9118 | CW73: 12712.982 | CX73: 2779.5034 | CY73: 5766.1785 | CZ73: 4757.4398 | DA73: 3781.7424 | DB73: 2786.8764 | DC73: 5853.1662 | DD73: 1278.0445 | DE73: -4009.2056 | DF73: 4054.9754 | DG73: 3607.7289 | DH73: 7290.0708 | DI73: 14685.535 | DJ73: 2662.2157 | DK73: 6050.3671 | DL73: 3027.1237 | DM73: 6271.5103 | DN73: 375.39181 | DO73: 6850.4312 | DP73: -336.66955 | DQ73: -5790.4503 | DR73: 11556.295 | DS73: 3499.4975 | DT73: 3864.3859 | DU73: 14095.064 | DV73: 4242.1165 | DW73: 5198.4301 | DX73: 5162.6539 | DY73: 3663.5174 | DZ73: 38.707693 | EA73: 9877.9872 | EB73: 4504.1461 | EC73: -8052.4122 | ED73: 15362.509 | EE73: 5217.3042 | EF73: 10606.731 | EG73: 16720.669 | EH73: 5550.4705 | EI73: 7920.6993 | EJ73: 7204.5695 | EK73: 6267.574 | EL73: 6134.0519 | EM73: 14867.301 | EN73: -4419.0422 | EO73: -19994.447 | EP73: 3977.8448 | EQ73: -1111.3237 | ER73: 6626.5114 | ES73: 10031.401 | ET73: -366.90977 | EU73: -618.15119 | EV73: 1509.6399 | EW73: 3382.7138 | EX73: -7813.6898 | EY73: 11234.864 | EZ73: 10662.806 | FA73: 1920.7129 | FB73: 13808.856 | FC73: -1181.1712 | FD73: -4565.6479 | FE73: 16480.563 | FF73: -582.48646 | FG73: 614.35516 | FH73: 725.98746 | FI73: 3863.1472 | FJ73: 25946.053 | FK73: 7717.6896 | FL73: 884.91976 | FM73: 14178.904 | FN73: 14073.746 | FO73: 2527.4984 | FP73: 8887.9928 | FQ73: 15491.389 | FR73: 4042.5294 | FS73: 10407.622 | FT73: 11103.134 | FU73: 2537.3418 | FV73: 5300.6444 | FW73: 11406.089 | FX73: 4629.6885 | FY73: 1483.3562 | FZ73: 20621.892 | GA73: 5372.9871 | GB73: 7407.7401 | GC73: 10840.632 | GD73: 1475.6234 | GE73: 695.43015 | GF73: 3769.8262 | GG73: 1385.2949 | GH73: 1067.8894 | GI73: 9420.6377 | GJ73: -4802.6954 | GK73: 27732.708 | GL73: 26122.871 | GM73: -6684.3834 | GN73: -420.11542 | GO73: 6691.7701 | GP73: 5557.6838 | GQ73: 813.92065 | GR73: 3417.9314 | GS73: -335.34225 | GT73: -10680.547 | GU73: 4928.4038 | GV73: 28349.671 | GW73: 14397.281 | GX73: 12240.065 | GY73: -3314.65 | GZ73: 2924.2215 | HA73: 16157.931 | HB73: -11481.752 | HC73: -2682.006 | HD73: -2623.6936 | HE73: -10647.323 | HF73: -20838.317 | HG73: 3021.4125 | HH73: -7191.7129 | HI73: 953.4211 | HJ73: 9988.3069 | HK73: -7429.4832 | HL73: 1120.0574 | HM73: 9902.3074 | HN73: -8553.7347 | HO73: -8940.5193 | HP73: -7762.389 | HQ73: -5706.3212 | HR73: -7182.4263 | HS73: -13189.817 | HT73: -21280.61 | HU73: -61467.598 | HV73: 14688.754 | HW73: -25411.725 | HX73: -7829.6193 | HY73: 8816.9893 | HZ73: -16987.095 | IA73: -9743.5905 | IB73: -19226.539 | IC73: -20302.299 | ID73: -25239.104 | IE73: 40872.114 | IF73: -38466.731 | IG73: -62446.779 | IH73: 18004.703 | II73: -26336.411 | IJ73: -11231.401 | IK73: 12315.875 | IL73: -29387.333 | IM73: -19844.19 | IN73: -20154.504 | IO73: -10110.97 | IP73: -22822.053 | IQ73: 5073.2708 | IR73: 1260.5758 | IS73: -21029.047 | IT73: 30842.37 | IU73: -19218.23 | IV73: -24494.936 | IW73: 8684.1835 | IX73: -11026.807 | IY73: -16379.965 | IZ73: -7488.0605 | JA73: -19657.354 | JB73: -23025.757 | JC73: 9508.7451 | JD73: -16218.117 | JE73: -31747.354 | JF73: 30238.092
A74: VII.1 METHODOLOGICAL ADJUSTMENT - ITAIPU | B74: 0 | C74: 0 | D74: 0 | E74: 0 | F74: 0 | G74: 0 | H74: 0 | I74: 0 | J74: 0 | K74: 0 | L74: 0 | M74: 0 | N74: 0 | O74: 0 | P74: 0 | Q74: 0 | R74: 0 | S74: 0 | T74: 0 | U74: 0 | V74: 0 | W74: 0 | X74: 0 | Y74: 0 | Z74: 0 | AA74: 0 | AB74: 0 | AC74: 0 | AD74: 0 | AE74: 0 | AF74: 0 | AG74: 0 | AH74: 0 | AI74: 0 | AJ74: 0 | AK74: 0 | AL74: 0 | AM74: 0 | AN74: 0 | AO74: 0 | AP74: 0 | AQ74: 0 | AR74: 0 | AS74: 0 | AT74: 0 | AU74: 0 | AV74: 0 | AW74: 0 | AX74: 0 | AY74: 0 | AZ74: 0 | BA74: 0 | BB74: 0 | BC74: 0 | BD74: 0 | BE74: 0 | BF74: 0 | BG74: 0 | BH74: 0 | BI74: 0 | BJ74: 0 | BK74: 0 | BL74: 0 | BM74: 0 | BN74: 0 | BO74: 0 | BP74: 0 | BQ74: 0 | BR74: 0 | BS74: 0 | BT74: 0 | BU74: 0 | BV74: 0 | BW74: 0 | BX74: 0 | BY74: 0 | BZ74: 0 | CA74: 0 | CB74: 0 | CC74: 0 | CD74: 0 | CE74: 0 | CF74: 0 | CG74: 0 | CH74: 60.190317 | CI74: 174.04626 | CJ74: 354.36171 | CK74: 464.02037 | CL74: 395.43304 | CM74: 307.30965 | CN74: 365.59122 | CO74: 228.0376 | CP74: 285.32746 | CQ74: 0 | CR74: 0 | CS74: 0 | CT74: 128.59629 | CU74: 167.361 | CV74: 200.04876 | CW74: 164.21659 | CX74: 331.70108 | CY74: 168.19501 | CZ74: 331.186 | DA74: 435.01575 | DB74: 209.03138 | DC74: 153.97273 | DD74: 110.36921 | DE74: 0 | DF74: 234.71651 | DG74: 161.67822 | DH74: 350.31401 | DI74: 179.27026 | DJ74: 284.47991 | DK74: 259.62768 | DL74: 258.61432 | DM74: 307.46522 | DN74: 234.59646 | DO74: 182.26888 | DP74: 81.221607 | DQ74: 56.288736 | DR74: 97.882739 | DS74: 258.84782 | DT74: 258.16843 | DU74: 213.09904 | DV74: 237.32013 | DW74: 133.9344 | DX74: 158.36835 | DY74: 305.36704 | DZ74: 100.96771 | EA74: 23.761349 | EB74: 0 | EC74: 0 | ED74: 148.37051 | EE74: 143.20099 | EF74: 146.27052 | EG74: 141.07651 | EH74: 138.51559 | EI74: 134.4275 | EJ74: 131.33622 | EK74: 70.540701 | EL74: 100.47624 | EM74: 74.94773 | EN74: 0 | EO74: 0 | EP74: 194.56289 | EQ74: 173.58515 | ER74: 215.65934 | ES74: 214.40319 | ET74: 99.004377 | EU74: 155.82986 | EV74: 26.647738 | EW74: 0 | EX74: 0 | EY74: 134.61532 | EZ74: 134.57499 | FA74: 24.180073 | FB74: 155.48391 | FC74: 0 | FD74: 3.6316113 | FE74: 60.435873 | FF74: 150.83533 | FG74: 148.50008 | FH74: 146.797 | FI74: 125.24061 | FJ74: 141.92737 | FK74: 121.08502 | FL74: 164.23189 | FM74: 139.72014 | FN74: 140.30149 | FO74: 139.10612 | FP74: 104.5319 | FQ74: 79.578547 | FR74: 211.83829 | FS74: 137.84693 | FT74: 20.568288 | FU74: 199.75438 | FV74: 104.3758 | FW74: 0 | FX74: 0 | FY74: 0 | FZ74: 147.45823 | GA74: 144.04429 | GB74: 154.61711 | GC74: 159.42501 | GD74: 169.05712 | GE74: 38.79894 | GF74: 300.88243 | GG74: 81.308277 | GH74: 31.942364 | GI74: 86.222435 | GJ74: 0 | GK74: 0 | GL74: 170.15785 | GM74: 169.26058 | GN74: 32.617906 | GO74: 309.16605 | GP74: 177.20969 | GQ74: 0 | GR74: 0 | GS74: 0 | GT74: 0 | GU74: 0 | GV74: 0 | GW74: 0 | GX74: 0 | GY74: 0 | GZ74: 0 | HA74: 0 | HB74: 0 | HC74: 0 | HD74: 0 | HE74: 0 | HF74: 0 | HG74: 0 | HH74: 0 | HI74: 0 | HJ74: 218.36613 | HK74: 64.688829 | HL74: 445.15085 | HM74: 241.17394 | HN74: 74.345984 | HO74: 442.74037 | HP74: 352.58131 | HQ74: 380.26671 | HR74: 434.10641 | HS74: 419.64402 | HT74: 399.99938 | HU74: 415.3708 | HV74: 162.17495 | HW74: 695.72155 | HX74: 387.54501 | HY74: 185.0392 | HZ74: 571.39575 | IA74: 352.97879 | IB74: 0 | IC74: 215.94609 | ID74: 281.31236 | IE74: 279.21606 | IF74: 300.59106 | IG74: 289.99953 | IH74: 278.80976 | II74: 42.57955 | IJ74: 564.42167 | IK74: 181.31224 | IL74: 655.18678 | IM74: 447.06084 | IN74: 521.73152 | IO74: 378.72121 | IP74: 189.29955 | IQ74: 654.13378 | IR74: 422.30736 | IS74: 126.1237 | IT74: 724.51452 | IU74: 426.06008 | IV74: 130.59771 | IW74: 597.56505 | IX74: 399.76772 | IY74: 141.17988 | IZ74: 670.38806 | JA74: 443.33704 | JB74: 134.57601 | JC74: 684.74568 | JD74: 128.70488 | JE74: 426.57521
A75: VII.2 METHODOLOGICAL ADJUSTMENT - CASH-ACCRUAL | B75: 0 | C75: 0 | D75: 0 | E75: 0 | F75: 0 | G75: 0 | H75: 0 | I75: 0 | J75: 0 | K75: 0 | L75: 0 | M75: 0 | N75: 0 | O75: 0 | P75: 0 | Q75: 0 | R75: 0 | S75: 0 | T75: 0 | U75: 0 | V75: 0 | W75: 0 | X75: 0 | Y75: 0 | Z75: 0 | AA75: 0 | AB75: 0 | AC75: 0 | AD75: 0 | AE75: 0 | AF75: 0 | AG75: 0 | AH75: 0 | AI75: 0 | AJ75: 0 | AK75: 0 | AL75: 0 | AM75: 0 | AN75: 0 | AO75: 0 | AP75: 0 | AQ75: 0 | AR75: 0 | AS75: 0 | AT75: 0 | AU75: 0 | AV75: 0 | AW75: 0 | AX75: 0 | AY75: 0 | AZ75: 0 | BA75: 0 | BB75: 0 | BC75: 0 | BD75: 0 | BE75: 0 | BF75: 0 | BG75: 0 | BH75: 0 | BI75: 0 | BJ75: 0 | BK75: 0 | BL75: 0 | BM75: 0 | BN75: 0 | BO75: 0 | BP75: 0 | BQ75: 0 | BR75: 0 | BS75: 0 | BT75: 0 | BU75: 0 | BV75: 0 | BW75: 0 | BX75: 0 | BY75: 0 | BZ75: 0 | CA75: 0 | CB75: 0 | CC75: 0 | CD75: 0 | CE75: 0 | CF75: 0 | CG75: 0 | CH75: 0 | CI75: 0 | CJ75: 0 | CK75: 0 | CL75: 0 | CM75: 0 | CN75: 0 | CO75: 0 | CP75: 0 | CQ75: 0 | CR75: 0 | CS75: 0 | CT75: 0 | CU75: 0 | CV75: 0 | CW75: 0 | CX75: 0 | CY75: 0 | CZ75: 0 | DA75: 0 | DB75: 0 | DC75: 0 | DD75: 0 | DE75: 0 | DF75: 0 | DG75: 0 | DH75: 0 | DI75: 0 | DJ75: 0 | DK75: 0 | DL75: 0 | DM75: 0 | DN75: 0 | DO75: 0 | DP75: 0 | DQ75: 0 | DR75: 0 | DS75: 0 | DT75: 0 | DU75: 0 | DV75: 0 | DW75: 0 | DX75: 0 | DY75: 0 | DZ75: 0 | EA75: 0 | EB75: 0 | EC75: 0 | ED75: 0 | EE75: 0 | EF75: 0 | EG75: 0 | EH75: 0 | EI75: 0 | EJ75: 0 | EK75: 0 | EL75: 0 | EM75: 0 | EN75: 0 | EO75: 0 | EP75: 0 | EQ75: 0 | ER75: 0 | ES75: 0 | ET75: 0 | EU75: 0 | EV75: 0 | EW75: 0 | EX75: 0 | EY75: 0 | EZ75: 0 | FA75: 0 | FB75: 0 | FC75: 0 | FD75: 0 | FE75: 0 | FF75: 0 | FG75: 0 | FH75: 0 | FI75: 0 | FJ75: 0 | FK75: 0 | FL75: 0 | FM75: 0 | FN75: 0 | FO75: 0 | FP75: 0 | FQ75: 0 | FR75: 0 | FS75: 0 | FT75: 0 | FU75: 0 | FV75: 0 | FW75: 0 | FX75: 0 | FY75: 0 | FZ75: 0 | GA75: 0 | GB75: 0 | GC75: 0 | GD75: 0 | GE75: 0 | GF75: 0 | GG75: 0 | GH75: 0 | GI75: 0 | GJ75: 0 | GK75: 0 | GL75: 0 | GM75: 0 | GN75: 0 | GO75: 0 | GP75: 0 | GQ75: 0 | GR75: 0 | GS75: 0 | GT75: 0 | GU75: 0 | GV75: 0 | GW75: 0 | GX75: 0 | GY75: 0 | GZ75: 0 | HA75: 0 | HB75: 0 | HC75: 0 | HD75: 0 | HE75: 0 | HF75: 0 | HG75: 0 | HH75: 0 | HI75: 0 | HJ75: 0 | HK75: 0 | HL75: 0 | HM75: 0 | HN75: 0 | HO75: 0 | HP75: 0 | HQ75: 0 | HR75: 0 | HS75: 0 | HT75: 0 | HU75: 0 | HV75: 7719.9 | HW75: -1127.7 | HX75: -1445.8 | HY75: -1429.9 | HZ75: -1455.6 | IA75: -1596 | IB75: 7016 | IC75: -1798 | ID75: -1486.2 | IE75: -1424 | IF75: -1435 | IG75: -1376 | IH75: 7067.2619 | II75: -1045.9296 | IJ75: -1171.6735 | IK75: -1035.4026 | IL75: -1097.995 | IM75: -1038.5927 | IN75: 5795.9274 | IO75: -932.30865 | IP75: -902.39921 | IQ75: -894.01759 | IR75: -899.4336 | IS75: -729.79171 | IT75: 4665.9693 | IU75: -690.53007 | IV75: -713.44549 | IW75: -664.67733 | IX75: -666.0407 | IY75: -611.61006 | IZ75: 3568.4151 | JA75: -615.24451 | JB75: -612.2169 | JC75: -629.77623 | JD75: -656.33072 | JE75: -660.61883
A76: VIII. STATISTICAL DISCREPANCY | B76: -135.29302 | C76: -20.958422 | D76: -586.90473 | E76: -1398.0985 | F76: 522.30458 | G76: -423.56238 | H76: -499.05829 | I76: 478.72555 | J76: -324.5007 | K76: -779.69054 | L76: -332.44906 | M76: -676.77677 | N76: -307.3271 | O76: -210.89281 | P76: 1028.6175 | Q76: -688.74148 | R76: -156.21028 | S76: -565.1747 | T76: 456.88321 | U76: -1259.2121 | V76: -484.46615 | W76: 1432.2797 | X76: -408.8557 | Y76: -1372.4151 | Z76: 1394.9895 | AA76: 205.55769 | AB76: -1123.7114 | AC76: -1260.3714 | AD76: 708.39659 | AE76: 101.76819 | AF76: 1572.9394 | AG76: 354.1558 | AH76: 85.765731 | AI76: 268.89041 | AJ76: -410.15924 | AK76: 609.57575 | AL76: -335.61178 | AM76: 905.43347 | AN76: 937.98282 | AO76: -1768.2272 | AP76: 307.77002 | AQ76: 154.39332 | AR76: 41.113369 | AS76: 1381.9479 | AT76: 176.35588 | AU76: -2506.4553 | AV76: 743.8884 | AW76: -590.19499 | AX76: 73.244865 | AY76: 484.22996 | AZ76: 301.27545 | BA76: -3.5534564 | BB76: 513.16733 | BC76: -156.06073 | BD76: 72.679676 | BE76: 81.689908 | BF76: 391.63139 | BG76: -490.16796 | BH76: 60.932869 | BI76: -1086.3639 | BJ76: 1009.8809 | BK76: -381.14415 | BL76: 309.43349 | BM76: 6.2782301 | BN76: 16.737284 | BO76: 9.7209431 | BP76: 308.27026 | BQ76: 93.746108 | BR76: -912.37945 | BS76: 515.62394 | BT76: 533.19073 | BU76: -1167.4653 | BV76: -453.08962 | BW76: 773.8455 | BX76: -674.82088 | BY76: 638.19358 | BZ76: -363.15945 | CA76: 143.06253 | CB76: 518.23032 | CC76: 113.20141 | CD76: 317.41561 | CE76: 382.83884 | CF76: -179.28473 | CG76: -1552.5975 | CH76: -124.70675 | CI76: 381.31834 | CJ76: -137.05783 | CK76: -31.389572 | CL76: 525.61428 | CM76: -613.43237 | CN76: 59.630315 | CO76: 78.018467 | CP76: -887.95814 | CQ76: 773.22966 | CR76: 719.77576 | CS76: -333.60254 | CT76: 0.86835659 | CU76: -56.102797 | CV76: 432.02892 | CW76: 1430.6878 | CX76: -907.45108 | CY76: 125.67518 | CZ76: 526.1614 | DA76: 291.73049 | DB76: -66.107429 | DC76: 314.71347 | DD76: -1042.3481 | DE76: -381.35164 | DF76: -979.17149 | DG76: -498.07908 | DH76: -2025.9336 | DI76: 1447.0487 | DJ76: 199.0323 | DK76: 567.15596 | DL76: 315.22467 | DM76: 648.59774 | DN76: -545.35181 | DO76: 733.87222 | DP76: 179.46777 | DQ76: -29.065414 | DR76: 151.11801 | DS76: -1098.4023 | DT76: -209.37645 | DU76: 610.89028 | DV76: 865.52609 | DW76: 141.42651 | DX76: -369.12523 | DY76: -523.19991 | DZ76: 672.10662 | EA76: 115.9095 | EB76: 279.47355 | EC76: -635.73561 | ED76: 1194.4465 | EE76: -1272.2993 | EF76: 286.30039 | EG76: -1.1715219 | EH76: -772.57875 | EI76: -987.99888 | EJ76: 438.1698 | EK76: 914.88843 | EL76: -1061.0773 | EM76: -476.67017 | EN76: 1136.3208 | EO76: -757.95918 | EP76: 623.42065 | EQ76: 1841.1327 | ER76: -1026.4757 | ES76: 615.76503 | ET76: -22.849949 | EU76: -674.34946 | EV76: 154.46964 | EW76: 515.79142 | EX76: -206.22081 | EY76: 7.5874607 | EZ76: -84.933651 | FA76: -109.60589 | FB76: -426.46796 | FC76: 480.1819 | FD76: 649.73641 | FE76: -12.843268 | FF76: -999.75093 | FG76: -17.174748 | FH76: -259.99113 | FI76: -530.52822 | FJ76: -494.47367 | FK76: -605.80857 | FL76: 605.76157 | FM76: 1085.5566 | FN76: -407.06393 | FO76: -136.30133 | FP76: 683.16939 | FQ76: -350.89662 | FR76: 197.73713 | FS76: -841.49377 | FT76: -205.48901 | FU76: -706.0988 | FV76: 577.17533 | FW76: -2.1660074 | FX76: 178.42962 | FY76: 1019.5629 | FZ76: -536.18641 | GA76: -200.49464 | GB76: -106.29812 | GC76: 479.01687 | GD76: -86.729114 | GE76: 1284.7422 | GF76: -236.02017 | GG76: -294.01446 | GH76: -169.27564 | GI76: 553.8692 | GJ76: -1072.5811 | GK76: 168.22152 | GL76: -204.65437 | GM76: -628.68132 | GN76: 1446.8816 | GO76: 63.610744 | GP76: -499.31903 | GQ76: 610.41086 | GR76: 349.65855 | GS76: 280.77694 | GT76: -79.477988 | GU76: 328.52442 | GV76: 258.32552 | GW76: 347.08984 | GX76: 309.01797 | GY76: -74.830796 | GZ76: 237.30969 | HA76: 696.41265 | HB76: 408.3865 | HC76: -50.215192 | HD76: 728.73 | HE76: -1303.4504 | HF76: -156.42246 | HG76: 1881.7018 | HH76: 532.83472 | HI76: -198.77523 | HJ76: -131.58124 | HK76: 693.38194 | HL76: -82.545925 | HM76: 494.16988 | HN76: -389.30675 | HO76: -68.378703 | HP76: 1369.9076 | HQ76: -1607.6826 | HR76: -91.82081 | HS76: 453.79065 | HT76: -789.95523 | HU76: 108.23291 | HV76: -1672.313 | HW76: -589.05904 | HX76: -56.527266 | HY76: 1142.1932 | HZ76: 104.94821 | IA76: 536.08075 | IB76: 357.64951 | IC76: -258.28027 | ID76: -55.097908 | IE76: -599.9862 | IF76: -275.26459 | IG76: -715.69522 | IH76: 941.7907 | II76: -1429.717 | IJ76: 152.72795 | IK76: -10.508617 | IL76: -2275.3954 | IM76: 498.40059 | IN76: -140.49138 | IO76: 748.36079 | IP76: 1308.2029 | IQ76: 133.92773 | IR76: -1149.8954 | IS76: -535.45483 | IT76: 297.18665 | IU76: 477.91539 | IV76: -453.42021 | IW76: -3257.0187 | IX76: 172.81355 | IY76: 1898.934 | IZ76: 572.32148 | JA76: -1021.2484 | JB76: -788.45924 | JC76: 633.35459 | JD76: -326.95658 | JE76: -773.41284
A77: IX. CENTRAL GOVERNMENT PRIMARY BALANCE (VI + VII + VIII) | B77: -1113 | C77: 627 | D77: 1038 | E77: 126 | F77: 713 | G77: -321 | H77: -607 | I77: 2066 | J77: -1021 | K77: -1549 | L77: -56.11 | M77: -2278.4 | N77: 243.40345 | O77: 68.129453 | P77: 3372.4076 | Q77: 1098.9838 | R77: -214.10632 | S77: -2407.1648 | T77: 430.57543 | U77: 4488.6976 | V77: -1222.2201 | W77: -35.194303 | X77: -1567.4893 | Y77: 785.48016 | Z77: 2154.82 | AA77: 1776.31 | AB77: 3383.37 | AC77: 1249.45 | AD77: 57.62 | AE77: 3914.65 | AF77: 3730.28 | AG77: 2997.57 | AH77: 3603.81 | AI77: 774.76 | AJ77: 375.24 | AK77: -1345.79 | AL77: 1145.05 | AM77: 2381.75 | AN77: 4952.01 | AO77: 2169.08 | AP77: 3189.73 | AQ77: 1795.63 | AR77: 396.98 | AS77: 4653.84 | AT77: 1769.48 | AU77: -1481.3 | AV77: 2034.67 | AW77: -2576.32 | AX77: 2629.6164 | AY77: 1053.2439 | AZ77: 3884.6174 | BA77: 6500.834 | BB77: 4011.6761 | BC77: 1407.567 | BD77: 1261.3843 | BE77: 2471.0133 | BF77: 1952.3602 | BG77: 1890.8733 | BH77: 845.77087 | BI77: -5929.1511 | BJ77: 7039.635 | BK77: 2144.5325 | BL77: 2314.2319 | BM77: 5732.4959 | BN77: 1848.0442 | BO77: 1781.4883 | BP77: 2089.5955 | BQ77: 1417.8646 | BR77: 6043.8989 | BS77: 4312.9041 | BT77: 1560.5388 | BU77: -4366.1319 | BV77: 6718.2449 | BW77: 4607.2193 | BX77: 3452.7906 | BY77: 10309.913 | BZ77: 3361.4692 | CA77: 903.45419 | CB77: 3326.1738 | CC77: 2600.714 | CD77: 4081.4865 | CE77: 4710.335 | CF77: 2182.7807 | CG77: -7510.6973 | CH77: 7178.4965 | CI77: 4838.3446 | CJ77: 5962.1866 | CK77: 7561.1757 | CL77: 4691.9678 | CM77: 5354.1448 | CN77: 4047.109 | CO77: 3766.2004 | CP77: 4103.0446 | CQ77: 5515.1213 | CR77: 2476.9012 | CS77: -3109.51 | CT77: 8506.9708 | CU77: 2127.2808 | CV77: 7204.9894 | CW77: 14307.886 | CX77: 2203.7534 | CY77: 6060.0487 | CZ77: 5614.7872 | DA77: 4508.4886 | DB77: 2929.8003 | DC77: 6321.8524 | DD77: 346.06563 | DE77: -4390.5572 | DF77: 3310.5204 | DG77: 3271.3281 | DH77: 5614.4512 | DI77: 16311.854 | DJ77: 3145.7279 | DK77: 6877.1507 | DL77: 3600.9627 | DM77: 7227.5732 | DN77: 64.636461 | DO77: 7766.5723 | DP77: -75.980177 | DQ77: -5763.227 | DR77: 11805.295 | DS77: 2659.943 | DT77: 3913.1778 | DU77: 14919.053 | DV77: 5344.9628 | DW77: 5473.791 | DX77: 4951.897 | DY77: 3445.6845 | DZ77: 811.78202 | EA77: 10017.658 | EB77: 4783.6196 | EC77: -8688.1478 | ED77: 16705.326 | EE77: 4088.2059 | EF77: 11039.302 | EG77: 16860.574 | EH77: 4916.4073 | EI77: 7067.1279 | EJ77: 7774.0755 | EK77: 7253.0031 | EL77: 5173.4508 | EM77: 14465.578 | EN77: -3282.7214 | EO77: -20752.406 | EP77: 4795.8283 | EQ77: 903.39416 | ER77: 5815.695 | ES77: 10861.57 | ET77: -290.75534 | EU77: -1136.6708 | EV77: 1690.7573 | EW77: 3898.5052 | EX77: -8019.9106 | EY77: 11377.067 | EZ77: 10712.447 | FA77: 1835.2871 | FB77: 13537.872 | FC77: -700.98934 | FD77: -3912.2799 | FE77: 16528.156 | FF77: -1431.4021 | FG77: 745.68049 | FH77: 612.79333 | FI77: 3457.8596 | FJ77: 25593.506 | FK77: 7232.966 | FL77: 1654.9132 | FM77: 15404.181 | FN77: 13806.983 | FO77: 2530.3032 | FP77: 9675.694 | FQ77: 15220.071 | FR77: 4452.1048 | FS77: 9703.9756 | FT77: 10918.213 | FU77: 2030.9974 | FV77: 5982.1955 | FW77: 11403.923 | FX77: 4808.1181 | FY77: 2502.919 | FZ77: 20233.164 | GA77: 5316.5367 | GB77: 7456.0591 | GC77: 11479.074 | GD77: 1557.9514 | GE77: 2018.9712 | GF77: 3834.6885 | GG77: 1172.5887 | GH77: 930.55615 | GI77: 10060.729 | GJ77: -5875.2766 | GK77: 27900.93 | GL77: 26088.374 | GM77: -7143.8041 | GN77: 1059.3841 | GO77: 7064.5469 | GP77: 5235.5744 | GQ77: 1424.3315 | GR77: 3767.5899 | GS77: -54.565307 | GT77: -10760.025 | GU77: 5256.9282 | GV77: 28607.997 | GW77: 14744.371 | GX77: 12549.083 | GY77: -3389.4807 | GZ77: 3161.5312 | HA77: 16854.344 | HB77: -11073.366 | HC77: -2732.2212 | HD77: -1894.9636 | HE77: -11950.774 | HF77: -20994.739 | HG77: 4903.1143 | HH77: -6658.8782 | HI77: 754.64587 | HJ77: 10075.092 | HK77: -6671.4125 | HL77: 1482.6623 | HM77: 10637.651 | HN77: -8868.6954 | HO77: -8566.1576 | HP77: -6039.9 | HQ77: -6933.7371 | HR77: -6840.1407 | HS77: -12316.382 | HT77: -21670.565 | HU77: -60943.994 | HV77: 20898.515 | HW77: -26432.763 | HX77: -8944.4016 | HY77: 8714.3217 | HZ77: -17766.351 | IA77: -10450.531 | IB77: -11852.889 | IC77: -22142.633 | ID77: -26499.089 | IE77: 39127.343 | IF77: -39876.405 | IG77: -64248.474 | IH77: 26292.565 | II77: -28769.478 | IJ77: -11685.925 | IK77: 11451.276 | IL77: -32105.537 | IM77: -19937.321 | IN77: -13977.337 | IO77: -9916.1964 | IP77: -22226.95 | IQ77: 4967.3147 | IR77: -366.44587 | IS77: -22168.17 | IT77: 36530.041 | IU77: -19004.785 | IV77: -25531.204 | IW77: 5360.0526 | IX77: -11120.267 | IY77: -14951.461 | IZ77: -2676.9358 | JA77: -20850.51 | JB77: -24291.857 | JC77: 10197.069 | JD77: -17072.7 | JE77: -32754.811
A78: X. NOMINAL INTEREST | B78: -1623.96 | C78: -1502.96 | D78: -1611.45 | E78: -1608.89 | F78: -1556.99 | G78: -1516.2 | H78: -1526.68 | I78: -1608.49 | J78: -1411.54 | K78: -1426.44 | L78: -1863.69 | M78: -1674.23 | N78: -3358.52 | O78: -3347.94 | P78: -3305.03 | Q78: -4181.86 | R78: -3497.74 | S78: -3969.04 | T78: -3531.54 | U78: -3710.61 | V78: -5155.91 | W78: -5600.76 | X78: -5444.3 | Y78: -5038.25 | Z78: -2532.73 | AA78: -4193.8 | AB78: -8913.42 | AC78: -3729.17 | AD78: -5020.98 | AE78: -4050.01 | AF78: -5934.06 | AG78: -4528.1 | AH78: -930.58 | AI78: -4769.72 | AJ78: 14.25 | AK78: -4419.77 | AL78: -2132.58 | AM78: -5275.21 | AN78: -4130.85 | AO78: -3595.75 | AP78: -5443.6 | AQ78: -4810.86 | AR78: -4136.96 | AS78: -3146.33 | AT78: -1762.18 | AU78: -4262.96 | AV78: -3413.07 | AW78: -3336.68 | AX78: -5849.4571 | AY78: -2107.6625 | AZ78: -1361.4685 | BA78: -5563.6137 | BB78: 21.0681 | BC78: -5127.5764 | BD78: -3939.7438 | BE78: -3421.4668 | BF78: -1209.2142 | BG78: -5140.3012 | BH78: -5861.1343 | BI78: -7692.474 | BJ78: -5195.5978 | BK78: -6047.0859 | BL78: -5104.3553 | BM78: -5457.7864 | BN78: -4302.9288 | BO78: 175.40903 | BP78: 5847.6581 | BQ78: -9907.8137 | BR78: 2424.304 | BS78: -11231.773 | BT78: -1198.9879 | BU78: -1949.29 | BV78: -11485.384 | BW78: -7324.9301 | BX78: -7910.7742 | BY78: -3838.5554 | BZ78: -10008.18 | CA78: -8629.9544 | CB78: -13515.518 | CC78: -11339.36 | CD78: -8452.7309 | CE78: -5463.8097 | CF78: -7252.8464 | CG78: -5674.3826 | CH78: -7702.4587 | CI78: -6403.0816 | CJ78: -5900.4332 | CK78: -6042.3116 | CL78: -5313.0351 | CM78: -5492.0736 | CN78: -6517.1036 | CO78: -7680.0199 | CP78: -5619.758 | CQ78: -8703.315 | CR78: -7297.0713 | CS78: -6747.8549 | CT78: -9722.5279 | CU78: -8279.3489 | CV78: -9983.6606 | CW78: -8873.7905 | CX78: -11204.779 | CY78: -13980.688 | CZ78: -11183.456 | DA78: -12391.903 | DB78: -15242.256 | DC78: -11032.114 | DD78: -9779.1067 | DE78: -7351.7424 | DF78: -16264.107 | DG78: -9987.9864 | DH78: -10986.087 | DI78: -12793.232 | DJ78: -4371.0035 | DK78: -14658.533 | DL78: -9434.1926 | DM78: -13370.473 | DN78: -7677.8244 | DO78: -10565.939 | DP78: -7974.9572 | DQ78: -7742.2793 | DR78: -11220.822 | DS78: -7702.3897 | DT78: -11870.8 | DU78: -10568.78 | DV78: -15185.987 | DW78: -8247.6809 | DX78: -11756.294 | DY78: -7561.9065 | DZ78: -9622.4494 | EA78: -10899.298 | EB78: -7240.2945 | EC78: -7168.9993 | ED78: -6469.1652 | EE78: -10407.003 | EF78: -7795.1808 | EG78: -10473.09 | EH78: -10396.751 | EI78: -8214.8321 | EJ78: -9882.7726 | EK78: -5727.4085 | EL78: -4160.2468 | EM78: -3478.8394 | EN78: -4884.7479 | EO78: -14308.642 | EP78: -14339.685 | EQ78: -7867.8711 | ER78: -13197.078 | ES78: -13949.879 | ET78: -11172.972 | EU78: -10666.632 | EV78: -14815.379 | EW78: -13191.384 | EX78: -14336.05 | EY78: -11491.286 | EZ78: -12984.321 | FA78: -11793.865 | FB78: -11757.54 | FC78: -8150.5834 | FD78: -10698.731 | FE78: -9473.6732 | FF78: -10874.472 | FG78: -7158.9847 | FH78: -13208.675 | FI78: -12589.292 | FJ78: -9393.8922 | FK78: -8998.5656 | FL78: -11631.045 | FM78: -10573.288 | FN78: -14830.928 | FO78: -12400.483 | FP78: -13644.922 | FQ78: -14405.641 | FR78: -17409.596 | FS78: -16329.518 | FT78: -16755.376 | FU78: -19244.088 | FV78: -11454.138 | FW78: -14524.724 | FX78: -13579.709 | FY78: -15973.947 | FZ78: -18048.724 | GA78: -14362.305 | GB78: -17792.351 | GC78: -11751.374 | GD78: -11097.635 | GE78: -9197.6305 | GF78: -11372.039 | GG78: -9302.702 | GH78: -4805.0727 | GI78: -9813.3018 | GJ78: -14670.494 | GK78: -15054.003 | GL78: -16627.855 | GM78: -15803.549 | GN78: -15412.64 | GO78: -13690.342 | GP78: -17221.595 | GQ78: -12852.919 | GR78: -16585.291 | GS78: -18041.338 | GT78: -8891.5112 | GU78: -7869.4219 | GV78: -23404.308 | GW78: -19444.88 | GX78: -23632.22 | GY78: -6726.0949 | GZ78: -9290.6074 | HA78: -10745.919 | HB78: -15864.282 | HC78: -17857.546 | HD78: -27921.469 | HE78: -16581.061 | HF78: -39921.446 | HG78: -18008.925 | HH78: -26865.075 | HI78: -37655.568 | HJ78: -12104.406 | HK78: -48821.464 | HL78: -62230.924 | HM78: 7487.5541 | HN78: -43822.937 | HO78: -21131.567 | HP78: -54665.736 | HQ78: -41742.749 | HR78: -63019.867 | HS78: -6267.534 | HT78: -9752.276 | HU78: -41168.518 | HV78: -48877.745 | HW78: -17309.37 | HX78: 8147.5533 | HY78: -16626.928 | HZ78: -35490.244 | IA78: -14743.819 | IB78: -28299.138 | IC78: -35921.24 | ID78: -33232.486 | IE78: -31010.733 | IF78: -35627.779 | IG78: -29370.213 | IH78: -29018.988 | II78: -23671.965 | IJ78: -36940.774 | IK78: -23299.288 | IL78: -32157.223 | IM78: -28137.716 | IN78: -25522.284 | IO78: -33710.111 | IP78: -26699.24 | IQ78: -29594.738 | IR78: -24715.54 | IS78: -27439.426 | IT78: -23251.421 | IU78: -22109.293 | IV78: -27296.11 | IW78: -24090.565 | IX78: -35091.969 | IY78: -38880.438 | IZ78: -20363.654 | JA78: -49226.434 | JB78: -9155.0709 | JC78: -10426.474 | JD78: -28726.643 | JE78: -21689.06
A79: XI. CENTRAL GOVERNMENT NOMINAL BALANCE (IX + X) | B79: -2736.96 | C79: -875.96 | D79: -573.45 | E79: -1482.89 | F79: -843.99 | G79: -1837.2 | H79: -2133.68 | I79: 457.51 | J79: -2432.54 | K79: -2975.44 | L79: -1919.8 | M79: -3952.63 | N79: -3115.1166 | O79: -3279.8105 | P79: 67.377591 | Q79: -3082.8762 | R79: -3711.8463 | S79: -6376.2048 | T79: -3100.9646 | U79: 778.08759 | V79: -6378.1301 | W79: -5635.9543 | X79: -7011.7893 | Y79: -4252.7698 | Z79: -377.91 | AA79: -2417.49 | AB79: -5530.05 | AC79: -2479.72 | AD79: -4963.36 | AE79: -135.36 | AF79: -2203.78 | AG79: -1530.53 | AH79: 2673.23 | AI79: -3994.96 | AJ79: 389.49 | AK79: -5765.56 | AL79: -987.53 | AM79: -2893.46 | AN79: 821.16 | AO79: -1426.67 | AP79: -2253.87 | AQ79: -3015.23 | AR79: -3739.98 | AS79: 1507.51 | AT79: 7.3 | AU79: -5744.26 | AV79: -1378.4 | AW79: -5913 | AX79: -3219.8406 | AY79: -1054.4186 | AZ79: 2523.1489 | BA79: 937.22034 | BB79: 4032.7442 | BC79: -3720.0094 | BD79: -2678.3595 | BE79: -950.45355 | BF79: 743.14605 | BG79: -3249.4279 | BH79: -5015.3634 | BI79: -13621.625 | BJ79: 1844.0372 | BK79: -3902.5534 | BL79: -2790.1234 | BM79: 274.7095 | BN79: -2454.8846 | BO79: 1956.8973 | BP79: 7937.2536 | BQ79: -8489.9491 | BR79: 8468.2029 | BS79: -6918.8692 | BT79: 361.55089 | BU79: -6315.4219 | BV79: -4767.1395 | BW79: -2717.7109 | BX79: -4457.9836 | BY79: 6471.3576 | BZ79: -6646.7107 | CA79: -7726.5002 | CB79: -10189.344 | CC79: -8738.6457 | CD79: -4371.2443 | CE79: -753.47476 | CF79: -5070.0657 | CG79: -13185.08 | CH79: -523.96224 | CI79: -1564.737 | CJ79: 61.753398 | CK79: 1518.8641 | CL79: -621.06735 | CM79: -137.92875 | CN79: -2469.9946 | CO79: -3913.8196 | CP79: -1516.7134 | CQ79: -3188.1937 | CR79: -4820.17 | CS79: -9857.3649 | CT79: -1215.5571 | CU79: -6152.0681 | CV79: -2778.6711 | CW79: 5434.0955 | CX79: -9001.0251 | CY79: -7920.6394 | CZ79: -5568.6683 | DA79: -7883.4139 | DB79: -12312.456 | DC79: -4710.2621 | DD79: -9433.041 | DE79: -11742.3 | DF79: -12953.586 | DG79: -6716.6583 | DH79: -5371.636 | DI79: 3518.6219 | DJ79: -1225.2756 | DK79: -7781.3828 | DL79: -5833.23 | DM79: -6142.9001 | DN79: -7613.1879 | DO79: -2799.3668 | DP79: -8050.9374 | DQ79: -13505.506 | DR79: 584.4736 | DS79: -5042.4467 | DT79: -7957.6225 | DU79: 4350.2731 | DV79: -9841.0239 | DW79: -2773.8899 | DX79: -6804.3971 | DY79: -4116.2219 | DZ79: -8810.6674 | EA79: -881.64039 | EB79: -2456.6749 | EC79: -15857.147 | ED79: 10236.161 | EE79: -6318.7976 | EF79: 3244.1208 | EG79: 6387.4837 | EH79: -5480.344 | EI79: -1147.7042 | EJ79: -2108.6971 | EK79: 1525.5946 | EL79: 1013.204 | EM79: 10986.739 | EN79: -8167.4693 | EO79: -35061.048 | EP79: -9543.8565 | EQ79: -6964.4769 | ER79: -7381.3828 | ES79: -3088.3094 | ET79: -11463.727 | EU79: -11803.302 | EV79: -13124.621 | EW79: -9292.8784 | EX79: -22355.961 | EY79: -114.21925 | EZ79: -2271.874 | FA79: -9958.5781 | FB79: 1780.3317 | FC79: -8851.5727 | FD79: -14611.011 | FE79: 7054.4827 | FF79: -12305.874 | FG79: -6413.3042 | FH79: -12595.882 | FI79: -9131.4323 | FJ79: 16199.614 | FK79: -1765.5996 | FL79: -9976.132 | FM79: 4830.8923 | FN79: -1023.9441 | FO79: -9870.1795 | FP79: -3969.2276 | FQ79: 814.4297 | FR79: -12957.491 | FS79: -6625.5422 | FT79: -5837.1632 | FU79: -17213.09 | FV79: -5471.9429 | FW79: -3120.8017 | FX79: -8771.5908 | FY79: -13471.028 | FZ79: 2184.4394 | GA79: -9045.7686 | GB79: -10336.291 | GC79: -272.29968 | GD79: -9539.6838 | GE79: -7178.6592 | GF79: -7537.3508 | GG79: -8130.1133 | GH79: -3874.5165 | GI79: 247.42753 | GJ79: -20545.771 | GK79: 12846.927 | GL79: 9460.519 | GM79: -22947.354 | GN79: -14353.256 | GO79: -6625.7954 | GP79: -11986.02 | GQ79: -11428.588 | GR79: -12817.701 | GS79: -18095.903 | GT79: -19651.536 | GU79: -2612.4936 | GV79: 5203.6891 | GW79: -4700.5088 | GX79: -11083.138 | GY79: -10115.576 | GZ79: -6129.0762 | HA79: 6108.4246 | HB79: -26937.648 | HC79: -20589.767 | HD79: -29816.433 | HE79: -28531.835 | HF79: -60916.185 | HG79: -13105.811 | HH79: -33523.953 | HI79: -36900.922 | HJ79: -2029.3147 | HK79: -55492.877 | HL79: -60748.261 | HM79: 18125.205 | HN79: -52691.632 | HO79: -29697.724 | HP79: -60705.637 | HQ79: -48676.486 | HR79: -69860.007 | HS79: -18583.916 | HT79: -31422.841 | HU79: -102112.51 | HV79: -27979.23 | HW79: -43742.132 | HX79: -796.84832 | HY79: -7912.6065 | HZ79: -53256.596 | IA79: -25194.349 | IB79: -40152.028 | IC79: -58063.873 | ID79: -59731.575 | IE79: 8116.6103 | IF79: -75504.184 | IG79: -93618.688 | IH79: -2726.423 | II79: -52441.444 | IJ79: -48626.699 | IK79: -11848.013 | IL79: -64262.76 | IM79: -48075.037 | IN79: -39499.621 | IO79: -43626.307 | IP79: -48926.19 | IQ79: -24627.424 | IR79: -25081.986 | IS79: -49607.597 | IT79: 13278.62 | IU79: -41114.077 | IV79: -52827.314 | IW79: -18730.512 | IX79: -46212.236 | IY79: -53831.898 | IZ79: -23040.59 | JA79: -70076.944 | JB79: -33446.928 | JC79: -229.40466 | JD79: -45799.343 | JE79: -54443.871
A80: Obs.: Data subject to change.
A81: 1/ Municipality Participation Fund (FPM), State Participation Fund (FPE) and Export Industrialized Products Tax (IPI-EE)
A82: 2/ Fund for Basic Education Development and Maintenance and for the Valorization of Education Professionals

Sheet 1.1-A
A2: Table 1.1. Central Government Fiscal Balance 1/ - Brazil - Monthly
A3: R$ Million - At January/2019 Prices
B5: 35431 | C5: 35462 | D5: 35490 | E5: 35521 | F5: 35551 | G5: 35582 | H5: 35612 | I5: 35643 | J5: 35674 | K5: 35704 | L5: 35735 | M5: 35765 | N5: 35796 | O5: 35827 | P5: 35855 | Q5: 35886 | R5: 35916 | S5: 35947 | T5: 35977 | U5: 36008 | V5: 36039 | W5: 36069 | X5: 36100 | Y5: 36130 | Z5: 36161 | AA5: 36192 | AB5: 36220 | AC5: 36251 | AD5: 36281 | AE5: 36312 | AF5: 36342 | AG5: 36373 | AH5: 36404 | AI5: 36434 | AJ5: 36465 | AK5: 36495 | AL5: 36526 | AM5: 36557 | AN5: 36586 | AO5: 36617 | AP5: 36647 | AQ5: 36678 | AR5: 36708 | AS5: 36739 | AT5: 36770 | AU5: 36800 | AV5: 36831 | AW5: 36861 | AX5: 36892 | AY5: 36923 | AZ5: 36951 | BA5: 36982 | BB5: 37012 | BC5: 37043 | BD5: 37073 | BE5: 37104 | BF5: 37135 | BG5: 37165 | BH5: 37196 | BI5: 37226 | BJ5: 37257 | BK5: 37288 | BL5: 37316 | BM5: 37347 | BN5: 37377 | BO5: 37408 | BP5: 37438 | BQ5: 37469 | BR5: 37500 | BS5: 37530 | BT5: 37561 | BU5: 37591 | BV5: 37622 | BW5: 37653 | BX5: 37681 | BY5: 37712 | BZ5: 37742 | CA5: 37773 | CB5: 37803 | CC5: 37834 | CD5: 37865 | CE5: 37895 | CF5: 37926 | CG5: 37956 | CH5: 37987 | CI5: 38018 | CJ5: 38047 | CK5: 38078 | CL5: 38108 | CM5: 38139 | CN5: 38169 | CO5: 38200 | CP5: 38231 | CQ5: 38261 | CR5: 38292 | CS5: 38322 | CT5: 38353 | CU5: 38384 | CV5: 38412 | CW5: 38443 | CX5: 38473 | CY5: 38504 | CZ5: 38534 | DA5: 38565 | DB5: 38596 | DC5: 38626 | DD5: 38657 | DE5: 38687 | DF5: 38718 | DG5: 38749 | DH5: 38777 | DI5: 38808 | DJ5: 38838 | DK5: 38869 | DL5: 38899 | DM5: 38930 | DN5: 38961 | DO5: 38991 | DP5: 39022 | DQ5: 39052 | DR5: 39083 | DS5: 39114 | DT5: 39142 | DU5: 39173 | DV5: 39203 | DW5: 39234 | DX5: 39264 | DY5: 39295 | DZ5: 39326 | EA5: 39356 | EB5: 39387 | EC5: 39417 | ED5: 39448 | EE5: 39479 | EF5: 39508 | EG5: 39539 | EH5: 39569 | EI5: 39600 | EJ5: 39630 | EK5: 39661 | EL5: 39692 | EM5: 39722 | EN5: 39753 | EO5: 39783 | EP5: 39814 | EQ5: 39845 | ER5: 39873 | ES5: 39904 | ET5: 39934 | EU5: 39965 | EV5: 39995 | EW5: 40026 | EX5: 40057 | EY5: 40087 | EZ5: 40118 | FA5: 40148 | FB5: 40179 | FC5: 40210 | FD5: 40238 | FE5: 40269 | FF5: 40299 | FG5: 40330 | FH5: 40360 | FI5: 40391 | FJ5: 40422 | FK5: 40452 | FL5: 40483 | FM5: 40513 | FN5: 40544 | FO5: 40575 | FP5: 40603 | FQ5: 40634 | FR5: 40664 | FS5: 40695 | FT5: 40725 | FU5: 40756 | FV5: 40787 | FW5: 40817 | FX5: 40848 | FY5: 40878 | FZ5: 40909 | GA5: 40940 | GB5: 40969 | GC5: 41000 | GD5: 41030 | GE5: 41061 | GF5: 41091 | GG5: 41122 | GH5: 41153 | GI5: 41183 | GJ5: 41214 | GK5: 41244 | GL5: 41275 | GM5: 41306 | GN5: 41334 | GO5: 41365 | GP5: 41395 | GQ5: 41426 | GR5: 41456 | GS5: 41487 | GT5: 41518 | GU5: 41548 | GV5: 41579 | GW5: 41609 | GX5: 41640 | GY5: 41671 | GZ5: 41699 | HA5: 41730 | HB5: 41760 | HC5: 41791 | HD5: 41821 | HE5: 41852 | HF5: 41883 | HG5: 41913 | HH5: 41944 | HI5: 41974 | HJ5: 42005 | HK5: 42036 | HL5: 42064 | HM5: 42095 | HN5: 42125 | HO5: 42156 | HP5: 42186 | HQ5: 42217 | HR5: 42248 | HS5: 42278 | HT5: 42309 | HU5: 42339 | HV5: 42370 | HW5: 42401 | HX5: 42430 | HY5: 42461 | HZ5: 42491 | IA5: 42522 | IB5: 42552 | IC5: 42583 | ID5: 42614 | IE5: 42644 | IF5: 42675 | IG5: 42705 | IH5: 42736 | II5: 42767 | IJ5: 42795 | IK5: 42826 | IL5: 42856 | IM5: 42887 | IN5: 42917 | IO5: 42948 | IP5: 42979 | IQ5: 43009 | IR5: 43040 | IS5: 43070 | IT5: 43101 | IU5: 43132 | IV5: 43160 | IW5: 43191 | IX5: 43221 | IY5: 43252 | IZ5: 43282 | JA5: 43313 | JB5: 43344 | JC5: 43374 | JD5: 43405 | JE5: 43435 | JF5: 43466
A6: I. TOTAL REVENUE | B6: 45594.271 | C6: 42804.742 | D6: 47996.448 | E6: 48739.533 | F6: 45350.205 | G6: 42639.485 | H6: 47669.643 | I6: 48202.153 | J6: 45938.122 | K6: 48435.122 | L6: 46542.477 | M6: 65757.168 | N6: 54513.105 | O6: 46537.452 | P6: 62597.109 | Q6: 54929.238 | R6: 47150.608 | S6: 43503.474 | T6: 47988.381 | U6: 71464.81 | V6: 47255.94 | W6: 46108.012 | X6: 51213.041 | Y6: 71047.846 | Z6: 52252.348 | AA6: 55466.876 | AB6: 67359.066 | AC6: 55032.66 | AD6: 49080.705 | AE6: 59619.089 | AF6: 59856.124 | AG6: 58599.984 | AH6: 59900.895 | AI6: 53891.763 | AJ6: 55548.182 | AK6: 73660.587 | AL6: 58598.584 | AM6: 54408.546 | AN6: 64034.259 | AO6: 60343.011 | AP6: 60940.057 | AQ6: 57675.005 | AR6: 57883.818 | AS6: 63692.389 | AT6: 57583.562 | AU6: 60994.698 | AV6: 61238.791 | AW6: 77099.415 | AX6: 68142.535 | AY6: 55149.655 | AZ6: 64485.815 | BA6: 72873.422 | BB6: 69156.267 | BC6: 61398.29 | BD6: 63711.375 | BE6: 64984.836 | BF6: 60834.625 | BG6: 66881.143 | BH6: 62691.107 | BI6: 80842.513 | BJ6: 81661.895 | BK6: 66718.777 | BL6: 64755.101 | BM6: 73604.091 | BN6: 68260.806 | BO6: 60827.553 | BP6: 73177.427 | BQ6: 64570.542 | BR6: 77269.161 | BS6: 78689.501 | BT6: 68635.09 | BU6: 84532.674 | BV6: 79141.854 | BW6: 66599.846 | BX6: 62326.782 | BY6: 75607.69 | BZ6: 69161.29 | CA6: 58781.621 | CB6: 69163.821 | CC6: 65798.154 | CD6: 65121.246 | CE6: 73207.92 | CF6: 68437.947 | CG6: 84527.169 | CH6: 78886.089 | CI6: 71089.083 | CJ6: 74139.222 | CK6: 78238.253 | CL6: 73402.853 | CM6: 73786.922 | CN6: 76442.549 | CO6: 73064.329 | CP6: 74702.29 | CQ6: 77382.083 | CR6: 71786.988 | CS6: 101121.77 | CT6: 87823.363 | CU6: 74127.227 | CV6: 80104.992 | CW6: 88806.058 | CX6: 76247.731 | CY6: 83517.653 | CZ6: 82798.96 | DA6: 80767.949 | DB6: 75239.815 | DC6: 84281.889 | DD6: 80602.292 | DE6: 112581.87 | DF6: 91460.624 | DG6: 77030.281 | DH6: 82434.722 | DI6: 97036.607 | DJ6: 83566.532 | DK6: 88158.247 | DL6: 88869.572 | DM6: 89974.84 | DN6: 88472.471 | DO6: 92255.622 | DP6: 83917.199 | DQ6: 112585.21 | DR6: 101486.37 | DS6: 83651.125 | DT6: 92078.502 | DU6: 105940.03 | DV6: 92629.927 | DW6: 94736.928 | DX6: 97265.957 | DY6: 92569.553 | DZ6: 93636.027 | EA6: 103527.49 | EB6: 99048.525 | EC6: 125489.66 | ED6: 120258.8 | EE6: 92792.423 | EF6: 102593.43 | EG6: 116470.38 | EH6: 99715.987 | EI6: 101456.59 | EJ6: 112866.56 | EK6: 104669.99 | EL6: 107170.51 | EM6: 116779.69 | EN6: 97859.563 | EO6: 122378.72 | EP6: 110535.85 | EQ6: 84453.964 | ER6: 97526.482 | ES6: 109178.59 | ET6: 97351.635 | EU6: 94753.059 | EV6: 103628.68 | EW6: 104302.65 | EX6: 91515.928 | EY6: 118440.45 | EZ6: 126177.4 | FA6: 134817.44 | FB6: 124249.55 | FC6: 95191.718 | FD6: 103765.59 | FE6: 129636.83 | FF6: 107586.4 | FG6: 100949.38 | FH6: 112606.36 | FI6: 114616.71 | FJ6: 227658.78 | FK6: 120167.79 | FL6: 114370.86 | FM6: 156555.14 | FN6: 144159.19 | FO6: 105206.18 | FP6: 114627.01 | FQ6: 138303.22 | FR6: 116395.68 | FS6: 128711.51 | FT6: 138438.41 | FU6: 114658.74 | FV6: 119417.94 | FW6: 131412.78 | FX6: 120189.37 | FY6: 150613.82 | FZ6: 152912.51 | GA6: 115446.96 | GB6: 123133.07 | GC6: 142595.68 | GD6: 119713.45 | GE6: 117328.06 | GF6: 128905.2 | GG6: 118851.19 | GH6: 117701.5 | GI6: 130879.87 | GJ6: 118666.75 | GK6: 162667.75 | GL6: 165095.22 | GM6: 106360.55 | GN6: 111235.51 | GO6: 144437.4 | GP6: 127465.62 | GQ6: 124332.44 | GR6: 133913.23 | GS6: 122243.33 | GT6: 118746.55 | GU6: 136298.37 | GV6: 170894.81 | GW6: 160407.08 | GX6: 166429.66 | GY6: 115070.84 | GZ6: 122967.52 | HA6: 146019.69 | HB6: 116949.69 | HC6: 120095.86 | HD6: 130558.82 | HE6: 128614.71 | HF6: 117329.08 | HG6: 135152.72 | HH6: 129995.57 | HI6: 152073.4 | HJ6: 156105.52 | HK6: 112681.92 | HL6: 118103.23 | HM6: 141459.79 | HN6: 116127.92 | HO6: 116257.28 | HP6: 124233.95 | HQ6: 112356.08 | HR6: 111847.58 | HS6: 119605.69 | HT6: 105803.49 | HU6: 147890.76 | HV6: 158784.21 | HW6: 99867.007 | HX6: 108965.04 | HY6: 131726.43 | HZ6: 105615.83 | IA6: 109424.21 | IB6: 117057.39 | IC6: 98643.818 | ID6: 101090.84 | IE6: 159207.96 | IF6: 107807 | IG6: 137847.85 | IH6: 146633.08 | II6: 99963.413 | IJ6: 109136.36 | IK6: 133554.35 | IL6: 104935 | IM6: 110930.48 | IN6: 114625.22 | IO6: 115630.52 | IP6: 109410.29 | IQ6: 126069.48 | IR6: 130457.37 | IS6: 157808.91 | IT6: 162053.13 | IU6: 109718.19 | IV6: 110952.14 | IW6: 143588.39 | IX6: 115824.32 | IY6: 110456.81 | IZ6: 127768.73 | JA6: 116326.91 | JB6: 112410.12 | JC6: 132360.69 | JD6: 124827.54 | JE6: 145028.32 | JF6: 160970.33
A7: I.1 - Revenues Collected by the Federal Revenue Office | B7: 28830.791 | C7: 27362.425 | D7: 32215.728 | E7: 33137.166 | F7: 29032.038 | G7: 27788.668 | H7: 30537.571 | I7: 27700.928 | J7: 29393.556 | K7: 32112.908 | L7: 30604.797 | M7: 39564.407 | N7: 38631.745 | O7: 31817.396 | P7: 36920.593 | Q7: 33993.098 | R7: 28908.093 | S7: 27137.645 | T7: 32523.244 | U7: 33310.272 | V7: 31807.277 | W7: 30261.235 | X7: 29121.049 | Y7: 37967.915 | Z7: 33753.369 | AA7: 39939.94 | AB7: 39805.959 | AC7: 36779.599 | AD7: 31324.926 | AE7: 33310.453 | AF7: 40900.171 | AG7: 31575.139 | AH7: 41578.579 | AI7: 37342.103 | AJ7: 38766.497 | AK7: 44142.469 | AL7: 41275.695 | AM7: 37954.713 | AN7: 45659.314 | AO7: 40336.759 | AP7: 38863.901 | AQ7: 37961.099 | AR7: 37858.168 | AS7: 36535.675 | AT7: 39212.43 | AU7: 41885.381 | AV7: 43158.074 | AW7: 47582.196 | AX7: 48970.809 | AY7: 36953.7 | AZ7: 42199.59 | BA7: 46487.548 | BB7: 44856.479 | BC7: 41325.456 | BD7: 43363.165 | BE7: 42271.522 | BF7: 41695.844 | BG7: 46694.698 | BH7: 42145.847 | BI7: 47535.145 | BJ7: 59677.314 | BK7: 45760.155 | BL7: 45311.198 | BM7: 50033.095 | BN7: 46804.314 | BO7: 41879.98 | BP7: 49969.183 | BQ7: 43818.89 | BR7: 56024.875 | BS7: 54755.859 | BT7: 48563.737 | BU7: 50724.169 | BV7: 56201.581 | BW7: 46014.009 | BX7: 44436.076 | BY7: 51823.415 | BZ7: 48945.192 | CA7: 40050.038 | CB7: 47241.391 | CC7: 42428.457 | CD7: 44482.067 | CE7: 49874.141 | CF7: 48506.2 | CG7: 51658.738 | CH7: 57760.414 | CI7: 48368.925 | CJ7: 51016.094 | CK7: 54686.348 | CL7: 50449.152 | CM7: 50667.059 | CN7: 51884.746 | CO7: 50192.682 | CP7: 53315.265 | CQ7: 52016.626 | CR7: 48365.133 | CS7: 64120.325 | CT7: 61540.115 | CU7: 50384.402 | CV7: 55302.834 | CW7: 60261.833 | CX7: 52530.798 | CY7: 60161.971 | CZ7: 55216.665 | DA7: 55788.17 | DB7: 51680.98 | DC7: 56726.532 | DD7: 56535.089 | DE7: 71502.53 | DF7: 61868.736 | DG7: 52435.568 | DH7: 55595.861 | DI7: 62631.599 | DJ7: 53733.57 | DK7: 62576.645 | DL7: 57679.589 | DM7: 57042.274 | DN7: 60064.102 | DO7: 61104.734 | DP7: 56325.869 | DQ7: 70872.273 | DR7: 68768.076 | DS7: 57599.738 | DT7: 62735.299 | DU7: 69741.099 | DV7: 62138.427 | DW7: 67046.024 | DX7: 65278.521 | DY7: 62422.832 | DZ7: 63869.716 | EA7: 70532.293 | EB7: 68857.241 | EC7: 79229.708 | ED7: 84538.03 | EE7: 62550.271 | EF7: 67007.939 | EG7: 76921.003 | EH7: 63809.407 | EI7: 69166.826 | EJ7: 73989.756 | EK7: 64827.153 | EL7: 68027.381 | EM7: 77951.629 | EN7: 64425.076 | EO7: 71130.194 | EP7: 76941.093 | EQ7: 51728.944 | ER7: 63677.751 | ES7: 69034.571 | ET7: 56448.096 | EU7: 60929.123 | EV7: 64548.725 | EW7: 58876.659 | EX7: 57487.761 | EY7: 80698.263 | EZ7: 77758.094 | FA7: 68759.977 | FB7: 85902.946 | FC7: 58276.891 | FD7: 66780.911 | FE7: 79932.159 | FF7: 67136.869 | FG7: 65464.928 | FH7: 70941.829 | FI7: 66232.196 | FJ7: 68903.641 | FK7: 79561.944 | FL7: 71552.535 | FM7: 91549.717 | FN7: 102053.14 | FO7: 65346.949 | FP7: 74922.312 | FQ7: 88471.201 | FR7: 72533.108 | FS7: 85358.707 | FT7: 90620.282 | FU7: 72603.166 | FV7: 72694.325 | FW7: 86282.355 | FX7: 75124.767 | FY7: 83249.116 | FZ7: 105777.38 | GA7: 70298.384 | GB7: 79861.42 | GC7: 89450.333 | GD7: 72441.535 | GE7: 74608.792 | GF7: 76768.265 | GG7: 67247.074 | GH7: 69954.255 | GI7: 81796.479 | GJ7: 74723.702 | GK7: 84087.272 | GL7: 115523.33 | GM7: 65624.829 | GN7: 68255.299 | GO7: 89415.108 | GP7: 78601.083 | GQ7: 72321.671 | GR7: 80171.663 | GS7: 70132.183 | GT7: 70798.716 | GU7: 85846.746 | GV7: 103151.94 | GW7: 91169.767 | GX7: 114400.01 | GY7: 67336.262 | GZ7: 72482.672 | HA7: 90097.342 | HB7: 71363.153 | HC7: 73013.683 | HD7: 77946.089 | HE7: 75267.315 | HF7: 69677.782 | HG7: 83959.414 | HH7: 82653.555 | HI7: 79304.881 | HJ7: 107231.22 | HK7: 70152.481 | HL7: 73711.014 | HM7: 88037.876 | HN7: 67816.333 | HO7: 72045.857 | HP7: 76256.945 | HQ7: 67784.259 | HR7: 69640.126 | HS7: 76862.398 | HT7: 65970.332 | HU7: 74686.983 | HV7: 102125.85 | HW7: 59925.506 | HX7: 68109.505 | HY7: 83725.598 | HZ7: 64376.371 | IA7: 63667.453 | IB7: 72866.075 | IC7: 58259.005 | ID7: 62103.46 | IE7: 118694.95 | IF7: 65841.817 | IG7: 75595.111 | IH7: 103255.13 | II7: 60627.126 | IJ7: 66273.077 | IK7: 82031.185 | IL7: 63933.365 | IM7: 67719.895 | IN7: 69762.771 | IO7: 66167.375 | IP7: 68453.489 | IQ7: 79155.233 | IR7: 74372.091 | IS7: 80181.155 | IT7: 113997.49 | IU7: 69587.541 | IV7: 70143.053 | IW7: 87924.069 | IX7: 68885.807 | IY7: 68022.246 | IZ7: 77183.999 | JA7: 66570.734 | JB7: 67890.408 | JC7: 79382.645 | JD7: 74491.431 | JE7: 78073.019 | JF7: 109200.74
A8: I.1.1 Import Tax | B8: 1143.8299 | C8: 1379.4854 | D8: 1440.401 | E8: 1548.3821 | F8: 1387.4516 | G8: 1526.3393 | H8: 1623.3024 | I8: 1603.5542 | J8: 1641.2271 | K8: 1753.3072 | L8: 1759.4735 | M8: 1772.9611 | N8: 1809.0607 | O8: 1452.9625 | P8: 1956.6449 | Q8: 1904.0716 | R8: 1838.7383 | S8: 1909.1018 | T8: 2101.8858 | U8: 1868.5569 | V8: 2181.483 | W8: 2043.2071 | X8: 1943.6837 | Y8: 1914.8178 | Z8: 1601.8926 | AA8: 1810.3561 | AB8: 2333.7767 | AC8: 2022.2458 | AD8: 1989.5266 | AE8: 2321.5023 | AF8: 2166.4568 | AG8: 2473.8679 | AH8: 2282.8816 | AI8: 2454.9121 | AJ8: 2546.7764 | AK8: 2254.6867 | AL8: 1805.5749 | AM8: 1829.959 | AN8: 1981.2653 | AO8: 1815.4679 | AP8: 2238.2369 | AQ8: 2201.6468 | AR8: 2158.0233 | AS8: 2504.89 | AT8: 2387.105 | AU8: 2547.3736 | AV8: 2662.9438 | AW8: 2387.3196 | AX8: 2176.9053 | AY8: 1785.4616 | AZ8: 2547.8013 | BA8: 2257.3784 | BB8: 2578.3971 | BC8: 2348.9455 | BD8: 2435.1514 | BE8: 2563.4315 | BF8: 2070.2987 | BG8: 2355.7372 | BH8: 1963.1275 | BI8: 1522.9822 | BJ8: 1582.6904 | BK8: 1409.6183 | BL8: 1516.5368 | BM8: 1573.3697 | BN8: 1590.1463 | BO8: 1571.7804 | BP8: 2107.3696 | BQ8: 2031.4876 | BR8: 1959.969 | BS8: 2333.4137 | BT8: 1954.6337 | BU8: 1781.8719 | BV8: 1794.6559 | BW8: 1774.8998 | BX8: 1673.2368 | BY8: 1594.9647 | BZ8: 1458.4761 | CA8: 1385.9656 | CB8: 1577.822 | CC8: 1482.1623 | CD8: 1721.3888 | CE8: 1623.0313 | CF8: 1550.941 | CG8: 1518.7117 | CH8: 1414.0338 | CI8: 1193.5894 | CJ8: 1723.6428 | CK8: 1679.5542 | CL8: 1538.2029 | CM8: 1836.6185 | CN8: 1838.6549 | CO8: 1870.156 | CP8: 1849.7046 | CQ8: 1732.7744 | CR8: 1913.1127 | CS8: 1674.3428 | CT8: 1587.2317 | CU8: 1363.6162 | CV8: 1668.3735 | CW8: 1488.2029 | CX8: 1524.1836 | CY8: 1525.5871 | CZ8: 1524.1475 | DA8: 1716.2319 | DB8: 1552.125 | DC8: 1509.0042 | DD8: 1587.334 | DE8: 1581.3136 | DF8: 1640.2969 | DG8: 1323.619 | DH8: 1507.9251 | DI8: 1362.3857 | DJ8: 1656.5315 | DK8: 1554.0369 | DL8: 1570.6058 | DM8: 2249.3792 | DN8: 1640.1218 | DO8: 1682.4343 | DP8: 1896.7906 | DQ8: 1691.4541 | DR8: 1798.4425 | DS8: 1556.9295 | DT8: 1941.4711 | DU8: 1728.0787 | DV8: 1931.7398 | DW8: 1734.6895 | DX8: 1893.9133 | DY8: 2236.2748 | DZ8: 1966.1522 | EA8: 2343.177 | EB8: 2259.6305 | EC8: 1957.3421 | ED8: 2316.0583 | EE8: 2178.7073 | EF8: 2148.9697 | EG8: 2261.7617 | EH8: 2369.2939 | EI8: 2375.7561 | EJ8: 2453.544 | EK8: 2590.2717 | EL8: 2960.7611 | EM8: 3367.4385 | EN8: 3101.9101 | EO8: 2891.1751 | EP8: 2547.6703 | EQ8: 2144.6694 | ER8: 2810.0878 | ES8: 2057.3257 | ET8: 1988.8841 | EU8: 1836.5239 | EV8: 2133.6139 | EW8: 2207.9236 | EX8: 2353.5846 | EY8: 2454.3387 | EZ8: 2608.5756 | FA8: 2412.1744 | FB8: 2421.7669 | FC8: 2296.4917 | FD8: 2892.3193 | FE8: 2466.9629 | FF8: 2742.033 | FG8: 2852.1643 | FH8: 2964.3424 | FI8: 3254.957 | FJ8: 3201.1005 | FK8: 3107.7811 | FL8: 3347.3145 | FM8: 3067.5036 | FN8: 2971.5354 | FO8: 2973.9198 | FP8: 3312.6829 | FQ8: 2937.6646 | FR8: 3336.2333 | FS8: 3175.4634 | FT8: 3357.0072 | FU8: 3770.4306 | FV8: 3633.2179 | FW8: 3683.3873 | FX8: 4133.4406 | FY8: 3763.219 | FZ8: 3490.1612 | GA8: 3226.1636 | GB8: 3587.148 | GC8: 3306.5552 | GD8: 4019.1343 | GE8: 3723.6455 | GF8: 3976.2206 | GG8: 4314.1308 | GH8: 3629.5628 | GI8: 4417.2136 | GJ8: 3933.8311 | GK8: 3752.931 | GL8: 4185.4485 | GM8: 3349.2337 | GN8: 3925.4286 | GO8: 4153.7951 | GP8: 3874.9183 | GQ8: 4005.5737 | GR8: 4688.2424 | GS8: 4755.576 | GT8: 4377.0212 | GU8: 4929.7724 | GV8: 4148.542 | GW8: 4679.4127 | GX8: 4566.0497 | GY8: 4078.51 | GZ8: 4012.2976 | HA8: 3844.0539 | HB8: 3830.7907 | HC8: 3448.237 | HD8: 3862.0423 | HE8: 3753.0271 | HF8: 4004.215 | HG8: 4304.0094 | HH8: 3917.035 | HI8: 3730.5241 | HJ8: 4145.3432 | HK8: 3631.1065 | HL8: 4718.8031 | HM8: 3947.4165 | HN8: 3476.2729 | HO8: 3756.5405 | HP8: 4088.5266 | HQ8: 3912.5087 | HR8: 4203.2867 | HS8: 4053.1161 | HT8: 3321.196 | HU8: 3041.6364 | HV8: 3342.7113 | HW8: 3005.0036 | HX8: 3130.4495 | HY8: 2553.6779 | HZ8: 2810.3509 | IA8: 2721.5582 | IB8: 2573.982 | IC8: 3016.9774 | ID8: 2791.4924 | IE8: 2766.4852 | IF8: 2844.2377 | IG8: 2737.5891 | IH8: 2770.0669 | II8: 2188.725 | IJ8: 2858.0887 | IK8: 2387.9296 | IL8: 2794.7788 | IM8: 2856.5242 | IN8: 2873.5814 | IO8: 3158.6723 | IP8: 3072.5995 | IQ8: 3222.7341 | IR8: 3295.5832 | IS8: 2729.7517 | IT8: 3365.0702 | IU8: 2931.2387 | IV8: 3281.4412 | IW8: 3254.4697 | IX8: 3307.8446 | IY8: 3636.3949 | IZ8: 3884.8195 | JA8: 3980.1697 | JB8: 3554.9436 | JC8: 3954.4283 | JD8: 3459.1659 | JE8: 2782.1856 | JF8: 3842.0702
A9: I.1.2 Industrialized Products Tax (IPI) | B9: 4282.0195 | C9: 5058.3127 | D9: 4897.6442 | E9: 4948.4633 | F9: 4936.2963 | G9: 5066.6003 | H9: 4703.2541 | I9: 5089.9478 | J9: 5383.6938 | K9: 5017.4486 | L9: 5397.093 | M9: 5157.6923 | N9: 4232.5794 | O9: 5040.4395 | P9: 4529.4712 | Q9: 4853.5725 | R9: 4821.8791 | S9: 4902.4837 | T9: 4542.6133 | U9: 4406.9397 | V9: 4506.7674 | W9: 4440.2375 | X9: 4679.7395 | Y9: 4588.137 | Z9: 4241.8735 | AA9: 4446.0668 | AB9: 4349.5836 | AC9: 4233.7858 | AD9: 4136.6018 | AE9: 4194.1091 | AF9: 4163.1613 | AG9: 4347.3188 | AH9: 4337.0016 | AI9: 4998.2961 | AJ9: 5027.4224 | AK9: 5293.0779 | AL9: 3528.182 | AM9: 4415.6196 | AN9: 3834.5573 | AO9: 4864.0519 | AP9: 4337.3287 | AQ9: 4647.9031 | AR9: 4459.0077 | AS9: 4590.9183 | AT9: 4925.3634 | AU9: 5093.4273 | AV9: 4994.4536 | AW9: 5572.4896 | AX9: 4372.811 | AY9: 4425.1086 | AZ9: 4216.8991 | BA9: 4997.174 | BB9: 4881.9441 | BC9: 5669.0656 | BD9: 4559.679 | BE9: 4412.0136 | BF9: 4349.2854 | BG9: 4490.0992 | BH9: 4393.6809 | BI9: 4684.1901 | BJ9: 3797.014 | BK9: 4071.1526 | BL9: 4037.0694 | BM9: 4445.8601 | BN9: 4153.6818 | BO9: 4125.9635 | BP9: 4198.6029 | BQ9: 4047.3009 | BR9: 4254.3407 | BS9: 4253.2336 | BT9: 4024.3353 | BU9: 4799.0431 | BV9: 3295.8681 | BW9: 4012.1802 | BX9: 3524.4869 | BY9: 3498.3646 | BZ9: 3274.3006 | CA9: 3171.219 | CB9: 3104.6018 | CC9: 3327.2847 | CD9: 3211.7876 | CE9: 3443.9317 | CF9: 3841.6429 | CG9: 4337.4816 | CH9: 2992.4332 | CI9: 3720.2268 | CJ9: 3636.351 | CK9: 4010.4 | CL9: 3878.5205 | CM9: 3897.0034 | CN9: 4099.0419 | CO9: 4336.5174 | CP9: 4198.1425 | CQ9: 3554.6611 | CR9: 4249.8711 | CS9: 4365.4267 | CT9: 4309.3446 | CU9: 3318.9794 | CV9: 4200.6448 | CW9: 4366.1762 | CX9: 3816.8377 | CY9: 3591.3095 | CZ9: 3789.4006 | DA9: 4268.1037 | DB9: 4359.21 | DC9: 4495.9173 | DD9: 4755.6379 | DE9: 5178.1262 | DF9: 4292.3647 | DG9: 3969.391 | DH9: 3732.9835 | DI9: 4199.3279 | DJ9: 3969.6318 | DK9: 4201.0799 | DL9: 4208.3202 | DM9: 4589.0717 | DN9: 5299.3366 | DO9: 4643.7424 | DP9: 4849.6773 | DQ9: 6296.4987 | DR9: 4469.5532 | DS9: 4268.1512 | DT9: 4046.3861 | DU9: 4790.4888 | DV9: 4644.3663 | DW9: 5101.2067 | DX9: 4843.8426 | DY9: 5271.9275 | DZ9: 5703.2909 | EA9: 5858.7369 | EB9: 5762.6722 | EC9: 6131.6485 | ED9: 5222.3841 | EE9: 5153.1162 | EF9: 5391.5826 | EG9: 5688.9977 | EH9: 5708.1954 | EI9: 5174.7448 | EJ9: 6008.0259 | EK9: 5808.4385 | EL9: 6111.4954 | EM9: 6332.7403 | EN9: 5630.7139 | EO9: 5354.7855 | EP9: 4174.2117 | EQ9: 3336.4691 | ER9: 3720.8825 | ES9: 3657.41 | ET9: 3235.5396 | EU9: 3867.0156 | EV9: 3706.6399 | EW9: 3693.1531 | EX9: 4211.0545 | EY9: 4293.8581 | EZ9: 5319.4845 | FA9: 5197.5673 | FB9: 4521.8194 | FC9: 4191.1874 | FD9: 4405.7511 | FE9: 4807.0313 | FF9: 4461.743 | FG9: 5324.7289 | FH9: 4963.6611 | FI9: 5484.8888 | FJ9: 5142.5602 | FK9: 5675.1226 | FL9: 6037.2766 | FM9: 6580.6486 | FN9: 6298.3652 | FO9: 4436.5386 | FP9: 5379.6923 | FQ9: 5038.2213 | FR9: 5477.0253 | FS9: 4343.9688 | FT9: 6022.9716 | FU9: 4663.0847 | FV9: 6108.6309 | FW9: 6981.8842 | FX9: 6791.3931 | FY9: 2375.6659 | FZ9: 6238.282 | GA9: 4904.4534 | GB9: 4839.6545 | GC9: 6134.058 | GD9: 5912.9609 | GE9: 4615.7987 | GF9: 4991.9842 | GG9: 5299.2591 | GH9: 5424.4841 | GI9: 5310.413 | GJ9: 5573.7839 | GK9: 5765.5817 | GL9: 6106.6642 | GM9: 3733.8687 | GN9: 3307.7532 | GO9: 5290.8762 | GP9: 4922.7307 | GQ9: 5237.1021 | GR9: 5347.331 | GS9: 4911.5204 | GT9: 5324.4033 | GU9: 5738.96 | GV9: 5485.8071 | GW9: 5218.3555 | GX9: 6312.4398 | GY9: 4535.1805 | GZ9: 4854.7441 | HA9: 4982.8857 | HB9: 5271.6973 | HC9: 5228.5093 | HD9: 5122.8853 | HE9: 4931.1567 | HF9: 5384.3729 | HG9: 5989.6134 | HH9: 5725.2815 | HI9: 6524.2354 | HJ9: 6369.5735 | HK9: 4084.4253 | HL9: 4510.8947 | HM9: 4804.3751 | HN9: 4781.5876 | HO9: 4337.9331 | HP9: 4602.7684 | HQ9: 4608.2922 | HR9: 5172.1307 | HS9: 4936.5439 | HT9: 4575.6223 | HU9: 4934.7944 | HV9: 4485.645 | HW9: 3539.8553 | HX9: 3868.5607 | HY9: 3856.8931 | HZ9: 3458.3815 | IA9: 3387.9978 | IB9: 3386.063 | IC9: 3660.9368 | ID9: 3834.3594 | IE9: 4326.6235 | IF9: 3996.0935 | IG9: 4372.4321 | IH9: 3990.2779 | II9: 3426.5429 | IJ9: 3532.3244 | IK9: 3901.7313 | IL9: 3749.3461 | IM9: 3691.4098 | IN9: 4254.5286 | IO9: 3958.7019 | IP9: 4562.5826 | IQ9: 5134.8991 | IR9: 5309.8487 | IS9: 5135.1733 | IT9: 5468.366 | IU9: 4230.0738 | IV9: 4461.0333 | IW9: 4800.2664 | IX9: 4965.6857 | IY9: 4169.6206 | IZ9: 4581.1221 | JA9: 4526.7257 | JB9: 4679.8218 | JC9: 4834.3507 | JD9: 4868.9842 | JE9: 4848.8264 | JF9: 4189.4951
A10: I.1.3 Income tax (IR) | B10: 11420.92 | C10: 8451.0639 | D10: 11420.504 | E10: 12241.821 | F10: 9534.3508 | G10: 7834.4894 | H10: 9987.0176 | I10: 7771.2919 | J10: 8611.9282 | K10: 10614.765 | L10: 9216.5297 | M10: 16114.502 | N10: 17754.807 | O10: 12198.48 | P10: 16448.161 | Q10: 13315.968 | R10: 9689.6522 | S10: 7773.108 | T10: 12470.35 | U10: 11732.149 | V10: 11984.028 | W10: 10675.189 | X10: 10263.408 | Y10: 16420.371 | Z10: 14473.765 | AA10: 16393.143 | AB10: 17991.368 | AC10: 15191.758 | AD10: 11682.344 | AE10: 10305.156 | AF10: 11066.967 | AG10: 8670.1498 | AH10: 14937.945 | AI10: 11167.122 | AJ10: 10302.642 | AK10: 17042.397 | AL10: 15080.833 | AM10: 13023.506 | AN10: 17698.885 | AO10: 14601.279 | AP10: 12804.986 | AQ10: 10865.419 | AR10: 11830.445 | AS10: 9456.1618 | AT10: 12099.909 | AU10: 12547.575 | AV10: 12725.531 | AW10: 17619.586 | AX10: 18440.872 | AY10: 11588.807 | AZ10: 14325.48 | BA10: 16726.149 | BB10: 14812.814 | BC10: 12123.448 | BD10: 13592.648 | BE10: 12445.318 | BF10: 13418.652 | BG10: 16137.098 | BH10: 13228.658 | BI10: 18881.265 | BJ10: 27201.1 | BK10: 16843.258 | BL10: 17248.644 | BM10: 20601.517 | BN10: 17075.896 | BO10: 13026.837 | BP10: 16262.721 | BQ10: 11464.791 | BR10: 20775.399 | BS10: 19419.287 | BT10: 15366.019 | BU10: 18209.426 | BV10: 21329.48 | BW10: 16516.98 | BX10: 15299.607 | BY10: 21000.711 | BZ10: 19108.003 | CA10: 11394.084 | CB10: 16221.02 | CC10: 13276.301 | CD10: 14322.985 | CE10: 17020.612 | CF10: 15442.659 | CG10: 16101.114 | CH10: 22249.029 | CI10: 16718.049 | CJ10: 17572.814 | CK10: 20459.789 | CL10: 14710.605 | CM10: 13031.148 | CN10: 15489.045 | CO10: 13512.095 | CP10: 15795.277 | CQ10: 15762.794 | CR10: 12722.614 | CS10: 25385.29 | CT10: 21373.509 | CU10: 16721.336 | CV10: 19628.435 | CW10: 22698.911 | CX10: 17451.786 | CY10: 23470.885 | CZ10: 17125.309 | DA10: 17649.465 | DB10: 14065.332 | DC10: 18330.169 | DD10: 18104.326 | DE10: 31324.782 | DF10: 21319.108 | DG10: 18237.903 | DH10: 20405.284 | DI10: 25237.875 | DJ10: 17987.929 | DK10: 25450.415 | DL10: 19609.847 | DM10: 18013.835 | DN10: 18258.736 | DO10: 19676.737 | DP10: 16513.076 | DQ10: 28701.571 | DR10: 24643.866 | DS10: 20419.764 | DT10: 24085.219 | DU10: 27909.206 | DV10: 21265.452 | DW10: 25673.355 | DX10: 22300.209 | DY10: 19001.945 | DZ10: 18554.197 | EA10: 24007.321 | EB10: 22602.193 | EC10: 32550.566 | ED10: 36980.217 | EE10: 23166.557 | EF10: 27950.494 | EG10: 32644.416 | EH10: 23614.864 | EI10: 25201.792 | EJ10: 28992.45 | EK10: 21934.69 | EL10: 23230.214 | EM10: 28606.267 | EN10: 21708.422 | EO10: 30770.224 | EP10: 36681.484 | EQ10: 19995.859 | ER10: 27367.989 | ES10: 30557.494 | ET10: 20830.729 | EU10: 25422.391 | EV10: 24826.363 | EW10: 19287.319 | EX10: 20600.093 | EY10: 32315.151 | EZ10: 24941.749 | FA10: 25912.236 | FB10: 36525.394 | FC10: 19077.489 | FD10: 25028.295 | FE10: 34613.565 | FF10: 23613.085 | FG10: 21871.081 | FH10: 25028.722 | FI10: 22592.303 | FJ10: 22235.418 | FK10: 27534.307 | FL10: 24559.459 | FM10: 37055.206 | FN10: 46811.411 | FO10: 22144.953 | FP10: 28039.642 | FQ10: 39816.951 | FR10: 26587.755 | FS10: 29075.365 | FT10: 32143.417 | FU10: 21331.467 | FV10: 22467.948 | FW10: 34099.198 | FX10: 25270.263 | FY10: 35867.174 | FZ10: 48341.86 | GA10: 24614.31 | GB10: 31263.019 | GC10: 40520.369 | GD10: 25191.624 | GE10: 27988.669 | GF10: 27965.004 | GG10: 20283.609 | GH10: 22241.333 | GI10: 30395.359 | GJ10: 28021.472 | GK10: 34116.142 | GL10: 53154.353 | GM10: 24361.841 | GN10: 26487.113 | GO10: 39198.46 | GP10: 29085.678 | GQ10: 25941.336 | GR10: 29359.592 | GS10: 22533.594 | GT10: 23269.035 | GU10: 32749.615 | GV10: 27611.681 | GW10: 41624.103 | GX10: 52914.341 | GY10: 23933.47 | GZ10: 27770.988 | HA10: 40964.578 | HB10: 26704.318 | HC10: 27591.735 | HD10: 29278.441 | HE10: 25649.304 | HF10: 22047.967 | HG10: 30461.526 | HH10: 26890.717 | HI10: 36143.012 | HJ10: 48489.236 | HK10: 25333.67 | HL10: 29503.904 | HM10: 39380.142 | HN10: 28034.659 | HO10: 28563.276 | HP10: 27457.636 | HQ10: 21158.645 | HR10: 24071.395 | HS10: 29675.058 | HT10: 22384.009 | HU10: 33712.181 | HV10: 47977.441 | HW10: 22123.952 | HX10: 25781.58 | HY10: 39743.865 | HZ10: 24873.088 | IA10: 27146.91 | IB10: 28281.604 | IC10: 20455.092 | ID10: 22333.826 | IE10: 53136.466 | IF10: 25644.027 | IG10: 35154.364 | IH10: 49876.54 | II10: 25082.204 | IJ10: 27296.534 | IK10: 40272.047 | IL10: 25046.54 | IM10: 28891.546 | IN10: 28784.899 | IO10: 22910.183 | IP10: 21503.751 | IQ10: 31059.765 | IR10: 23458.868 | IS10: 34706.784 | IT10: 51907.268 | IU10: 26109.743 | IV10: 28138.916 | IW10: 40156.353 | IX10: 28940.647 | IY10: 25783.205 | IZ10: 29931.545 | JA10: 20319.078 | JB10: 23564.628 | JC10: 29707.828 | JD10: 28539.133 | JE10: 36737.608 | JF10: 55042.833
